Workbook

Sheet Proyección (2)
B3: =CosteoIndividual!B2 -> RESUMEN COTIZACIONES DE PRECIOS - Matriz de Calculo -FDLB-ES-C-076-2025
B5: ITEM | C5: PRODUCTO O SERVICIO | D5: ESPECIFICACION TECNICA | E5: DESCRIPCION TECNICA | F5: UNIDAD DE MEDIDA | G5: CANTIDAD | H5: VALOR UNITARIO PROMEDIO O MEDIANA (INCLUIDO IVA SI APLICA) | I5: VALOR PROMEDIO O MEDIANA TOTAL (INCLUIDO IVA SI APLICA) | J5: FUENTE DE CONSULTA | K5: DESVIACIÓN ESTÁNDAR | L5: SI DESVEST ES >15% SE PROMEDIA CON MEDIANA | M5: Tecnica Utilizada
B6: 1 | C6: Alquiler de mesón plástico tipo 1 | D6: Servicio de alquiler por un (1) día de mesón plegable plástico de alta resistencia con faldón y/o mantel de ochenta centímetros (0.80) x un metro con veinte centímetros (1.20) que incluya transporte y personal conforme a la programación establecida por la Alcaldía Local de Bosa. | E6: El servicio de Alquiler se debe disponer dos (2) horas antes del evento, incluye transporte y personal para la instalación y desmontaje en el lugar y horario establecido por la Alcaldía Local de Bosa. | F6: UN | G6: 1 | H6: =CosteoIndividual!P6 -> 17621 | I6: =IFERROR(H6*G6,"") -> 17621 | J6: =CosteoIndividual!R6 -> Proceso SECOP II FDLB-ES-C-076-2025 | K6: =CosteoIndividual!S6 -> 93.144464 | L6: =CosteoIndividual!T6 -> 0.0052860868 | M6: =IF(L6="","",IF(L6<0.15,"Promedio","Mediana")) -> Promedio
B7: 2 | C7: Alquiler de mesón plástico tipo 2 | D7: Servicio de alquiler por un (1) día de mesón plegable plástico de alta resistencia con faldón y/o mantel de ochenta centímetros (0.80) x un metro con ochenta centímetros (1.80) que incluya transporte y personal conforme a la programación establecida por la Alcaldía Local de Bosa. | E7: El servicio de Alquiler se debe disponer dos (2) horas antes del evento, incluye transporte y personal para la instalación y desmontaje en el lugar y horario establecido por la Alcaldía Local de Bosa. | F7: UN | G7: 1 | H7: =CosteoIndividual!P7 -> 24571 | I7: =IFERROR(H7*G7,"") -> 24571 | J7: =CosteoIndividual!R7 -> Proceso SECOP II FDLB-ES-C-076-2025 | K7: =CosteoIndividual!S7 -> 130.02628 | L7: =CosteoIndividual!T7 -> 0.0052919028 | M7: =IF(L7="","",IF(L7<0.15,"Promedio","Mediana")) -> Promedio
B8: 3 | C8: Alquiler de silla plástica sin brazos | D8: Alquiler de silla plástica sin brazos durante un (1) día que incluya instalación, transporte y desinstalación conforme a la programación establecida por la Alcaldía Local de Bosa. | E8: El servicio de Alquiler se debe disponer dos (2) horas antes del evento, incluye transporte y personal para la instalación y desmontaje en el lugar y horario establecido por la Alcaldía Local de Bosa. | F8: UN | G8: 1 | H8: =CosteoIndividual!P8 -> 3652 | I8: =IFERROR(H8*G8,"") -> 3652 | J8: =CosteoIndividual!R8 -> Proceso SECOP II FDLB-ES-C-076-2025 | K8: =CosteoIndividual!S8 -> 19.449 | L8: =CosteoIndividual!T8 -> 0.0053252086 | M8: =IF(L8="","",IF(L8<0.15,"Promedio","Mediana")) -> Promedio
B9: 4 | C9: Alquiler Vallas de separación con publicidad | D9: Alquiler de valla metálica de separación de mínimo dos (2) metros de ancho x un metro con veinte centímetros (1,20) de altura que incluya una (1) impresión a full color sobre banner de trece (13) onz instalado en la valla, debe incluir transporte de carga, personal para su instalación, desmontaje y el diseño según la programación establecida por la Alcaldía Local de Bosa.el servicio de alquiler por diez (10) horas | E9: El servicio de la Valla de Separación se debe disponer un (1) día antes del inicio del evento para realizar la ubicación y así garantizar el correcto desarrollo del evento, incluye transporte y personal para la instalación y desmontaje en el lugar y horario establecido por la Alcaldía Local de Bosa. | F9: UN | G9: 1 | H9: =CosteoIndividual!P9 -> 59005 | I9: =IFERROR(H9*G9,"") -> 59005 | J9: =CosteoIndividual!R9 -> Proceso SECOP II FDLB-ES-C-076-2025 | K9: =CosteoIndividual!S9 -> 311.85575 | L9: =CosteoIndividual!T9 -> 0.0052852161 | M9: =IF(L9="","",IF(L9<0.15,"Promedio","Mediana")) -> Promedio
B10: 5 | C10: Alquiler Vallas de separación sin publicidad | D10: Alquiler de valla metálica de separación de mínimo dos (2) metros de ancho x un metro con veinte centímetros (1,20) de altura, debe incluir transporte de carga, personal para su instalación y desmontaje según la programación establecida por la Alcaldía Local de Bosa.el servicio de alquiler por diez (10) horas | E10: El servicio de Alquiler de la Valla de Separación se debe disponer un (1) día antes del inicio del evento para realizar la ubicación y así garantizar el correcto desarrollo del evento, incluye transporte y personal para la instalación y desmontaje en el lugar y horario establecido por la Alcaldía Local de Bosa. | F10: UN | G10: 1 | H10: =CosteoIndividual!P10 -> 27438 | I10: =IFERROR(H10*G10,"") -> 27438 | J10: =CosteoIndividual!R10 -> Proceso SECOP II FDLB-ES-C-076-2025 | K10: =CosteoIndividual!S10 -> 144.93392 | L10: =CosteoIndividual!T10 -> 0.005282274 | M10: =IF(L10="","",IF(L10<0.15,"Promedio","Mediana")) -> Promedio
B11: 6 | C11: Ambulancia TAB 1 | D11: Servicio por una (1) hora de Ambulancia para Traslado Asistencial Básico (TAB) que cuente con la dotación requerida en equipos e insumos, tripulada por auxiliar de enfermería con experiencia en traslado asistencial básico y conductores entrenados y capacitados en el manejo de vehículos de emergencia, conforme a la programación establecida por la Alcaldia Local de Bosa.el servicio de alquiler por diez (10) horas | E11: El servicio de ambulancia debe garantizar la presencia permanente en el lugar del evento y estar disponible para. realizar el traslado de pacientes en caso de ser necesario, el servicio se prestara en el lugar y horario establecido por la Alcaldía Local de Bosa. | F11: UN | G11: 1 | H11: =CosteoIndividual!P11 -> 118297 | I11: =IFERROR(H11*G11,"") -> 118297 | J11: =CosteoIndividual!R11 -> Proceso SECOP II FDLB-ES-C-076-2025 | K11: =CosteoIndividual!S11 -> 625.32303 | L11: =CosteoIndividual!T11 -> 0.0052860571 | M11: =IF(L11="","",IF(L11<0.15,"Promedio","Mediana")) -> Promedio
B12: 7 | C12: Ambulancia TAB 2 | D12: Servicio por diez (10) horas de Ambulancia para Traslado Asistencial Básico (TAB) que cuente con la dotación requerida en equipos e insumos, tripulada por auxiliar de enfermería con experiencia en traslado asistencial básico y conductores entrenados y capacitados en el manejo de vehículos de emergencia, conforme a la programación establecida por la Alcaldia Local de Bosa.el servicio de alquiler por diez (10) horas | E12: El servicio de ambulancia debe garantizar la presencia permanente en el lugar del evento y estar disponible para. realizar el traslado de pacientes en caso de ser necesario, el servicio se prestara en el lugar y horario establecido por la Alcaldía Local de Bosa. | F12: UN | G12: 1 | H12: =CosteoIndividual!P12 -> 1212544 | I12: =IFERROR(H12*G12,"") -> 1212544 | J12: =CosteoIndividual!R12 -> Proceso SECOP II FDLB-ES-C-076-2025 | K12: =CosteoIndividual!S12 -> 6410.498 | L12: =CosteoIndividual!T12 -> 0.0052868149 | M12: =IF(L12="","",IF(L12<0.15,"Promedio","Mediana")) -> Promedio
B13: 8 | C13: Ambulancia TAM 1 | D13: Servicio por una (1) hora de Ambulancia para Traslado Asistencial Medicalizado (TAM) que cuente con la dotación requerida en equipos e insumos, unidad de intervención con equipo avanzado, tripulada por médico entrenado, enfermera, auxiliar o tecnólogo en atención prehospitalaria, conforme a la programación establecida por la Alcaldia Local de Bosa.el servicio de alquiler por diez (10) horas | E13: El servicio de ambulancia debe garantizar la presencia permanente en el lugar del evento y estar disponible para. realizar el traslado de pacientes en caso de ser necesario, el servicio se prestara en el lugar y horario establecido por la Alcaldía Local de Bosa. | F13: UN | G13: 1 | H13: =CosteoIndividual!P13 -> 135633 | I13: =IFERROR(H13*G13,"") -> 135633 | J13: =CosteoIndividual!R13 -> Proceso SECOP II FDLB-ES-C-076-2025 | K13: =CosteoIndividual!S13 -> 717.02902 | L13: =CosteoIndividual!T13 -> 0.0052865508 | M13: =IF(L13="","",IF(L13<0.15,"Promedio","Mediana")) -> Promedio
B14: 9 | C14: Ambulancia TAM 2 | D14: Servicio por diez (10) horas de Ambulancia para Traslado Asistencial Medicalizado (TAM) que cuente con la dotación requerida en equipos e insumos, unidad de intervención con equipo avanzado, tripulada por médico entrenado, enfermera, auxiliar o tecnólogo en atención prehospitalaria, conforme a la programación establecida por la Alcaldia Local de Bosa.el servicio de alquiler por diez (10) horas | E14: El servicio de ambulancia debe garantizar la presencia permanente en el lugar del evento y estar disponible para. realizar el traslado de pacientes en caso de ser necesario, el servicio se prestara en el lugar y horario establecido por la Alcaldía Local de Bosa. | F14: UN | G14: 1 | H14: =CosteoIndividual!P14 -> 1356326 | I14: =IFERROR(H14*G14,"") -> 1356326 | J14: =CosteoIndividual!R14 -> Proceso SECOP II FDLB-ES-C-076-2025 | K14: =CosteoIndividual!S14 -> 7170.856 | L14: =CosteoIndividual!T14 -> 0.0052869706 | M14: =IF(L14="","",IF(L14<0.15,"Promedio","Mediana")) -> Promedio
B15: 10 | C15: Atril | D15: Alquiler de atril para auditorio con escudo de Bogotá. Alcaldía Mayor de Bogotá D.C - Tiempo de Alquiler 1 Día.el servicio de alquiler por diez (10) horas | E15: El servicio de alquiler será por día y/o evento, incluye transporte, instalación, operación (si es requerido) y desinstalación en el lugar y horario establecido por la Alcaldía Local de Bosa. | F15: UN | G15: 1 | H15: =CosteoIndividual!P15 -> 138991 | I15: =IFERROR(H15*G15,"") -> 138991 | J15: =CosteoIndividual!R15 -> Proceso SECOP II FDLB-ES-C-076-2025 | K15: =CosteoIndividual!S15 -> 734.95128 | L15: =CosteoIndividual!T15 -> 0.0052877574 | M15: =IF(L15="","",IF(L15<0.15,"Promedio","Mediana")) -> Promedio
B16: 11 | C16: Cajita Niños y Niñas (Especial Niños) | D16: Servicio de alimentación que incluya una (1) cajita (Especial Niños) con un (1) Sándwich de queso y jamón, o una (1) milhoja o una (1) Mantecada, una (1) fruta entera (manzana, durazno o ciruelas), una (1) bebida de avena o yogurt o leche achocolatada en botella pet o envase Tetrapak y un (1) dulce (Entre las opciones se podrá suministrar galletas o palitroques-salados o dulces como monedas de chocolate o brownies). Todo lo anterior empacado en una (1) caja de picnic fabricada en cartón 100 % reciclable, para ser entregados conforme a la programación establecida por la Alcaldía Local de Bosa.el servicio de alquiler por diez (10) horas | E16: El servicio de alimentación debe incluir transporte y personal para la entrega en el lugar establecido por la Alcaldía Local de Bosa | F16: UN | G16: 1 | H16: =CosteoIndividual!P16 -> 20411 | I16: =IFERROR(H16*G16,"") -> 20411 | J16: =CosteoIndividual!R16 -> Proceso SECOP II FDLB-ES-C-076-2025 | K16: =CosteoIndividual!S16 -> 107.82194 | L16: =CosteoIndividual!T16 -> 0.0052825775 | M16: =IF(L16="","",IF(L16<0.15,"Promedio","Mediana")) -> Promedio
B17: 12 | C17: Escarapelas | D17: Impresión de escarapela en propalcote de trescientos (300) gramos en tamaño cuarto de carta, impresa a full color (4 x 1) plastificada, debe incluir bolsillo plástico y cordón para ser distribuida de manera individual e incluir el diseño suministrado por la Alcaldía Local de Bosa.el servicio de alquiler por diez (10) horas | E17: La escarapela debe estar fabricada en materiales de alta calidad y disponer de transporte y personal para entregarse en el lugar dispuesto por la Alcaldía Local de Bosa | F17: UN | G17: 1 | H17: =CosteoIndividual!P17 -> 5799 | I17: =IFERROR(H17*G17,"") -> 5799 | J17: =CosteoIndividual!R17 -> Proceso SECOP II FDLB-ES-C-076-2025 | K17: =CosteoIndividual!S17 -> 30.651734 | L17: =CosteoIndividual!T17 -> 0.0052853924 | M17: =IF(L17="","",IF(L17<0.15,"Promedio","Mediana")) -> Promedio
... B26: 21 | C26: Refrigerio Tipo 1 | D26: Refrigerio compuesto por un (1) pastel de pollo o un (1) pastel de carne o un (1) pastel gloria o un (1) sándwich con dos (2) rebanadas de pan, una (1) tajada de jamón y una (1) tajada de queso, una (1) fruta entera y un (1) jugo en envase pet o Tetrapak doscientos (200) ml, una (1) fruta (manzana, pera, durazno, banano, mandarina, o ciruela), todos los alimentos relacionados en esta descripción técnica deberán estar en empaques desechables biodegradables aptos para el almacenamiento y transporte de alimentos, para ser entregados conforme a la programación establecida por la Alcaldía Local de Bosa. el servicio de alquiler por diez (10) horas | E26: El servicio de refrigerio debe incluir transporte y personal en el lugar y horario establecido por la Alcaldía Local de Bosa | F26: UN | G26: 1 | H26: =CosteoIndividual!P26 -> 14551 | I26: =IFERROR(H26*G26,"") -> 14551 | J26: =CosteoIndividual!R26 -> Proceso SECOP II FDLB-ES-C-076-2025 | K26: =CosteoIndividual!S26 -> 76.819967 | L26: =CosteoIndividual!T26 -> 0.0052792609 | M26: =IF(L26="","",IF(L26<0.15,"Promedio","Mediana")) -> Promedio
B27: 22 | C27: Almuerzo | D27: Servicio de almuerzo compuesto por una (1) porción de proteína, una (1) porción de ensalada fresca, una (1) porción de arroz blanco, una (1) porción de verdura, una (1) porción de papa en cascos y una bebida de jugo natural, todos los alimentos relacionados en esta descripción técnica deberán estar en empaques desechables biodegradables aptos para el almacenamiento y transporte de alimentos preparados que incluya cuchara, tenedor, cuchillo, servilleta, para ser entregados conforme a la programación establecida por la Alcaldía Local de Bosa el servicio de alquiler por diez (10) horas | F27: Unidad | G27: 1 | H27: =CosteoIndividual!P27 -> 25511 | I27: =IFERROR(H27*G27,"") -> 25511 | J27: =CosteoIndividual!R27 -> Proceso SECOP II FDLB-ES-C-076-2025 | K27: =CosteoIndividual!S27 -> 134.7791 | L27: =CosteoIndividual!T27 -> 0.0052831554 | M27: =IF(L27="","",IF(L27<0.15,"Promedio","Mediana")) -> Promedio
B28: 23 | C28: Alquiler de Amplificador para Bajo 200W | D28: 200W de salida reales y 2 canales para bajo con altavoz de aluminio 12 "; Canal limpio con control de ganancia dedicado. EQ gráfico de 5 bandas EQ; Salida de auriculares independiente; Componentes de alta calidad. Conexión 110Vel servicio de alquiler por diez (10) horas | E28: Ver anexo técnico | F28: UNIDAD | G28: 1 | H28: =CosteoIndividual!P28 -> 356331 | I28: =IFERROR(H28*G28,"") -> 356331 | J28: =CosteoIndividual!R28 -> Proceso SECOP II FDLB-ES-C-076-2025 | K28: =CosteoIndividual!S28 -> 1883.9308 | L28: =CosteoIndividual!T28 -> 0.0052870223 | M28: =IF(L28="","",IF(L28<0.15,"Promedio","Mediana")) -> Promedio
B29: 24 | C29: Alquiler de Amplificador para Bajo 70W | D29: 70W de salida reales y 2 canales para bajo con altavoz de aluminio 12 "; Canal limpio con control de ganancia dedicado. EQ gráfico de 5 bandas EQ; Salida de auriculares independiente; Componentes de alta calidad. Conexión 110Vel servicio de alquiler por diez (10) horas | E29: Ver anexo técnico | F29: UNIDAD | G29: 1 | H29: =CosteoIndividual!P29 -> 273188 | I29: =IFERROR(H29*G29,"") -> 273188 | J29: =CosteoIndividual!R29 -> Proceso SECOP II FDLB-ES-C-076-2025 | K29: =CosteoIndividual!S29 -> 1444.2388 | L29: =CosteoIndividual!T29 -> 0.0052866087 | M29: =IF(L29="","",IF(L29<0.15,"Promedio","Mediana")) -> Promedio
B30: 25 | C30: Alquiler de Amplificador para Guitarra 100W | D30: Amplificador cabina/cabezote de guitarra Minimo 100W de salida para guitarra con amplificador de 2 canales independientes, FX dual y altavoz de 12 "; Procesador de efectos digital con chorus, flanger, delay además de reverberación por separado; EQ Independiente de graves y agudos controles de tono en cada canal; Control de contorno para el rango medio. Adicional para auriculares y salida de línea con simulación de altavoz integrada. Entrada para pedales de efectos. Conexión 110Vel servicio de alquiler por diez (10) horas | E30: Ver anexo técnico | F30: UNIDAD | G30: 1 | H30: =CosteoIndividual!P30 -> 376129 | I30: =IFERROR(H30*G30,"") -> 376129 | J30: =CosteoIndividual!R30 -> Proceso SECOP II FDLB-ES-C-076-2025 | K30: =CosteoIndividual!S30 -> 1988.4956 | L30: =CosteoIndividual!T30 -> 0.0052867363 | M30: =IF(L30="","",IF(L30<0.15,"Promedio","Mediana")) -> Promedio
B31: 26 | C31: Alquiler de Amplificador para Guitarra 30W | D31: Amplificador combo de guitarra Minimo 30W de salida para guitarra con amplificador de 2 canales independientes, FX dual y altavoz de 12 "; Procesador de efectos digital con chorus, flanger, delay además de reverberación por separado; EQ Independiente de graves y agudos controles de tono en cada canal; Control de contorno para el rango medio. Adicional para auriculares y salida de línea con simulación de altavoz integrada. Entrada para pedales de efectos. Conexión 110Vel servicio de alquiler por diez (10) horas | E31: Ver anexo técnico | F31: UNIDAD | G31: 1 | H31: =CosteoIndividual!P31 -> 282513 | I31: =IFERROR(H31*G31,"") -> 282513 | J31: =CosteoIndividual!R31 -> Proceso SECOP II FDLB-ES-C-076-2025 | K31: =CosteoIndividual!S31 -> 1493.6353 | L31: =CosteoIndividual!T31 -> 0.0052869564 | M31: =IF(L31="","",IF(L31<0.15,"Promedio","Mediana")) -> Promedio
B32: 27 | C32: Alquiler de andamio certificado | D32: Alquiler de andamio certificado de 4 metros x 2 metrosel servicio de alquiler por diez (10) horas | E32: Ver anexo técnico | F32: SET | G32: 1 | H32: =CosteoIndividual!P32 -> 534498 | I32: =IFERROR(H32*G32,"") -> 534498 | J32: =CosteoIndividual!R32 -> Proceso SECOP II FDLB-ES-C-076-2025 | K32: =CosteoIndividual!S32 -> 2825.7279 | L32: =CosteoIndividual!T32 -> 0.0052866964 | M32: =IF(L32="","",IF(L32<0.15,"Promedio","Mediana")) -> Promedio
B33: 28 | C33: Alquiler de Back Line Tipo 1 | D33: Alquiler de BackLine que incluya una (1) bateria acustica de minimo ocho (8) piezas de marca mundialmente reconocida, un (1) amplificador de guitarra y una (1) cabina para amplificador de guitarra de marca mundialmente reconocida, un (1) amplificador de bajo con una (1) cabina para amplificador de bajo minimo cuatro (4) x diez (10) de marca mundialmente reconocida que incluya un (1) auxiliar para instalación, operación y desinstalación, transporte de carga y todos los accesorios para garantizar su correcto funcionamiento en el lugar establecido por la Alcaldia Local de Bosael servicio de alquiler por diez (10) horas | E33: El servicio de alquiler del Alquiler de Back Line Tipo 1 se debe disponer mínimo dos (2) horas antes del inicio del evento para realizar la ubicación y así garantizar el correcto desarrollo del evento, incluye transporte de carga y personal para la instalación y desmontaje en el lugar y horario establecido por la Alcaldía Local de Bosa. | F33: UN | G33: 1 | H33: =CosteoIndividual!P33 -> 1981826 | I33: =IFERROR(H33*G33,"") -> 1981826 | J33: =CosteoIndividual!R33 -> Proceso SECOP II FDLB-ES-C-076-2025 | K33: =CosteoIndividual!S33 -> 10477.706 | L33: =CosteoIndividual!T33 -> 0.0052868947 | M33: =IF(L33="","",IF(L33<0.15,"Promedio","Mediana")) -> Promedio
B34: 29 | C34: Alquiler de Back Line Tipo 2 | D34: Alquiler de BackLine que incluya una (1) bateria acustica de minimo ocho (8) piezas de marca mundialmente reconocida, dos (2) amplificadores de guitarra y dos (2) cabinas para amplificador de guitarra de marca mundialmente reconocida, un (1) amplificador de bajo con una (1) cabina para amplificador de bajo minimo ocho (8) x diez (10) de marca mundialmente reconocida que incluya un (1) auxiliar para instalación, operación y desinstalación, transporte de carga y todos los accesorios para garantizar su correcto funcionamiento en el lugar establecido por la Alcaldia Local de Bosael servicio de alquiler por diez (10) horas | E34: El servicio de alquiler del Alquiler de Back Line Tipo 2 se debe disponer mínimo dos (2) horas antes del inicio del evento para realizar la ubicación y así garantizar el correcto desarrollo del evento, incluye transporte de carga y personal para la instalación y desmontaje en el lugar y horario establecido por la Alcaldía Local de Bosa. | F34: UN | G34: 1 | H34: =CosteoIndividual!P34 -> 2672496 | I34: =IFERROR(H34*G34,"") -> 2672496 | J34: =CosteoIndividual!R34 -> Proceso SECOP II FDLB-ES-C-076-2025 | K34: =CosteoIndividual!S34 -> 14129.273 | L34: =CosteoIndividual!T34 -> 0.0052869207 | M34: =IF(L34="","",IF(L34<0.15,"Promedio","Mediana")) -> Promedio
B35: 30 | C35: Alquiler de Back Line Tipo 3 | D35: Alquiler de BackLine que incluya dos (2) baterias acusticas de minimo ocho (8) piezas de marca mundialmente reconocida, dos (2) amplificadores de guitarra y dos (2) cabinas para amplificador de guitarra de marca mundialmente reconocida, dos (2) amplificador de bajo con dos (2) cabina para amplificador de bajo minimo ocho (8) x diez (10) de marca mundialmente reconocida que incluya un (1) auxiliar para instalación, operación y desinstalación, transporte de carga y todos los accesorios para garantizar su correcto funcionamiento en el lugar establecido por la Alcaldia Local de Bosael servicio de alquiler por diez (10) horas | E35: El servicio de alquiler del Alquiler de Back Line Tipo 3 se debe disponer mínimo tres (3) horas antes del inicio del evento para realizar la ubicación y así garantizar el correcto desarrollo del evento, incluye transporte de carga y personal para la instalación y desmontaje en el lugar y horario establecido por la Alcaldía Local de Bosa. | F35: UN | G35: 1 | H35: =CosteoIndividual!P35 -> 2850662 | I35: =IFERROR(H35*G35,"") -> 2850662 | J35: =CosteoIndividual!R35 -> Proceso SECOP II FDLB-ES-C-076-2025 | K35: =CosteoIndividual!S35 -> 15071.07 | L35: =CosteoIndividual!T35 -> 0.005286866 | M35: =IF(L35="","",IF(L35<0.15,"Promedio","Mediana")) -> Promedio
B36: 31 | C36: Alquiler de Back Line Tipo 4 | D36: Alquiler de BackLine que incluya un (1) set de percusión compuestos por un (1) timbal latino, un (1) set de congas con base de marca mundialmente reconocida, un (1) amplificador de guitarra y una (1) cabina para amplificador de guitarra de marca mundialmente reconocida, un (1) amplificador de bajo con una (1) cabina para amplificador de bajo minimo ocho (8) x diez (10) de marca mundialmente reconocida que incluya un (1) auxiliar para instalación, operación y desinstalación, transporte de carga y todos los accesorios para garantizar su correcto funcionamiento en el lugar establecido por la Alcaldia Local de Bosael servicio de alquiler por diez (10) horas | E36: El servicio de alquiler del Alquiler de Back Line Tipo 4 se debe disponer mínimo dos (2) horas antes del inicio del evento para realizar la ubicación y así garantizar el correcto desarrollo del evento, incluye transporte de carga y personal para la instalación y desmontaje en el lugar y horario establecido por la Alcaldía Local de Bosa. | F36: UN | G36: 1 | H36: =CosteoIndividual!P36 -> 2001622 | I36: =IFERROR(H36*G36,"") -> 2001622 | J36: =CosteoIndividual!R36 -> Proceso SECOP II FDLB-ES-C-076-2025 | K36: =CosteoIndividual!S36 -> 10582.325 | L36: =CosteoIndividual!T36 -> 0.005286874 | M36: =IF(L36="","",IF(L36<0.15,"Promedio","Mediana")) -> Promedio
B37: 32 | C37: Alquiler de Back Line Tipo 5 | D37: Alquiler de BackLine que incluya una (1) bateria acustica de minimo ocho (8) piezas de marca mundialmente reconocida, un (1) set de percusión compuestos por un (1) timbal latino de marca mundialmente reconocida, un (1) set de congas con base de marca mundialmente reconocida, un (1) amplificador de guitarra y una (1) cabina para amplificador de guitarra de marca mundialmente reconocida, un (1) amplificador de bajo con una (1) cabina para amplificador de bajo minimo ocho (8) x diez (10) de marca mundialmente reconocida que incluya un (1) auxiliar para instalación, operación y desinstalación, transporte de carga y todos los accesorios para garantizar su correcto funcionamiento en el lugar establecido por la Alcaldia Local de Bosael servicio de alquiler por diez (10) horas | E37: El servicio de alquiler del Alquiler de Back Line Tipo 5 se debe disponer mínimo tres (3) horas antes del inicio del evento para realizar la ubicación y así garantizar el correcto desarrollo del evento, incluye transporte de carga y personal para la instalación y desmontaje en el lugar y horario establecido por la Alcaldía Local de Bosa. | F37: UN | G37: 1 | H37: =CosteoIndividual!P37 -> 3206797 | I37: =IFERROR(H37*G37,"") -> 3206797 | J37: =CosteoIndividual!R37 -> Proceso SECOP II FDLB-ES-C-076-2025 | K37: =CosteoIndividual!S37 -> 16954.135 | L37: =CosteoIndividual!T37 -> 0.0052869369 | M37: =IF(L37="","",IF(L37<0.15,"Promedio","Mediana")) -> Promedio
B38: 33 | C38: Alquiler de Back Line Tipo 6 | D38: Alquiler de BackLine que incluya un (1) rack para Dee Jay con dos (2) tornamesas, un (1) mixer de cuatro (4) canales una (1) base alta para compudaror portatil, todo lo anterior de marca mundialmente reconocida, un (1) auxiliar para instalación, operación y desinstalación, transporte de carga y todos los accesorios para garantizar su correcto funcionamiento en el lugar establecido por la Alcaldia Local de Bosael servicio de alquiler por diez (10) horas | E38: El servicio de alquiler del Alquiler de Back Line Tipo 6 se debe disponer mínimo dos (2) horas antes del inicio del evento para realizar la ubicación y así garantizar el correcto desarrollo del evento, incluye transporte de carga y personal para la instalación y desmontaje en el lugar y horario establecido por la Alcaldía Local de Bosa. | F38: UN | G38: 1 | H38: =CosteoIndividual!P38 -> 1428758 | I38: =IFERROR(H38*G38,"") -> 1428758 | J38: =CosteoIndividual!R38 -> Proceso SECOP II FDLB-ES-C-076-2025 | K38: =CosteoIndividual!S38 -> 7553.5909 | L38: =CosteoIndividual!T38 -> 0.0052868221 | M38: =IF(L38="","",IF(L38<0.15,"Promedio","Mediana")) -> Promedio
B39: 34 | C39: Alquiler de Back Line Tipo 7 | D39: Alquiler de BackLine que incluya un (1) rack para Dee Jay con dos (2) tornamesas, un (1) mixer de cuatro (4) canales una (1) base alta para compudaror portatil, una (1) bateria acustica de minimo ocho (8) piezas de marca mundialmente reconocida, un (1) amplificador de guitarra y una (1) cabina para amplificador de guitarra de marca mundialmente reconocida, un (1) amplificador de bajo con una (1) cabina para amplificador de bajo minimo cuatro (4) x diez (10) de marca mundialmente reconocida, un (1) auxiliar para instalación, operación y desinstalación, transporte de carga y todos los accesorios para garantizar su correcto funcionamiento en el lugar establecido por la Alcaldia Local de Bosael servicio de alquiler por diez (10) horas | E39: El servicio de alquiler del Alquiler de Back Line Tipo 7 se debe disponer mínimo dos (2) horas antes del inicio del evento para realizar la ubicación y así garantizar el correcto desarrollo del evento, incluye transporte de carga y personal para la instalación y desmontaje en el lugar y horario establecido por la Alcaldía Local de Bosa. | F39: UN | G39: 1 | H39: =CosteoIndividual!P39 -> 3370053 | I39: =IFERROR(H39*G39,"") -> 3370053 | J39: =CosteoIndividual!R39 -> Proceso SECOP II FDLB-ES-C-076-2025 | K39: =CosteoIndividual!S39 -> 17817.06 | L39: =CosteoIndividual!T39 -> 0.0052868776 | M39: =IF(L39="","",IF(L39<0.15,"Promedio","Mediana")) -> Promedio
... B63: 58 | C63: Alquiler de muro de contención tipo 2 | D63: Alquiler de muro de contención portátil tipo barricada de dos metros con cuarenta centímetros (2,40) de ancho x un metro con veinte centímetros (1,20) de altura fabricado en aluminio o metal diseñado para contener el publico en eventos masivos, debe incluir accesorios, transporte de carga y personal para la instalación y desinstalación en el lugar dispuesto por la Alcaldía de Bosael servicio de alquiler por diez (10) horas | E63: El servicio de alquiler del Muro de Contención se debe disponer mínimo cuatro (4) horas antes del inicio del evento para realizar la ubicación y así garantizar el correcto desarrollo, incluye transporte de carga y personal para la instalación y desmontaje en el lugar y horario establecido por la Alcaldía Local de Bosa. | F63: UN | G63: 1 | H63: =CosteoIndividual!P63 -> 71266 | I63: =IFERROR(H63*G63,"") -> 71266 | J63: =CosteoIndividual!R63 -> Proceso SECOP II FDLB-ES-C-076-2025 | K63: =CosteoIndividual!S63 -> 376.88862 | L63: =CosteoIndividual!T63 -> 0.0052884423 | M63: =IF(L63="","",IF(L63<0.15,"Promedio","Mediana")) -> Promedio
B64: 59 | C64: Alquiler de pantalla inflable | D64: Alquiler de Pantalla de pelicula inflable de 20 pies pantalla D, Tiempo de Alquiler 1 Díael servicio de alquiler por diez (10) horas | F64: UN | G64: 1 | H64: =CosteoIndividual!P64 -> 534499 | I64: =IFERROR(H64*G64,"") -> 534499 | J64: =CosteoIndividual!R64 -> Proceso SECOP II FDLB-ES-C-076-2025 | K64: =CosteoIndividual!S64 -> 2825.957 | L64: =CosteoIndividual!T64 -> 0.00528711 | M64: =IF(L64="","",IF(L64<0.15,"Promedio","Mediana")) -> Promedio
B65: 60 | C65: Alquiler de pantalla LED tipo 1 | D65: Alquiler de pantalla LED diseñada para exteriores en formato de tres (3) metros de ancho x dos (2) metros de altura en resolución pitch 3mm, con procesador y computador para la proyección de material audiovisual, estructura para la instalación a nivel del piso, cables de señal, sistema de electricidad, accesorios, transporte de carga, personal técnico y auxiliar para su instalación, operación y desmontaje conforme a la programación establecida por la Alcaldía Local de Bosa.el servicio de alquiler por diez (10) horas | E65: El servicio de Alquiler de Pantalla Led se debe disponer cuatro (4) horas antes del inicio del evento para realizar pruebas y así garantizar el correcto funcionamiento, incluye transporte y personal para la instalación, operación y desmontaje en el lugar y horario establecido por la Alcaldía Local de Bosa. | F65: UN | G65: 1 | H65: =CosteoIndividual!P65 -> 1781665 | I65: =IFERROR(H65*G65,"") -> 1781665 | J65: =CosteoIndividual!R65 -> Proceso SECOP II FDLB-ES-C-076-2025 | K65: =CosteoIndividual!S65 -> 9419.3849 | L65: =CosteoIndividual!T65 -> 0.0052868436 | M65: =IF(L65="","",IF(L65<0.15,"Promedio","Mediana")) -> Promedio
B66: 61 | C66: Alquiler de pantalla LED tipo 2 | D66: Alquiler de pantalla LED diseñada para exteriores en formato de cuatro (4) metros de ancho x tres (3) metros de altura en resolución pitch 3mm, con procesador y computador para la proyección de material audiovisual, estructura para la instalación a nivel del piso, cables de señal, sistema de electricidad, accesorios, transporte de carga, personal técnico y auxiliar para su instalación, operación y desmontaje conforme a la programación establecida por la Alcaldía Local de Bosa.el servicio de alquiler por diez (10) horas | E66: El servicio de Alquiler de Pantalla Led se debe disponer cuatro (4) horas antes del inicio del evento para realizar pruebas y así garantizar el correcto funcionamiento, incluye transporte y personal para la instalación, operación y desmontaje en el lugar y horario establecido por la Alcaldía Local de Bosa. | F66: UN | G66: 1 | H66: =CosteoIndividual!P66 -> 3563330 | I66: =IFERROR(H66*G66,"") -> 3563330 | J66: =CosteoIndividual!R66 -> Proceso SECOP II FDLB-ES-C-076-2025 | K66: =CosteoIndividual!S66 -> 18839.053 | L66: =CosteoIndividual!T66 -> 0.0052869235 | M66: =IF(L66="","",IF(L66<0.15,"Promedio","Mediana")) -> Promedio
B67: 62 | C67: Alquiler de pantalla LED tipo 3 | D67: Alquiler de pantalla LED diseñada para exteriores en formato de seis (6) metros de ancho x tres (3) metros de altura en resolución pitch 3mm, con procesador y computador para la proyección de material audiovisual, estructura para la instalación a nivel del piso, cables de señal, sistema de electricidad, accesorios, transporte de carga, personal técnico y auxiliar para su instalación, operación y desmontaje conforme a la programación establecida por la Alcaldía Local de Bosa.el servicio de alquiler por diez (10) horas | E67: El servicio de Alquiler de Pantalla Led se debe disponer cuatro (4) horas antes del inicio del evento para realizar pruebas y así garantizar el correcto funcionamiento, incluye transporte y personal para la instalación, operación y desmontaje en el lugar y horario establecido por la Alcaldía Local de Bosa. | F67: UN | G67: 1 | H67: =CosteoIndividual!P67 -> 3563330 | I67: =IFERROR(H67*G67,"") -> 3563330 | J67: =CosteoIndividual!R67 -> Proceso SECOP II FDLB-ES-C-076-2025 | K67: =CosteoIndividual!S67 -> 18839.053 | L67: =CosteoIndividual!T67 -> 0.0052869235 | M67: =IF(L67="","",IF(L67<0.15,"Promedio","Mediana")) -> Promedio
B68: 63 | C68: Alquiler de pasa cable tipo 1 | D68: Alquiler de pasa cables de dos (2) canales de un (1) metro de longitud que incluya transporte de carga y personal para la instalación y desinstalación en el lugar dispuesto por la Alcaldia Local de Bosa.el servicio de alquiler por diez (10) horas | E68: El servicio de alquiler del pasa cable se debe disponer mínimo cuatro (4) horas antes del inicio del evento para realizar la ubicación y así garantizar el correcto desarrollo, incluye transporte de carga y personal para la instalación y desmontaje en el lugar y horario establecido por la Alcaldía Local de Bosa. | F68: UN | G68: 1 | H68: =CosteoIndividual!P68 -> 26725 | I68: =IFERROR(H68*G68,"") -> 26725 | J68: =CosteoIndividual!R68 -> Proceso SECOP II FDLB-ES-C-076-2025 | K68: =CosteoIndividual!S68 -> 141.29785 | L68: =CosteoIndividual!T68 -> 0.00528711 | M68: =IF(L68="","",IF(L68<0.15,"Promedio","Mediana")) -> Promedio
B69: 64 | C69: Alquiler de pasa cable tipo 2 | D69: Alquiler de pasa cables de cuatro (4) canales de un (1) metro de longitud que incluya transporte de carga y personal para la instalación y desinstalación en el lugar dispuesto por la Alcaldia Local de Bosa.el servicio de alquiler por diez (10) horas | E69: El servicio de alquiler del pasa cable se debe disponer mínimo cuatro (4) horas antes del inicio del evento para realizar la ubicación y así garantizar el correcto desarrollo, incluye transporte de carga y personal para la instalación y desmontaje en el lugar y horario establecido por la Alcaldía Local de Bosa. | F69: UN | G69: 1 | H69: =CosteoIndividual!P69 -> 35633 | I69: =IFERROR(H69*G69,"") -> 35633 | J69: =CosteoIndividual!R69 -> Proceso SECOP II FDLB-ES-C-076-2025 | K69: =CosteoIndividual!S69 -> 188.30288 | L69: =CosteoIndividual!T69 -> 0.0052844484 | M69: =IF(L69="","",IF(L69<0.15,"Promedio","Mediana")) -> Promedio
B70: 65 | C70: Alquiler de planta eléctrica tipo 1 | D70: Planta eléctrica insonorizada de seis (6) Kva a dos (2) fases, un (1) neutro y un (1) polo a tierra con todos sus elementos de seguridad, bajantes eléctricas, distribuidores eléctricos, tapa cables y combustible para prestar servicio por ocho (8) horas debe incluir accesorios, transporte de carga, personal técnico para su instalación, operación y desmontaje conforme a la programación establecida por la Alcaldía Local de Bosa.el servicio de alquiler por diez (10) horas | E70: El servicio de alquiler de planta eléctrica se debe disponer cuatro (4) horas antes del inicio del evento para realizar pruebas y así garantizar el correcto funcionamiento, incluye transporte y personal para la instalación, operación y desmontaje en el lugar y horario establecido por la Alcaldía Local de Bosa. | F70: UN | G70: 1 | H70: =CosteoIndividual!P70 -> 445416 | I70: =IFERROR(H70*G70,"") -> 445416 | J70: =CosteoIndividual!R70 -> Proceso SECOP II FDLB-ES-C-076-2025 | K70: =CosteoIndividual!S70 -> 2354.7755 | L70: =CosteoIndividual!T70 -> 0.0052866838 | M70: =IF(L70="","",IF(L70<0.15,"Promedio","Mediana")) -> Promedio
B71: 66 | C71: Alquiler de planta eléctrica tipo 2 | D71: Planta eléctrica insonorizada de cuarenta (40) Kva a tres (3) fases, un (1) neutro y un (1) polo a tierra con todos sus elementos de seguridad, bajantes eléctricas, distribuidores eléctricos, tapa cables y combustible para prestar servicio por diez (10) horas debe incluir accesorios, transporte de carga, personal técnico para su instalación, operación y desmontaje conforme a la programación establecida por la Alcaldía Local de Bosa.el servicio de alquiler por diez (10) horas | E71: El servicio de alquiler de planta eléctrica se debe disponer cuatro (4) horas antes del inicio del evento para realizar pruebas y así garantizar el correcto funcionamiento, incluye transporte y personal para la instalación, operación y desmontaje en el lugar y horario establecido por la Alcaldía Local de Bosa. | F71: UN | G71: 1 | H71: =CosteoIndividual!P71 -> 1425332 | I71: =IFERROR(H71*G71,"") -> 1425332 | J71: =CosteoIndividual!R71 -> Proceso SECOP II FDLB-ES-C-076-2025 | K71: =CosteoIndividual!S71 -> 7535.5079 | L71: =CosteoIndividual!T71 -> 0.0052868436 | M71: =IF(L71="","",IF(L71<0.15,"Promedio","Mediana")) -> Promedio
B72: 67 | C72: Alquiler de planta eléctrica tipo 3 | D72: Planta eléctrica insonorizada de setenta y cinco (75) Kva a tres (3) fases, un (1) neutro y un (1) polo a tierra con todos sus elementos de seguridad, bajantes eléctricas, distribuidores eléctricos, tapa cables y combustible para prestar servicio por diez (10) horas debe incluir accesorios, transporte de carga, personal técnico para su instalación, operación y desmontaje conforme a la programación establecida por la Alcaldía Local de Bosa.el servicio de alquiler por diez (10) horas | E72: El servicio de alquiler de planta eléctrica se debe disponer cuatro (4) horas antes del inicio del evento para realizar pruebas y así garantizar el correcto funcionamiento, incluye transporte y personal para la instalación, operación y desmontaje en el lugar y horario establecido por la Alcaldía Local de Bosa. | F72: UN | G72: 1 | H72: =CosteoIndividual!P72 -> 1959831 | I72: =IFERROR(H72*G72,"") -> 1959831 | J72: =CosteoIndividual!R72 -> Proceso SECOP II FDLB-ES-C-076-2025 | K72: =CosteoIndividual!S72 -> 10361.465 | L72: =CosteoIndividual!T72 -> 0.0052869162 | M72: =IF(L72="","",IF(L72<0.15,"Promedio","Mediana")) -> Promedio
B73: 68 | C73: Alquiler de planta eléctrica tipo 4 | D73: Planta eléctrica insonorizada de ciento veinticinco (125) Kva a tres (3) fases, un (1) neutro y un (1) polo a tierra con todos sus elementos de seguridad, bajantes eléctricas, distribuidores eléctricos, tapa cables y combustible para prestar servicio por diez (10) horas debe incluir accesorios, transporte de carga, personal técnico para su instalación, operación y desmontaje conforme a la programación establecida por la Alcaldía Local de Bosa.el servicio de alquiler por diez (10) horas | E73: El servicio de alquiler de planta eléctrica se debe disponer cuatro (4) horas antes del inicio del evento para realizar pruebas y así garantizar el correcto funcionamiento, incluye transporte y personal para la instalación, operación y desmontaje en el lugar y horario establecido por la Alcaldía Local de Bosa. | F73: UN | G73: 1 | H73: =CosteoIndividual!P73 -> 2494331 | I73: =IFERROR(H73*G73,"") -> 2494331 | J73: =CosteoIndividual!R73 -> Proceso SECOP II FDLB-ES-C-076-2025 | K73: =CosteoIndividual!S73 -> 13187.139 | L73: =CosteoIndividual!T73 -> 0.0052868436 | M73: =IF(L73="","",IF(L73<0.15,"Promedio","Mediana")) -> Promedio
B74: 69 | C74: Alquiler de Puente estructural (Truss) tipo 1 | D74: Alquiler de un (1) puente estructural de cuatro (4) metros de ancho x cinco (5) metros de altura desde el piso ensamblado en estructura tipo truss, el puente estructural deberá estar elevado desde el piso con dos (2) columnas las cuales pueden ser elevadores y estar en la capacidad de soportar la carga del sistema de sonido, pantallas de video y sistema de iluminación dispuestos para el desarrollo del evento que incluya transporte de carga, personal técnico para la instalación y desinstalación, todos lo contrapesos y elementos de seguridad que garantice su correcta instalación y seguridad de los asistentes al evento conforme a la programación establecida por la Alcaldia Local de Bosael servicio de alquiler por diez (10) horas | E74: El servicio de alquiler del Puente Estructural se debe disponer mínimo un (1) día antes del inicio del evento para realizar la ubicación y así garantizar el correcto desarrollo del evento, incluye transporte de carga y personal para la instalación y desmontaje en el lugar y horario establecido por la Alcaldía Local de Bosa. | F74: UN | G74: 1 | H74: =CosteoIndividual!P74 -> 890832 | I74: =IFERROR(H74*G74,"") -> 890832 | J74: =CosteoIndividual!R74 -> Proceso SECOP II FDLB-ES-C-076-2025 | K74: =CosteoIndividual!S74 -> 4709.8339 | L74: =CosteoIndividual!T74 -> 0.0052870034 | M74: =IF(L74="","",IF(L74<0.15,"Promedio","Mediana")) -> Promedio
B75: 70 | C75: Alquiler de Puente estructural (Truss) tipo 2 | D75: Alquiler de un (1) puente estructural de seis (6) metros de ancho x cinco (5) metros de altura desde el piso ensamblado en estructura tipo truss, el puente estructural deberá estar elevado desde el piso con dos (2) columnas las cuales pueden ser elevadores y estar en la capacidad de soportar la carga del sistema de sonido, pantallas de video y sistema de iluminación dispuestos para el desarrollo del evento que incluya transporte de carga, personal técnico para el instalación y desinstalación, todos lo contrapesos y elementos de seguridad que garantice su correcta instalación y seguridad de los asistentes al evento conforme a la programación establecida por la Alcaldia Local de Bosael servicio de alquiler por diez (10) horas | E75: El servicio de alquiler del Puente Estructural se debe disponer mínimo un (1) día antes del inicio del evento para realizar la ubicación y así garantizar el correcto desarrollo del evento, incluye transporte de carga y personal para la instalación y desmontaje en el lugar y horario establecido por la Alcaldía Local de Bosa. | F75: UN | G75: 1 | H75: =CosteoIndividual!P75 -> 1068999 | I75: =IFERROR(H75*G75,"") -> 1068999 | J75: =CosteoIndividual!R75 -> Proceso SECOP II FDLB-ES-C-076-2025 | K75: =CosteoIndividual!S75 -> 5651.6309 | L75: =CosteoIndividual!T75 -> 0.0052868436 | M75: =IF(L75="","",IF(L75<0.15,"Promedio","Mediana")) -> Promedio
B76: 71 | C76: Alquiler de Puente estructural (Truss) tipo 3 | D76: Alquiler de un (1) puente estructural de diez (10) metros de ancho x cinco (5) metros de altura desde el piso ensamblado en estructura tipo truss, el puente estructural deberá estar elevado desde el piso con dos (2) columnas las cuales pueden ser elevadores y estar en la capacidad de soportar la carga del sistema de sonido, pantallas de video y sistema de iluminación dispuestos para el desarrollo del evento que incluya transporte de carga, personal técnico para la instalación y desinstalación, todos lo contrapesos y elementos de seguridad que garantice su correcta instalación y seguridad de los asistentes al evento conforme a la programación establecida por la Alcaldia Local de Bosael servicio de alquiler por diez (10) horas | E76: El servicio de alquiler del Puente Estructural se debe disponer mínimo un (1) día antes del inicio del evento para realizar la ubicación y así garantizar el correcto desarrollo del evento, incluye transporte de carga y personal para la instalación y desmontaje en el lugar y horario establecido por la Alcaldía Local de Bosa. | F76: UN | G76: 1 | H76: =CosteoIndividual!P76 -> 1247165 | I76: =IFERROR(H76*G76,"") -> 1247165 | J76: =CosteoIndividual!R76 -> Proceso SECOP II FDLB-ES-C-076-2025 | K76: =CosteoIndividual!S76 -> 6593.7109 | L76: =CosteoIndividual!T76 -> 0.0052869578 | M76: =IF(L76="","",IF(L76<0.15,"Promedio","Mediana")) -> Promedio
... B79: 74 | C79: Alquiler de Puente estructural (Truss) tipo 6 | D79: Alquiler de un (1) puente estructural de doce (12) metros de ancho x seis (6) metros de altura desde el piso ensamblado en estructura tipo truss, el puente estructural deberá estar elevado desde el piso con dos (2) columnas las cuales deben estar ensambladas en estructura tipo truss e incluir dos (2) vigas externas de cuatro (4) metros de ancho con dos (2) columnas a la misma altura del puente principal y estar en la capacidad de soportar la carga del sistema de sonido, pantallas de video y sistema de iluminación dispuestos para el desarrollo del evento que incluya transporte de carga, personal técnico para la instalación y desinstalación, todos lo contrapesos y elementos de seguridad que garantice su correcta instalación y seguridad de los asistentes al evento conforme a la programación establecida por la Alcaldia Local de Bosael servicio de alquiler por diez (10) horas | E79: El servicio de alquiler del Puente Estructural se debe disponer mínimo un (1) día antes del inicio del evento para realizar la ubicación y así garantizar el correcto desarrollo del evento, incluye transporte de carga y personal para la instalación y desmontaje en el lugar y horario establecido por la Alcaldía Local de Bosa. | F79: UN | G79: 1 | H79: =CosteoIndividual!P79 -> 2494331 | I79: =IFERROR(H79*G79,"") -> 2494331 | J79: =CosteoIndividual!R79 -> Proceso SECOP II FDLB-ES-C-076-2025 | K79: =CosteoIndividual!S79 -> 13187.139 | L79: =CosteoIndividual!T79 -> 0.0052868436 | M79: =IF(L79="","",IF(L79<0.15,"Promedio","Mediana")) -> Promedio
B80: 75 | C80: Alquiler de salón de eventos | D80: Alquiler de un salón de eventos cubierto, con una capacidad mínima para 300 personas sentadas, dotado con las condiciones físicas y logísticas necesarias tales como sonido, iluminación, baños, etc.El servicio de alquiler por ocho (8) horas | F80: UN | G80: 1 | H80: =CosteoIndividual!P80 -> 885487 | I80: =IFERROR(H80*G80,"") -> 885487 | J80: =CosteoIndividual!R80 -> Proceso SECOP II FDLB-ES-C-076-2025 | K80: =CosteoIndividual!S80 -> 4681.5744 | L80: =CosteoIndividual!T80 -> 0.0052870028 | M80: =IF(L80="","",IF(L80<0.15,"Promedio","Mediana")) -> Promedio
B81: 76 | C81: Alquiler de saltarín | D81: Alquiler de Saltarín inflable recreativo para uso infantil, Mínimo 4m x 4m x 3m (largo x ancho x alto),con capacidad para 6 a 10 niños de forma simultánea colores Vivos, sistema de inflado Motor soplador de 1 HP mínimo (incluido), con accesorios como: Motor, lona base de protección, estacas de seguridad, extensión eléctrica, con instalacion y desinstalacion, transporte- Tiempo de Alquiler 1 Díael servicio de alquiler por diez (10) horas | F81: UN | G81: 1 | H81: =CosteoIndividual!P81 -> 654046 | I81: =IFERROR(H81*G81,"") -> 654046 | J81: =CosteoIndividual!R81 -> Proceso SECOP II FDLB-ES-C-076-2025 | K81: =CosteoIndividual!S81 -> 3457.8447 | L81: =CosteoIndividual!T81 -> 0.0052868549 | M81: =IF(L81="","",IF(L81<0.15,"Promedio","Mediana")) -> Promedio
B82: 77 | C82: Alquiler de sistema inalámbrio In-ear | D82: Sistema inalámbrico In-ear de antena de 1/4 de onda, montaje en rack y bolsa en cremallera, transmisor inalámbrico de 1 canal de 24 bitsel servicio de alquiler por diez (10) horas | E82: Ver anexo técnico | F82: UN | G82: 1 | H82: =CosteoIndividual!P82 -> 654046 | I82: =IFERROR(H82*G82,"") -> 654046 | J82: =CosteoIndividual!R82 -> Proceso SECOP II FDLB-ES-C-076-2025 | K82: =CosteoIndividual!S82 -> 3457.8447 | L82: =CosteoIndividual!T82 -> 0.0052868549 | M82: =IF(L82="","",IF(L82<0.15,"Promedio","Mediana")) -> Promedio
B83: 78 | C83: Alquiler de sobre tarima tipo 1 | D83: Alquiler de sobre tarima estructural de dos metros con cuarenta centímetros (2,40) de ancho x dos metros con cuarenta centímetros (2,40) de profundidad una altura regulable desde el piso entre treinta (0,30) centímetros y ochenta (0,80) centímetros con una (1) escalera de acceso y recubierta en su totalidad por faldón de color negro, accesorios, transporte de carga y personal para ser instalada y desinstalada en el lugar dispuesto por la Alcaldía Local de Bosa, los elementos que componen la tarima estructural deben estar en perfecto estado estético y de funcionamiento para garantizar la seguridad de los participantes y asistentes al evento.el servicio de alquiler por diez (10) horas | E83: El servicio de alquiler de la Sobre tarima se debe disponer mínimo cinco (5) horas antes del inicio del evento para realizar la ubicación y así garantizar el correcto desarrollo del evento, incluye transporte de carga y personal para la instalación y desmontaje en el lugar y horario establecido por la Alcaldía Local de Bosa. | F83: UN | G83: 1 | H83: =CosteoIndividual!P83 -> 627123 | I83: =IFERROR(H83*G83,"") -> 627123 | J83: =CosteoIndividual!R83 -> Proceso SECOP II FDLB-ES-C-076-2025 | K83: =CosteoIndividual!S83 -> 3315.4523 | L83: =CosteoIndividual!T83 -> 0.0052867654 | M83: =IF(L83="","",IF(L83<0.15,"Promedio","Mediana")) -> Promedio
B84: 79 | C84: Alquiler de sobre tarima tipo 2 | D84: Alquiler de sobre tarima estructural de tres metros con sesenta centimetros (3,60) de ancho x dos metros con cuarenta centímetros (2,40) de profundidad una altura regulable desde el piso entre treinta (0,30) centímetros y ochenta (0,80) centímetros con una (1) escalera de acceso y recubierta en su totalidad por faldón de color negro, accesorios, transporte de carga y personal para ser instalada y desinstalada en el lugar dispuesto por la Alcaldía Local de Bosa, los elementos que componen la tarima estructural deben estar en perfecto estado estético y de funcionamiento para garantizar la seguridad de los participantes y asistentes al evento.el servicio de alquiler por diez (10) horas | E84: El servicio de alquiler de la Sobre tarima se debe disponer mínimo cinco (5) horas antes del inicio del evento para realizar la ubicación y así garantizar el correcto desarrollo del evento, incluye transporte de carga y personal para la instalación y desmontaje en el lugar y horario establecido por la Alcaldía Local de Bosa. | F84: UN | G84: 1 | H84: =CosteoIndividual!P84 -> 627123 | I84: =IFERROR(H84*G84,"") -> 627123 | J84: =CosteoIndividual!R84 -> Proceso SECOP II FDLB-ES-C-076-2025 | K84: =CosteoIndividual!S84 -> 3315.4523 | L84: =CosteoIndividual!T84 -> 0.0052867654 | M84: =IF(L84="","",IF(L84<0.15,"Promedio","Mediana")) -> Promedio
B85: 80 | C85: Alquiler de sobre tarima tipo 3 | D85: Alquiler de sobre tarima estructural de cuatro metros con ochenta centímetros (4,80) de ancho x dos metros con cuarenta centímetros (2,40) de profundidad una altura regulable desde el piso entre treinta (0,30) centímetros y ochenta (0,80) centímetros con una (1) escalera de acceso y recubierta en su totalidad por faldón de color negro, accesorios, transporte de carga y personal para ser instalada y desinstalada en el lugar dispuesto por la Alcaldía Local de Bosa, los elementos que componen la tarima estructural deben estar en perfecto estado estético y de funcionamiento para garantizar la seguridad de los participantes y asistentes al evento.el servicio de alquiler por diez (10) horas | E85: El servicio de alquiler de la Sobre tarima se debe disponer mínimo cinco (5) horas antes del inicio del evento para realizar la ubicación y así garantizar el correcto desarrollo del evento, incluye transporte de carga y personal para la instalación y desmontaje en el lugar y horario establecido por la Alcaldía Local de Bosa. | F85: UN | G85: 1 | H85: =CosteoIndividual!P85 -> 851802 | I85: =IFERROR(H85*G85,"") -> 851802 | J85: =CosteoIndividual!R85 -> Proceso SECOP II FDLB-ES-C-076-2025 | K85: =CosteoIndividual!S85 -> 4503.4351 | L85: =CosteoIndividual!T85 -> 0.0052869536 | M85: =IF(L85="","",IF(L85<0.15,"Promedio","Mediana")) -> Promedio
B86: 81 | C86: Alquiler de sobre tarima tipo 4 | D86: Alquiler de sobre tarima estructural de seis metros (6) de ancho x dos metros con cuarenta centímetros (2,40) de profundidad una altura regulable desde el piso entre treinta (0,30) centímetros y ochenta (0,80) centímetros con una (1) escalera de acceso y recubierta en su totalidad por faldón de color negro, accesorios, transporte de carga y personal para ser instalada y desinstalada en el lugar dispuesto por la Alcaldía Local de Bosa, los elementos que componen la tarima estructural deben estar en perfecto estado estético y de funcionamiento para garantizar la seguridad de los participantes y asistentes al evento.el servicio de alquiler por diez (10) horas | E86: El servicio de alquiler de la Sobre tarima se debe disponer mínimo cinco (5) horas antes del inicio del evento para realizar la ubicación y así garantizar el correcto desarrollo del evento, incluye transporte de carga y personal para la instalación y desmontaje en el lugar y horario establecido por la Alcaldía Local de Bosa. | F86: UN | G86: 1 | H86: =CosteoIndividual!P86 -> 1011963 | I86: =IFERROR(H86*G86,"") -> 1011963 | J86: =CosteoIndividual!R86 -> Proceso SECOP II FDLB-ES-C-076-2025 | K86: =CosteoIndividual!S86 -> 5350.1413 | L86: =CosteoIndividual!T86 -> 0.0052868964 | M86: =IF(L86="","",IF(L86<0.15,"Promedio","Mediana")) -> Promedio
B87: 82 | C87: Alquiler de sonido convencional tipo 1 | D87: Alquiler de sistema de sonido convencional compuesto por dos (2) cabinas activas o pasivas de mil (1.000) watts instaladas sobre trípode, una (1) consola digita de dieciséis (16) canales de entrada, dos (2) microfonos vocales inalámbricos, extensiones para electricidad, cables canon, que incluya transporte de carga, un (1) auxiliar de montaje, un (1) operador de sonido, todos los accesorios que garanticen su correcta instalación, funcionamiento y desinstalación conforme a la programación establecida por la Alcaldia Local de Bosa.el servicio de alquiler por diez (10) horas | E87: El servicio de alquiler del Alquiler de sonido se debe disponer mínimo dos (2) horas antes del inicio del evento para realizar la ubicación y así garantizar el correcto desarrollo del evento, incluye transporte de carga y personal para la instalación y desmontaje en el lugar y horario establecido por la Alcaldía Local de Bosa. | F87: UN | G87: 1 | H87: =CosteoIndividual!P87 -> 1188369 | I87: =IFERROR(H87*G87,"") -> 1188369 | J87: =CosteoIndividual!R87 -> Proceso SECOP II FDLB-ES-C-076-2025 | K87: =CosteoIndividual!S87 -> 6282.9095 | L87: =CosteoIndividual!T87 -> 0.0052870038 | M87: =IF(L87="","",IF(L87<0.15,"Promedio","Mediana")) -> Promedio
B88: 83 | C88: Alquiler de sonido convencional tipo 2 | D88: Sistema de sonido convencional compuesto por dos (2) cabinas convencionales activas o pasivas que cuenten con dos (2) parlantes de 15" y un (1) driver de 3" con capacidad de salida de 500 Watts RMS Respuesta de frecuencia (-3db):46Hz-17kHz.SPL máximo a 1 m: 120dB/126dB (Pico), dos (2) subwoofer activos o pasivos 1x18" de alta potencia para bajas frecuencias con bobina móvil de 100mm capacidad de salida cuatrocientos (400) Watts RMS (SPL 104 dB) respuesta de frecuencia 30Hz -300Hz; un (1) procesador de señal de tres (3) entradas x seis (6) salidas, una (1) consola digital de dieciséis (16) canales de entrada y seis (6) salidas auxiliares, dos (2) monitores de piso compuesto por 2 parlantes de 12" y un driver de 3" con capacidad de salida de quinientos (500) Watts RMS (max SPL 134dB) a 16 Ohms, cobertura 80°x60°, respuesta de frecuencia (-3 dB) 56Hz -5.7kHz, angulación del monitor 50°; tres (3) microfonos vocales inalámbricos con combinador de antena y antena; un (1) kit de microfoneria alámbrica para instrumentos (mínimo 6 micrófonos); un (1) kit de microfoneria alámbrica vocal (mínimo 4 micrófonos); cables canon, extensiones eléctricas y todos los accesorios para garantizar su correcta instalación y funcionamiento durante el desarrollo del evento; un (1) ingeniero de sonido, un (1) técnico de escenario, un (1) auxiliar para montaje y desmontaje, debe incluir transporte de carga y todos los accesorios que garanticen su correcta instalación, funcionamiento y desmontaje conforme a la programación establecida por la Alcaldia Local de Bosa.el servicio de alquiler por diez (10) horas | E88: El servicio de alquiler del Alquiler de sonido se debe disponer mínimo tres (3) horas antes del inicio del evento para realizar la ubicación y así garantizar el correcto desarrollo del evento, incluye transporte de carga y personal para la instalación y desmontaje en el lugar y horario establecido por la Alcaldía Local de Bosa. | F88: UN | G88: 1 | H88: =CosteoIndividual!P88 -> 2159157 | I88: =IFERROR(H88*G88,"") -> 2159157 | J88: =CosteoIndividual!R88 -> Proceso SECOP II FDLB-ES-C-076-2025 | K88: =CosteoIndividual!S88 -> 11415.34 | L88: =CosteoIndividual!T88 -> 0.0052869431 | M88: =IF(L88="","",IF(L88<0.15,"Promedio","Mediana")) -> Promedio
B89: 84 | C89: Alquiler de sonido tipo line array tipo 1 | D89: Sistema de sonido line array pasivo para intemperie compuesto por ocho (8) cajas (cuatro (4) por arreglo L y cuatro (4) por arreglo R) que sea capaz de reproducir cuatro mil (4.000) watts RMS (max SPL 132dB Low - 136db Hi), las cabinas line array deberán tener las siguientes características: respuesta de frecuencia (-3 dB) HF: 900Hz - 16kHz, LF: 50Hz - 4KHz, doble parlante de 12" y doble Driver 3"; un (1) procesador de señal de ocho (8) entradas x ocho (8) salidas con conectividad Ethernet para trabajo inalámbrico a través de Wi Fi; un (1) amplificador de poder que sea capaz de reproducir quinientos (500) Watts (RMS) a 2 ohm por canal para frecuencias altas; Un (1) amplificador de poder que sea capaz de reproducir dos mil (2.000) Watts (RMS) a 2 ohm por canal para frecuencias medias; ocho (8) subwoofer pasivos 1x18" de alta potencia para bajas frecuencias con bobina móvil de 100mm capacidad de salida cuatrocientos (400) Watts RMS (SPL 103 dB) respuesta de frecuencia +/- 3 dB 43 Hz – 320 Hz -10 dB 34 Hz; un (1) amplificador de cuatro (4) canales capaz de reproducir dos mil quinientos (2.500) Watts (RMS) a 2 Ohms por canal para frecuencias bajas; una (1) consola digital con capacidad de treinta y dos (32) canales de entrada y dieciséis (16) salidas auxiliares con sistema de mezcla inalámbrico a través de Ipad; dos (2) snakes digitales (stage box) de dieciséis (16) canales de entrada y ocho (8) salidas auxiliares con cables UTP categoría seis (6) para exteriores de mínimo cincuenta (50) metros de longitud; cuatro (4) monitores de piso compuesto por dos (2) parlantes de 12" y un driver de 3", capacidad de salida de quinientos (500) Watts RMS (max SPL 134dB) a 16 Ohms, cobertura 80°x60°, respuesta de frecuencia (-3 dB) 56Hz -5.7kHz, angulación del monitor 50°; un (1) amplificador de cuatro (4) canales capaz de reproducir dos mil quinientos (2.500) Watts (RMS) a 2 Ohms por canal para monitores de tarima; dos (2) sistemas de side fill compuesto por una (1) cabina convencional, la cabina deberá contar con dos (2) parlantes de 15" y un (1) driver de 3" con capacidad de salida de 500 Watts RMS respuesta de frecuencia (-3db):46Hz-17kHz.SPL máximo a 1 m: 120dB/126dB (Pico) y un (1) subwoofer pasivo 1x18" de alta potencia para bajas frecuencias con bobina móvil de capacidad de salida cuatrocientos (400) Watts RMS (SPL 103 dB) respuesta de frecuencia +/- 3 dB 43 Hz – 320 Hz -10 dB 34 Hz; tres (3) microfonos vocales inalámbricos con combinador de antena y antena; Seis (6) micrófonos inalámbricos vocales de diadema con receptor inalámbrico individual, conectores de salida XLR, un (1) kit de microfoneria para batería (mínimo 8 micrófonos); un (1) kit de microfoneria para instrumentos (mínimo 12 micrófonos); un (1) kit de microfoneria vocal (mínimo 4 micrófonos), un (1) ingeniero de sonido, un (1) técnico para escenario y dos (2) auxiliares para instalación, operación y desinstalación, debe incluir transporte de carga y todos los accesorios que garanticen su correcta instalación y funcionamiento conforme a la programación establecida por la Alcaldia Local de Bosa.el servicio de alquiler por diez (10) horas | E89: El servicio de alquiler del Alquiler de sonido se debe disponer mínimo cuatro (4) horas antes del inicio del evento para realizar la ubicación y así garantizar el correcto desarrollo del evento, incluye transporte de carga y personal para la instalación y desmontaje en el lugar y horario establecido por la Alcaldía Local de Bosa. | F89: UN | G89: 1 | H89: =CosteoIndividual!P89 -> 3384152 | I89: =IFERROR(H89*G89,"") -> 3384152 | J89: =CosteoIndividual!R89 -> Proceso SECOP II FDLB-ES-C-076-2025 | K89: =CosteoIndividual!S89 -> 17891.634 | L89: =CosteoIndividual!T89 -> 0.0052868892 | M89: =IF(L89="","",IF(L89<0.15,"Promedio","Mediana")) -> Promedio
B90: 85 | C90: Alquiler de sonido tipo line array tipo 2 | D90: Sistema de sonido line array pasivo para intemperie compuesto por doce (12) cajas (seis (6) por arreglo L y seis (6) por arreglo R) que sea capaz de reproducir seis mil (6.000) watts RMS (max SPL 132dB Low - 136db Hi), las cabinas line array deberán tener las siguientes características: respuesta de frecuencia (-3 dB) HF: 900Hz - 16kHz, LF: 50Hz - 4KHz, doble parlante de 12" y doble Driver 3"; un (1) procesador de señal de ocho (8) entradas x ocho (8) salidas con conectividad Ethernet para trabajo inalámbrico a través de Wi Fi; dos (2) amplificadores de poder que sean capaz de reproducir quinientos (500) Watts (RMS) a 2 ohm por canal para frecuencias altas; dos (2) amplificadores de poder que sean capaz de reproducir dos mil (2.000) Watts (RMS) a 2 ohm por canal para frecuencias medias; doce (12) subwoofer pasivos 1x18" de alta potencia para bajas frecuencias con bobina móvil de 100mm capacidad de salida cuatrocientos (400) Watts RMS (SPL 103 dB) respuesta de frecuencia +/- 3 dB 43 Hz – 320 Hz -10 dB 34 Hz; un (1) amplificador de cuatro (4) canales capaz de reproducir dos mil quinientos (2.500) Watts (RMS) a 2 Ohms por canal para frecuencias bajas; dos (2) consolas digitales con capacidad de treinta y dos (32) canales de entrada y dieciséis (16) salidas auxiliares con sistema de mezcla inalámbrico a través de Ipad; dos (2) snakes digitales (stage box) de dieciséis (16) canales de entrada y ocho (8) salidas auxiliares con cables UTP categoría seis (6) para exteriores de mínimo cien (100) metros de longitud; seis (6) monitores de piso compuesto por dos (2) parlantes de 12" y un driver de 3", capacidad de salida de quinientos (500) Watts RMS (max SPL 134dB) a 16 Ohms, cobertura 80°x60°, respuesta de frecuencia (-3 dB) 56Hz -5.7kHz, angulación del monitor 50°; un (1) amplificador de cuatro (4) canales capaz de reproducir dos mil quinientos (2.500) Watts (RMS) a 2 Ohms por canal para monitores de tarima; dos (2) sistemas de side fill compuesto por una (1) cabina convencional, la cabina deberá contar con dos (2) parlantes de 15" y un (1) driver de 3" con capacidad de salida de 500 Watts RMS respuesta de frecuencia (-3db):46Hz-17kHz.SPL máximo a 1 m: 120dB/126dB (Pico) y un (1) subwoofer pasivo 1x18" de alta potencia para bajas frecuencias con bobina móvil de capacidad de salida cuatrocientos (400) Watts RMS (SPL 103 dB) respuesta de frecuencia +/- 3 dB 43 Hz – 320 Hz -10 dB 34 Hz; tres (3) microfonos vocales inalámbricos con combinador de antena y antena; Seis (6) micrófonos inalámbricos vocales de diadema con receptor inalámbrico individual, conectores de salida XLR, un (1) kit de microfoneria para batería (mínimo 8 micrófonos); un (1) kit de microfoneria para instrumentos (mínimo 12 micrófonos); un (1) kit de microfoneria vocal (mínimo 4 micrófonos), dos (2) ingenieros de sonido, dos (2) técnicos para escenario y dos (2) auxiliares para inatalación, operación y desinstalación, debe incluir transporte de carga y todos los accesorios que garanticen su correcta instalación y funcionamiento conforme a la programación establecida por la Alcaldia Local de Bosael servicio de alquiler por diez (10) horas | E90: El servicio de alquiler del Alquiler de sonido se debe disponer mínimo seis (6) horas antes del inicio del evento para realizar la ubicación y así garantizar el correcto desarrollo del evento, incluye transporte de carga y personal para la instalación y desmontaje en el lugar y horario establecido por la Alcaldía Local de Bosa. | F90: UN | G90: 1 | H90: =CosteoIndividual!P90 -> 4237754 | I90: =IFERROR(H90*G90,"") -> 4237754 | J90: =CosteoIndividual!R90 -> Proceso SECOP II FDLB-ES-C-076-2025 | K90: =CosteoIndividual!S90 -> 22404.557 | L90: =CosteoIndividual!T90 -> 0.0052868937 | M90: =IF(L90="","",IF(L90<0.15,"Promedio","Mediana")) -> Promedio
B91: 86 | C91: Alquiler de sonido tipo line array tipo 3 | D91: Sistema de sonido line array pasivo para intemperie compuesto por dieciseis (16) cajas (ocho (8) por arreglo L y ocho (8) por arreglo R) que sea capaz de reproducir seis mil (6.000) watts RMS (max SPL 132dB Low - 136db Hi), las cabinas line array deberán tener las siguientes características: respuesta de frecuencia (-3 dB) HF: 900Hz - 16kHz, LF: 50Hz - 4KHz, doble parlante de 12" y doble Driver 3"; un (1) procesador de señal de ocho (8) entradas x ocho (8) salidas con conectividad Ethernet para trabajo inalámbrico a través de Wi Fi; dos (2) amplificadores de poder que sean capaz de reproducir quinientos (500) Watts (RMS) a 2 ohm por canal para frecuencias altas; dos (2) amplificadores de poder que sean capaz de reproducir dos mil (2.000) Watts (RMS) a 2 ohm por canal para frecuencias medias; doce (12) subwoofer pasivos 1x18" de alta potencia para bajas frecuencias con bobina móvil de 100mm capacidad de salida cuatrocientos (400) Watts RMS (SPL 103 dB) respuesta de frecuencia +/- 3 dB 43 Hz – 320 Hz -10 dB 34 Hz; un (1) amplificador de cuatro (4) canales capaz de reproducir dos mil quinientos (2.500) Watts (RMS) a 2 Ohms por canal para frecuencias bajas; dos (2) consolas digitales con capacidad de treinta y dos (32) canales de entrada y dieciséis (16) salidas auxiliares con sistema de mezcla inalámbrico a través de Ipad; dos (2) snakes digitales (stage box) de dieciséis (16) canales de entrada y ocho (8) salidas auxiliares con cables UTP categoría seis (6) para exteriores de mínimo cien (100) metros de longitud; seis (6) monitores de piso compuesto por dos (2) parlantes de 12" y un driver de 3", capacidad de salida de quinientos (500) Watts RMS (max SPL 134dB) a 16 Ohms, cobertura 80°x60°, respuesta de frecuencia (-3 dB) 56Hz -5.7kHz, angulación del monitor 50°; un (1) amplificador de cuatro (4) canales capaz de reproducir dos mil quinientos (2.500) Watts (RMS) a 2 Ohms por canal para monitores de tarima; dos (2) sistemas de side fill compuesto por una (1) cabina convencional, la cabina deberá contar con dos (2) parlantes de 15" y un (1) driver de 3" con capacidad de salida de 500 Watts RMS respuesta de frecuencia (-3db):46Hz-17kHz.SPL máximo a 1 m: 120dB/126dB (Pico) y un (1) subwoofer pasivo 1x18" de alta potencia para bajas frecuencias con bobina móvil de capacidad de salida cuatrocientos (400) Watts RMS (SPL 103 dB) respuesta de frecuencia +/- 3 dB 43 Hz – 320 Hz -10 dB 34 Hz; dos (2) sistemas de Brass fill compuesto por una (1) cabina convencional con un (1) parlante de 15" y un (1) driver de 3"; tres (3) microfonos vocales inalámbricos con combinador de antena y antena; Seis (6) micrófonos inalámbricos vocales de diadema con receptor inalámbrico individual, conectores de salida XLR, un (1) kit de microfoneria para batería (mínimo 8 micrófonos); un (1) kit de microfoneria para instrumentos (mínimo 12 micrófonos); un (1) kit de microfoneria vocal (mínimo 4 micrófonos), dos (2) ingenieros de sonido, dos (2) técnicos para escenario y dos (2) auxiliares para instalación, operación y desinstalación, debe incluir transporte de carga y todos los accesorios que garanticen su correcta instalación y funcionamiento conforme a la programación establecida por la Alcaldia Local de Bosael servicio de alquiler por diez (10) horas | E91: El servicio de alquiler del Alquiler de sonido se debe disponer mínimo seis (6) horas antes del inicio del evento para realizar la ubicación y así garantizar el correcto desarrollo del evento, incluye transporte de carga y personal para la instalación y desmontaje en el lugar y horario establecido por la Alcaldía Local de Bosa. | F91: UN | G91: 1 | H91: =CosteoIndividual!P91 -> 7401715 | I91: =IFERROR(H91*G91,"") -> 7401715 | J91: =CosteoIndividual!R91 -> Proceso SECOP II FDLB-ES-C-076-2025 | K91: =CosteoIndividual!S91 -> 39132.102 | L91: =CosteoIndividual!T91 -> 0.0052868965 | M91: =IF(L91="","",IF(L91<0.15,"Promedio","Mediana")) -> Promedio
B92: 87 | C92: Alquiler de tarima estructural tipo 1 | D92: Alquiler de Tarima estructural de doce (12) metros de ancho x doce (12) metros profundidad y una altura regulable desde el piso entre ochenta (0,80) centímetros y un metro con noventa centímetros (1,90), recubierta en su totalidad por faldón de color negro con dos (2) escaleras de acceso, accesorios, transporte de carga y personal para ser instalada y desinstalada en el lugar dispuesto por la Alcaldía Local de Bosa, los elementos que componen la tarima estructural deben estar en perfecto estado estético y de funcionamiento para garantizar la seguridad de los participantes y asistentes al evento.el servicio de alquiler por diez (10) horas | E92: El servicio de alquiler de la Tarima Estructural se debe disponer mínimo cinco (5) horas antes del inicio del evento para realizar la ubicación y así garantizar el correcto desarrollo del evento, incluye transporte de carga y personal para la instalación y desmontaje en el lugar y horario establecido por la Alcaldía Local de Bosa. | F92: UN | G92: 1 | H92: =CosteoIndividual!P92 -> 3380786 | I92: =IFERROR(H92*G92,"") -> 3380786 | J92: =CosteoIndividual!R92 -> Proceso SECOP II FDLB-ES-C-076-2025 | K92: =CosteoIndividual!S92 -> 17873.984 | L92: =CosteoIndividual!T92 -> 0.0052869316 | M92: =IF(L92="","",IF(L92<0.15,"Promedio","Mediana")) -> Promedio
B93: 88 | C93: Alquiler de tarima estructural tipo 2 | D93: Alquiler de Tarima estructural de doce (12) metros de ancho x seis (6) metros profundidad y una altura regulable desde el piso entre ochenta (0,80) centímetros y un metro con noventa centímetros (1,90), recubierta en su totalidad por faldón de color negro con dos (2) escaleras de acceso, accesorios, transporte de carga y personal para ser instalada y desinstalada en el lugar dispuesto por la Alcaldía Local de Bosa, los elementos que componen la tarima estructural deben estar en perfecto estado estético y de funcionamiento para garantizar la seguridad de los participantes y asistentes al evento.el servicio de alquiler por diez (10) horas | E93: El servicio de alquiler de la Tarima Estructural se debe disponer mínimo cinco (5) horas antes del inicio del evento para realizar la ubicación y así garantizar el correcto desarrollo del evento, incluye transporte de carga y personal para la instalación y desmontaje en el lugar y horario establecido por la Alcaldía Local de Bosa. | F93: UN | G93: 1 | H93: =CosteoIndividual!P93 -> 1738484 | I93: =IFERROR(H93*G93,"") -> 1738484 | J93: =CosteoIndividual!R93 -> Proceso SECOP II FDLB-ES-C-076-2025 | K93: =CosteoIndividual!S93 -> 9191.3075 | L93: =CosteoIndividual!T93 -> 0.0052869656 | M93: =IF(L93="","",IF(L93<0.15,"Promedio","Mediana")) -> Promedio
... B96: 91 | C96: Alquiler de tarima estructural tipo 5 | D96: Alquiler de Tarima estructural de cuatro metros con ochenta centímetros (4,80) de ancho x tres metros con sesenta centímetros (3,60) profundidad y una altura regulable desde el piso entre ochenta (0,80) centímetros y un metro con noventa centímetros (1,90), recubierta en su totalidad por faldón de color negro con dos (2) escaleras de acceso, accesorios, transporte de carga y personal para ser instalada y desinstalada en el lugar dispuesto por la Alcaldía Local de Bosa, los elementos que componen la tarima estructural deben estar en perfecto estado estético y de funcionamiento para garantizar la seguridad de los participantes y asistentes al evento.el servicio de alquiler por diez (10) horas | E96: El servicio de alquiler de la Tarima Estructural se debe disponer mínimo cinco (5) horas antes del inicio del evento para realizar la ubicación y así garantizar el correcto desarrollo del evento, incluye transporte de carga y personal para la instalación y desmontaje en el lugar y horario establecido por la Alcaldía Local de Bosa. | F96: UN | G96: 1 | H96: =CosteoIndividual!P96 -> 889512 | I96: =IFERROR(H96*G96,"") -> 889512 | J96: =CosteoIndividual!R96 -> Proceso SECOP II FDLB-ES-C-076-2025 | K96: =CosteoIndividual!S96 -> 4702.7794 | L96: =CosteoIndividual!T96 -> 0.0052869191 | M96: =IF(L96="","",IF(L96<0.15,"Promedio","Mediana")) -> Promedio
B97: 92 | C97: Alquiler de teatro | D97: Alquiler de un teatro o auditorio escénico con una capacidad mínima para 300 personas sentadas, adecuado para la realización de eventos culturales, artísticos o institucionales. El espacio debe contar con condiciones técnicas, acústicas y logísticas que garanticen una experiencia segura y de calidad tanto para el público como para los participantes.El servicio de alquiler por ocho (8) horas | F97: UN | G97: 1 | H97: =CosteoIndividual!P97 -> 8886329 | I97: =IFERROR(H97*G97,"") -> 8886329 | J97: =CosteoIndividual!R97 -> Proceso SECOP II FDLB-ES-C-076-2025 | K97: =CosteoIndividual!S97 -> 46981.02 | L97: =CosteoIndividual!T97 -> 0.0052868874 | M97: =IF(L97="","",IF(L97<0.15,"Promedio","Mediana")) -> Promedio
B98: 93 | C98: Alquiler de televisor LED tipo 1 | D98: Alquiler de Televisor led de cuarenta (40) pulgadas (") con base alta soportada desde el piso o con base a nivel del piso que permita la angulación de entre 30 y 45 grados (°) que incluya cables de señal, sistema de electricidad, accesorios, transporte de carga, personal técnico para su instalación, operación y desmontaje conforme a la programación establecida por la Alcaldía Local de Bosa.el servicio de alquiler por diez (10) horas | E98: El servicio de alquiler del televisor se debe disponer una (1) hora ante del inicio del evento para realizar pruebas y así garantizar el correcto funcionamiento, incluye transporte y personal para la instalación, operación y desmontaje en el lugar y horario establecido por la Alcaldía Local de Bosa. | F98: UN | G98: 1 | H98: =CosteoIndividual!P98 -> 637813 | I98: =IFERROR(H98*G98,"") -> 637813 | J98: =CosteoIndividual!R98 -> Proceso SECOP II FDLB-ES-C-076-2025 | K98: =CosteoIndividual!S98 -> 3371.9714 | L98: =CosteoIndividual!T98 -> 0.0052867711 | M98: =IF(L98="","",IF(L98<0.15,"Promedio","Mediana")) -> Promedio
B99: 94 | C99: Alquiler de televisor LED tipo 2 | D99: Alquiler de Televisor led de cincuenta (50) pulgadas (") con base alta soportada desde el piso o con base a nivel del piso que permita la angulación de entre 30 y 45 grados (°) que incluya cables de señal, sistema de electricidad, accesorios, transporte de carga, personal técnico para su instalación, operación y desmontaje conforme a la programación establecida por la Alcaldía Local de Bosa.el servicio de alquiler por diez (10) horas | E99: El servicio de alquiler del televisor se debe disponer una (1) hora ante del inicio del evento para realizar pruebas y así garantizar el correcto funcionamiento, incluye transporte y personal para la instalación, operación y desmontaje en el lugar y horario establecido por la Alcaldía Local de Bosa. | F99: UN | G99: 1 | H99: =CosteoIndividual!P99 -> 742931 | I99: =IFERROR(H99*G99,"") -> 742931 | J99: =CosteoIndividual!R99 -> Proceso SECOP II FDLB-ES-C-076-2025 | K99: =CosteoIndividual!S99 -> 3927.9316 | L99: =CosteoIndividual!T99 -> 0.0052870746 | M99: =IF(L99="","",IF(L99<0.15,"Promedio","Mediana")) -> Promedio
B100: 95 | C100: Alquiler de televisor LED tipo 3 | D100: Alquiler de Televisor led de sesenta y cinco (65) pulgadas (") con base alta soportada desde el piso o con base a nivel del piso que permita la angulación de entre 30 y 45 grados (°) que incluya cables de señal, sistema de electricidad, accesorios, transporte de carga, personal técnico para su instalación, operación y desmontaje conforme a la programación establecida por la Alcaldía Local de Bosa.el servicio de alquiler por diez (10) horas | E100: El servicio de alquiler del televisor se debe disponer una (1) hora ante del inicio del evento para realizar pruebas y así garantizar el correcto funcionamiento, incluye transporte y personal para la instalación, operación y desmontaje en el lugar y horario establecido por la Alcaldía Local de Bosa. | F100: UN | G100: 1 | H100: =CosteoIndividual!P100 -> 885464 | I100: =IFERROR(H100*G100,"") -> 885464 | J100: =CosteoIndividual!R100 -> Proceso SECOP II FDLB-ES-C-076-2025 | K100: =CosteoIndividual!S100 -> 4681.4258 | L100: =CosteoIndividual!T100 -> 0.0052869731 | M100: =IF(L100="","",IF(L100<0.15,"Promedio","Mediana")) -> Promedio
B101: 96 | C101: Alquiler de televisor LED tipo 4 | D101: Alquiler de Televisor led de setenta y cinco (75) pulgadas (") con base alta soportada desde el piso o con base a nivel del piso que permita la angulación de entre 30 y 45 grados (°) que incluya cables de señal, sistema de electricidad, accesorios, transporte de carga, personal técnico para su instalación, operación y desmontaje conforme a la programación establecida por la Alcaldía Local de Bosa.el servicio de alquiler por diez (10) horas | E101: El servicio de alquiler del televisor se debe disponer una (1) hora antes del inicio del evento para realizar pruebas y así garantizar el correcto funcionamiento, incluye transporte y personal para la instalación, operación y desmontaje en el lugar y horario establecido por la Alcaldía Local de Bosa. | F101: UN | G101: 1 | H101: =CosteoIndividual!P101 -> 972766 | I101: =IFERROR(H101*G101,"") -> 972766 | J101: =CosteoIndividual!R101 -> Proceso SECOP II FDLB-ES-C-076-2025 | K101: =CosteoIndividual!S101 -> 5142.8101 | L101: =CosteoIndividual!T101 -> 0.0052867902 | M101: =IF(L101="","",IF(L101<0.15,"Promedio","Mediana")) -> Promedio
B102: 97 | C102: Alquiler de videobeam | D102: VIDEO BEAM 8000 LUMENS. Tipo 3LCD Brillo.8.000 Contraste 10.000:1. Resolución XGA 1024x768, Duración de la lámpara [h.] 4.000. Warranty: Projector 3 years / Lamp 500 hours. Funciones: Edge Blending, warping, DICOM, HDBaseT Output, Display Port input, zoom y enfoque motorizado, lens shift horizontal y vertical, lente intercambiable. WIFI, bluetooth, entrada USB.el servicio de alquiler por diez (10) horas | E102: Ver anexo técnico | F102: UN | G102: 1 | H102: =CosteoIndividual!P102 -> 1401752 | I102: =IFERROR(H102*G102,"") -> 1401752 | J102: =CosteoIndividual!R102 -> Proceso SECOP II FDLB-ES-C-076-2025 | K102: =CosteoIndividual!S102 -> 7410.9007 | L102: =CosteoIndividual!T102 -> 0.0052868855 | M102: =IF(L102="","",IF(L102<0.15,"Promedio","Mediana")) -> Promedio
B103: 98 | C103: Alquiler kit de iluminación para espectáculos tipo 1 | D103: Alquiler kit de iluminación para espectáculos compuesto por seis (6) par Led RGBW, cuatro (4) cabezas móviles hibridas, una (1) consola o controlador que cuente con la capacidad con controlar y dirigir toda la iluminación, una (1) maquina de humo, un (1) técnico operador de iluminación para instalación, operación y desmontaje del kit de iluminación por un lapso de diez (10) horas conforme a la programación establecida por la Alcaldía Local de Bosa.el servicio de alquiler por diez (10) horas | E103: El servicio de Alquiler Kit de iluminación se debe disponer cuatro (4) horas antes del inicio del evento para realizar pruebas y así garantizar el correcto funcionamiento, incluye transporte y personal para la instalación, operación y desmontaje en el lugar y horario establecido por la Alcaldía Local de Bosa. | F103: UN | G103: 1 | H103: =CosteoIndividual!P103 -> 1581502 | I103: =IFERROR(H103*G103,"") -> 1581502 | J103: =CosteoIndividual!R103 -> Proceso SECOP II FDLB-ES-C-076-2025 | K103: =CosteoIndividual!S103 -> 8361.1174 | L103: =CosteoIndividual!T103 -> 0.0052868199 | M103: =IF(L103="","",IF(L103<0.15,"Promedio","Mediana")) -> Promedio
B104: 99 | C104: Alquiler kit de iluminación para espectáculos tipo 2 | D104: Alquiler kit de iluminación para espectáculos compuesto por doce (12) par Led RGBW, seis (6) cabezas móviles hibridas, una (1) consola o controlador que cuente con la capacidad con controlar y dirigir toda la iluminación, una (1) maquina de humo, un (1) técnico operador de iluminación para instalación, operación y desmontaje del kit de iluminación por un lapso de diez (10) horas conforme a la programación establecida por la Alcaldía Local de Bosa.el servicio de alquiler por diez (10) horas | E104: El servicio de Alquiler Kit de iluminación se debe disponer cuatro (4) horas antes del inicio del evento para realizar pruebas y así garantizar el correcto funcionamiento, incluye transporte y personal para la instalación, operación y desmontaje en el lugar y horario establecido por la Alcaldía Local de Bosa. | F104: UN | G104: 1 | H104: =CosteoIndividual!P104 -> 2294168 | I104: =IFERROR(H104*G104,"") -> 2294168 | J104: =CosteoIndividual!R104 -> Proceso SECOP II FDLB-ES-C-076-2025 | K104: =CosteoIndividual!S104 -> 12129.154 | L104: =CosteoIndividual!T104 -> 0.0052869513 | M104: =IF(L104="","",IF(L104<0.15,"Promedio","Mediana")) -> Promedio
B105: 100 | C105: Alquiler kit de iluminación para espectáculos tipo 3 | D105: Alquiler kit de iluminación para espectáculos compuesto por veinticuatro (24) par Led RGBW, doce (12) cabezas móviles hibridas, cuatro (4) blinder Led bicolor de cuatro (4) bombillas, dos (2) mega estrober Led, una (1) consola o controlador que cuente con la capacidad con controlar y dirigir toda la iluminación, una (1) maquina de humo, un (1) técnico operador y un (1) auxiliar de iluminación para instalación, operación y desmontaje del kit de iluminación por un lapso de diez (10) horas conforme a la programación establecida por la Alcaldía Local de Bosa.el servicio de alquiler por diez (10) horas | E105: El servicio de Alquiler Kit de iluminación se debe disponer cuatro (4) horas antes del inicio del evento para realizar pruebas y así garantizar el correcto funcionamiento, incluye transporte y personal para la instalación, operación y desmontaje en el lugar y horario establecido por la Alcaldía Local de Bosa. | F105: UN | G105: 1 | H105: =CosteoIndividual!P105 -> 3738548 | I105: =IFERROR(H105*G105,"") -> 3738548 | J105: =CosteoIndividual!R105 -> Proceso SECOP II FDLB-ES-C-076-2025 | K105: =CosteoIndividual!S105 -> 19765.308 | L105: =CosteoIndividual!T105 -> 0.0052868943 | M105: =IF(L105="","",IF(L105<0.15,"Promedio","Mediana")) -> Promedio
B106: 101 | C106: Alquiler kit de iluminación para espectáculos tipo 4 | D106: Alquiler kit de iluminación para espectáculos compuesto por treinta y seis (36) par Led RGBW, dieciocho (18) cabezas móviles hibridas, cuatro (4) blinder Led bicolor de cuatro (4) bombillas, cuatro (4) mega estrober Led, una (1) consola o controlador que cuente con la capacidad con controlar y dirigir toda la iluminación, una (1) maquina de humo, un (1) técnico operador y un (1) auxiliar de iluminación para instalación, operación y desmontaje del kit de iluminación por un lapso de diez (10) horas conforme a la programación establecida por la Alcaldía Local de Bosa.el servicio de alquiler por diez (10) horas | E106: El servicio de Alquiler Kit de iluminación se debe disponer cuatro (4) horas antes del inicio del evento para realizar pruebas y así garantizar el correcto funcionamiento, incluye transporte y personal para la instalación, operación y desmontaje en el lugar y horario establecido por la Alcaldía Local de Bosa. | F106: UN | G106: 1 | H106: =CosteoIndividual!P106 -> 6256436 | I106: =IFERROR(H106*G106,"") -> 6256436 | J106: =CosteoIndividual!R106 -> Proceso SECOP II FDLB-ES-C-076-2025 | K106: =CosteoIndividual!S106 -> 33077.188 | L106: =CosteoIndividual!T106 -> 0.0052869058 | M106: =IF(L106="","",IF(L106<0.15,"Promedio","Mediana")) -> Promedio
B107: 102 | C107: Alquiler kit de iluminación para espectáculos tipo 5 | D107: Alquiler kit de iluminación para espectáculos compuesto por treinta y seis (36) par Led RGBW, veinticuatro (24) cabezas móviles hibridas, seis (6) blinder Led bicolor de cuatro (4) bombillas, seis (6) mega estrober Led, una (1) consola o controlador que cuente con la capacidad con controlar y dirigir toda la iluminación, distribuidor principal de electricidad con indicadores de voltaje, amperaje, breaker principal y breakers auxiliares, distribuidores auxiliares de electricidad (los necesarios), extensiones para electricidad (las necesarias), parciales dos (2) maquinas de humo, un (1) técnico operador y un (1) auxiliar de iluminación para instalación, operación y desmontaje del kit de iluminación por un lapso de diez (10) horas conforme a la programación establecida por la Alcaldía Local de Bosa.el servicio de alquiler por diez (10) horas | E107: El servicio de Alquiler Kit de iluminación se debe disponer cuatro (4) horas antes del inicio del evento para realizar pruebas y así garantizar el correcto funcionamiento, incluye transporte y personal para la instalación, operación y desmontaje en el lugar y horario establecido por la Alcaldía Local de Bosa. | F107: UN | G107: 1 | H107: =CosteoIndividual!P107 -> 8532568 | I107: =IFERROR(H107*G107,"") -> 8532568 | J107: =CosteoIndividual!R107 -> Proceso SECOP II FDLB-ES-C-076-2025 | K107: =CosteoIndividual!S107 -> 45110.752 | L107: =CosteoIndividual!T107 -> 0.0052868902 | M107: =IF(L107="","",IF(L107<0.15,"Promedio","Mediana")) -> Promedio
B108: 103 | C108: Alquiler pantalla de proyección tipo 1 | D108: Alquiler de pantalla de proyección frontal o trasera que incluya telón con estructura soportada en el piso o apta para ser izada con proyector con base soportada en el piso o apta para ser izada, que incluya computador para la proyección de material audiovisual, cables de señal, sistema de electricidad, accesorios, transporte de carga, personal técnico y auxiliar para su instalación, operación y desmontaje conforme a la programación establecida por la Alcaldía Local de Bosa.el servicio de alquiler por diez (10) horas | E108: El servicio de alquiler de pantalla de proyección se debe disponer cuatro (4) horas antes del inicio del evento para realizar pruebas y así garantizar el correcto funcionamiento, incluye transporte y personal para la instalación, operación y desmontaje en el lugar y horario establecido por la Alcaldía Local de Bosa. | F108: UN | G108: 1 | H108: =CosteoIndividual!P108 -> 2293178 | I108: =IFERROR(H108*G108,"") -> 2293178 | J108: =CosteoIndividual!R108 -> Proceso SECOP II FDLB-ES-C-076-2025 | K108: =CosteoIndividual!S108 -> 12123.735 | L108: =CosteoIndividual!T108 -> 0.0052868717 | M108: =IF(L108="","",IF(L108<0.15,"Promedio","Mediana")) -> Promedio
B109: 104 | C109: Alquiler tarima modular movil | D109: Alquiler de tarima modular movil , hasta 900 Kg por metro cuadrado. Diferentes formas: Sistema de pliegue rápido, se logra armar y desarmar Varios niveles de alturas desde 20 cm, 40 cm, 60 cm , 80 cm , superficies de 100 x 100 cm. el servicio de alquiler por diez (10) horas | E109: Ver anexo técnico | F109: UN | G109: 1 | H109: =CosteoIndividual!P109 -> 356133 | I109: =IFERROR(H109*G109,"") -> 356133 | J109: =CosteoIndividual!R109 -> Proceso SECOP II FDLB-ES-C-076-2025 | K109: =CosteoIndividual!S109 -> 1882.8363 | L109: =CosteoIndividual!T109 -> 0.005286884 | M109: =IF(L109="","",IF(L109<0.15,"Promedio","Mediana")) -> Promedio
... B112: 107 | C112: Cuadrilla De Primeros Auxilios Certificados | D112: Cuadrilla de primeros auxilios certificados (Mínimo 3 personas). Título de Bachiller en cualquiera de sus modalidades. Certificado en primeros auxilios. Experiencia general mínima de un (1) año. Mínimo dos (2) certificaciones de experiencia en apoyo de eventos - Tiempo de Alquiler 1 Día. | E112: Cuadrilla por día y/o evento | F112: UN | G112: 1 | H112: =CosteoIndividual!P112 -> 550831 | I112: =IFERROR(H112*G112,"") -> 550831 | J112: =CosteoIndividual!R112 -> Proceso SECOP II FDLB-ES-C-076-2025 | K112: =CosteoIndividual!S112 -> 2912.1779 | L112: =CosteoIndividual!T112 -> 0.0052868815 | M112: =IF(L112="","",IF(L112<0.15,"Promedio","Mediana")) -> Promedio
B113: 108 | C113: Decoración Temática | D113: Arco o entrada decorativa: Elaborado en estructura metálica o PVC, con telas, globos o vinilos decorativos alusivos a la temática (ej. buen trato, juego, paz, valores). Dimensiones aproximadas: 2,5 m alto x 2 m ancho. Back o fondo principal: Lona impresa o panel en foam board, con diseño gráfico alusivo al evento. Puede incluir logos institucionales, frases clave o ilustraciones. Tamaño sugerido: 2,4 m x 1,8 m. Módulos decorativos móviles: Figuras en cartón, espuma o madera liviana representando personajes, símbolos, elementos pedagógicos o lúdicos (ej. piezas de ajedrez, corazones, manos, mensajes). Tiras de banderines, cintas o telas decorativas: Para delimitar espacios y dar color. Material: tela liviana o papel tipo kraft, en colores institucionales o de la campaña. Decoración de piso: Tapetes, caminos de colores, huellas o gráficos adhesivos que guíen la experiencia o promuevan el recorrido. Estaciones interactivas o temáticas: Espacios decorados con mesas o módulos para juegos, reflexiones o talleres, identificados con señalética visual. | F113: UN | G113: 1 | H113: =CosteoIndividual!P113 -> 2013747 | I113: =IFERROR(H113*G113,"") -> 2013747 | J113: =CosteoIndividual!R113 -> Proceso SECOP II FDLB-ES-C-076-2025 | K113: =CosteoIndividual!S113 -> 10646.589 | L113: =CosteoIndividual!T113 -> 0.0052869547 | M113: =IF(L113="","",IF(L113<0.15,"Promedio","Mediana")) -> Promedio
B114: 109 | C114: Desayuno | D114: Servicio de desayuno compuesto por una (1) Porción de fruta, una (1) porción de huevos: Pericos y/o mazorca y/o salchicha y/o jamón, y/o queso, una (1) Bebida Café y/o chocolate y/o jugo (envase tetra pack y/o botella plástica desechable), Pan y/o galletas integrales y/o tostadas, todos los alimentos relacionados en esta descripción técnica deberán estar en empaques desechables biodegradables aptos para el almacenamiento y transporte de alimentos preparados que incluya cuchara, tenedor, cuchillo, servilleta, para ser entregados conforme a la programación establecida por la Alcaldía Local de Bosa | F114: UN | G114: 1 | H114: =CosteoIndividual!P114 -> 21021 | I114: =IFERROR(H114*G114,"") -> 21021 | J114: =CosteoIndividual!R114 -> Proceso SECOP II FDLB-ES-C-076-2025 | K114: =CosteoIndividual!S114 -> 111.06721 | L114: =CosteoIndividual!T114 -> 0.0052836985 | M114: =IF(L114="","",IF(L114<0.15,"Promedio","Mediana")) -> Promedio
B115: 110 | C115: Material POP 1 | D115: Afiche - Tamaño final: 28cm ancho x 45cm alto | Impresión: a cuatricromía (4x0) digital | Policromía Papel: PAPELES ESMALTADOS C2S GLOSS de 200gr/m2Finalización: Cortar a tamaño final | Según las referencias o diseños que requiera la ENTIDAD. | Incluye entrega en Bosa | E115: Por Unidad - Incluye gastos de entrega e impuestos (si aplica) | F115: UN | G115: 1 | H115: =CosteoIndividual!P115 -> 2282 | I115: =IFERROR(H115*G115,"") -> 2282 | J115: =CosteoIndividual!R115 -> Proceso SECOP II FDLB-ES-C-076-2025 | K115: =CosteoIndividual!S115 -> 11.984868 | L115: =CosteoIndividual!T115 -> 0.0052527395 | M115: =IF(L115="","",IF(L115<0.15,"Promedio","Mediana")) -> Promedio
B116: 111 | C116: Material POP 10 | D116: Camisetas - T-Sthirt en algodon 100% de 180 gr cuello redondo. Con estampado en policromía al frente de 25cmX20cm y estampado en policromía en espalda de 20cmX15cm Empacada en bolsa plastica en forma individual - color y tallas según solicitud de la entidad - Diseños que envíe Entidad. | E116: Costo unitario¹ - Incluye gastos de entrega e impuestos (si aplica) | F116: UN | G116: 1 | H116: =CosteoIndividual!P116 -> 41322 | I116: =IFERROR(H116*G116,"") -> 41322 | J116: =CosteoIndividual!R116 -> Proceso SECOP II FDLB-ES-C-076-2025 | K116: =CosteoIndividual!S116 -> 218.49976 | L116: =CosteoIndividual!T116 -> 0.0052877714 | M116: =IF(L116="","",IF(L116<0.15,"Promedio","Mediana")) -> Promedio
B117: 112 | C117: Material POP 11 | D117: Canguro En Lona Tipo Riñonera Colores Surtidos De Acuerdo A Solicitud De Cliente Medidas: 14Cm Alto - 36Cm Ancho - 13Cm Profundidad En Material Lona Pvc - 2 Compartimientos Independientes Con Cremallera Estampado O Bordado (Según Solicitud De La Entidad) En Parte Frontal A 2 Colores En Tamaño Mínimo De 6Cmx4Cm | E117: Costo unitario¹ - Incluye gastos de entrega e impuestos (si aplica) | F117: UN | G117: 1 | H117: =CosteoIndividual!P117 -> 46510 | I117: =IFERROR(H117*G117,"") -> 46510 | J117: =CosteoIndividual!R117 -> Proceso SECOP II FDLB-ES-C-076-2025 | K117: =CosteoIndividual!S117 -> 246.03001 | L117: =CosteoIndividual!T117 -> 0.0052897778 | M117: =IF(L117="","",IF(L117<0.15,"Promedio","Mediana")) -> Promedio
B118: 113 | C118: Material POP 12 | D118: Capas de lluvia: capa impermeable de lluvia en pvc satin seda 145*190 cm abierta con capota, marcada a 1 tinta el tamaño según lo requiera la entidad. | E118: Costo unitario¹ - Incluye gastos de entrega e impuestos (si aplica) | F118: UN | G118: 1 | H118: =CosteoIndividual!P118 -> 6997 | I118: =IFERROR(H118*G118,"") -> 6997 | J118: =CosteoIndividual!R118 -> Proceso SECOP II FDLB-ES-C-076-2025 | K118: =CosteoIndividual!S118 -> 36.909053 | L118: =CosteoIndividual!T118 -> 0.0052751788 | M118: =IF(L118="","",IF(L118<0.15,"Promedio","Mediana")) -> Promedio
B119: 114 | C119: Material POP 13 | D119: Carné institucional | Impresión de carné en PVC 8.5cm alto x 5cm ancho - impreso full color tiro y retiro con plastificado en ologramas solo tiro Según diseños de la entidad | E119: Por Unidad - Incluye gastos de entrega e impuestos (si aplica) | F119: UN | G119: 1 | H119: =CosteoIndividual!P119 -> 9361 | I119: =IFERROR(H119*G119,"") -> 9361 | J119: =CosteoIndividual!R119 -> Proceso SECOP II FDLB-ES-C-076-2025 | K119: =CosteoIndividual!S119 -> 49.391064 | L119: =CosteoIndividual!T119 -> 0.0052763868 | M119: =IF(L119="","",IF(L119<0.15,"Promedio","Mediana")) -> Promedio
B120: 115 | C120: Material POP 14 | D120: Carpetas institucionales - Tamaño abierto 46.0 x 34,5 cm con 2 bolsillos internos de 8.5 cm. Tamaño cerrado 29.0 cm x 23.0 cm sin incluir el bolsillo. Impresa en policromía por una cara sobre papel esmaltado de 280 gr/m2, boslidllo troquelado interior según diseño y plastificado mate como acabado - Según diseños que envíe Entidad. | E120: Costo unitario¹ - Incluye gastos de entrega e impuestos (si aplica) | F120: UN | G120: 1 | H120: =CosteoIndividual!P120 -> 10400 | I120: =IFERROR(H120*G120,"") -> 10400 | J120: =CosteoIndividual!R120 -> Proceso SECOP II FDLB-ES-C-076-2025 | K120: =CosteoIndividual!S120 -> 55.058447 | L120: =CosteoIndividual!T120 -> 0.0052939355 | M120: =IF(L120="","",IF(L120<0.15,"Promedio","Mediana")) -> Promedio
B121: 116 | C121: Material POP 15 | D121: Cartilla genérica x 1 Unidad - Tamaño final: 250 mm ancho x 25 mm alto Impresión: Cubierta 4 páginas a cuatricromía en ambas caras Interior 20 páginas a cuatricromía en ambas caras Papel: Cubierta PAPELES ESMALTADOS C2S GLOSS de 200gr/m2 | E121: Por Unidad - Incluye gastos de entrega e impuestos (si aplica) | F121: UN | G121: 1 | H121: =CosteoIndividual!P121 -> 39197 | I121: =IFERROR(H121*G121,"") -> 39197 | J121: =CosteoIndividual!R121 -> Proceso SECOP II FDLB-ES-C-076-2025 | K121: =CosteoIndividual!S121 -> 207.33124 | L121: =CosteoIndividual!T121 -> 0.0052895332 | M121: =IF(L121="","",IF(L121<0.15,"Promedio","Mediana")) -> Promedio
B122: 117 | C122: Material POP 16 | D122: Paquete Cartilla genérica x 50 unidades - Tamaño final: 250 mm ancho x 25 mm alto Impresión: Cubierta 4 páginas a cuatricromía en ambas caras Interior 20 páginas a cuatricromía en ambas caras Papel: Cubierta PAPELES ESMALTADOS C2S GLOSS de 200gr/m2 | E122: Costo unitario¹ - Incluye gastos de entrega e impuestos (si aplica) | F122: UN | G122: 1 | H122: =CosteoIndividual!P122 -> 2137998 | I122: =IFERROR(H122*G122,"") -> 2137998 | J122: =CosteoIndividual!R122 -> Proceso SECOP II FDLB-ES-C-076-2025 | K122: =CosteoIndividual!S122 -> 11303.262 | L122: =CosteoIndividual!T122 -> 0.0052868436 | M122: =IF(L122="","",IF(L122<0.15,"Promedio","Mediana")) -> Promedio
B123: 118 | C123: Material POP 17 | D123: Certificados / Diplomas - Tamaño Carta, Full Color, Sutratato En Opalina O Propalcote 200 G | E123: Costo unitario¹ - Incluye gastos de entrega e impuestos (si aplica) | F123: UN | G123: 1 | H123: =CosteoIndividual!P123 -> 3385 | I123: =IFERROR(H123*G123,"") -> 3385 | J123: =CosteoIndividual!R123 -> Proceso SECOP II FDLB-ES-C-076-2025 | K123: =CosteoIndividual!S123 -> 17.907168 | L123: =CosteoIndividual!T123 -> 0.0052899161 | M123: =IF(L123="","",IF(L123<0.15,"Promedio","Mediana")) -> Promedio
B124: 119 | C124: Material POP 18 | D124: Chaquetas rompevientos con capucha y bolsillos tipo impermeable todas las costuras deben estar selladas y contar con sistemas de cierre efectivo en las zonas críticas como la capucha, las muñecas y las mangas. Otra categoría diferente es la resistencia al agua de tela tipo 100% vinilo, completamente impermeable, durable y no se deshilacha. Ripstop – resistente, tallas variadas conforme a las necesidades del FDLB S, M, L, XL Colores variados Estampados con los diseños establecidos por el FDLB | E124: Por Unidad - Incluye gastos de entrega e impuestos (si aplica) | F124: UN | G124: 1 | H124: =CosteoIndividual!P124 -> 169258 | I124: =IFERROR(H124*G124,"") -> 169258 | J124: =CosteoIndividual!R124 -> Proceso SECOP II FDLB-ES-C-076-2025 | K124: =CosteoIndividual!S124 -> 894.79206 | L124: =CosteoIndividual!T124 -> 0.0052865493 | M124: =IF(L124="","",IF(L124<0.15,"Promedio","Mediana")) -> Promedio
B125: 120 | C125: Material POP 19 | D125: Cinta falla con mosqueton Cinta falla gruesa para carnet color según solicitud de la ALB tamaño 95cms de largo * 2cm de ancho marcadas en policromíam resistente al agua, impresas a 4x4 tintas con mosquetón metálico con portacarné formato Vertical en Plástico - COLOR Transparente - TAMAÑO 9cm X 5.8cm ÁREA DE MARCA: A lo largo de la cinta falla gruesa -según diseño que envíe la entidad. | E125: Por Unidad - Incluye gastos de entrega e impuestos (si aplica) | F125: UN | G125: 1 | H125: =CosteoIndividual!P125 -> 5167 | I125: =IFERROR(H125*G125,"") -> 5167 | J125: =CosteoIndividual!R125 -> Proceso SECOP II FDLB-ES-C-076-2025 | K125: =CosteoIndividual!S125 -> 27.421964 | L125: =CosteoIndividual!T125 -> 0.0053074374 | M125: =IF(L125="","",IF(L125<0.15,"Promedio","Mediana")) -> Promedio
B126: 121 | C126: Material POP 2 | D126: Agenda ecológica con notas adhesivas y esfero, cosida de min 75 hojas blancas con broche de cierre, estampada según diseño de la alcaldía. | E126: Costo unitario¹ - Incluye gastos de entrega e impuestos (si aplica) | F126: UN | G126: 1 | H126: =CosteoIndividual!P126 -> 32070 | I126: =IFERROR(H126*G126,"") -> 32070 | J126: =CosteoIndividual!R126 -> Proceso SECOP II FDLB-ES-C-076-2025 | K126: =CosteoIndividual!S126 -> 169.55742 | L126: =CosteoIndividual!T126 -> 0.00528711 | M126: =IF(L126="","",IF(L126<0.15,"Promedio","Mediana")) -> Promedio
... B166: 161 | C166: Material POP 9 | D166: Buzos con capota: Buzo en algodon Perchado con capota unisex en material fleece de alta calidada, y capota en algodón perchado, con topes para ajustar, bolsillos profundos laterales izquiero y derecho tipo canguro. diferentes colores y tallas, bordado o estampado a cuatro tintas según diseño que envié la entidad y logos (de 3 a 4 logos diferentes tamaños). | E166: Por Unidad - Incluye gastos de entrega e impuestos (si aplica) | F166: UN | G166: 1 | H166: =CosteoIndividual!P166 -> 145322 | I166: =IFERROR(H166*G166,"") -> 145322 | J166: =CosteoIndividual!R166 -> Proceso SECOP II FDLB-ES-C-076-2025 | K166: =CosteoIndividual!S166 -> 768.22545 | L166: =CosteoIndividual!T166 -> 0.0052863819 | M166: =IF(L166="","",IF(L166<0.15,"Promedio","Mediana")) -> Promedio
B167: 162 | C167: Presentación musical | D167: Orquesta Musical de mínimo 4 integrantes y/o músicos en vivo y por lo menos 4 instrumentos, en diferentes géneros musicales. (Incluido Transporte, Instalacion, sonido etc) | F167: HR | G167: 1 | H167: =CosteoIndividual!P167 -> 2672498 | I167: =IFERROR(H167*G167,"") -> 2672498 | J167: =CosteoIndividual!R167 -> Proceso SECOP II FDLB-ES-C-076-2025 | K167: =CosteoIndividual!S167 -> 14129.219 | L167: =CosteoIndividual!T167 -> 0.0052868969 | M167: =IF(L167="","",IF(L167<0.15,"Promedio","Mediana")) -> Promedio
B168: 163 | C168: Refrigerio Tipo 2 | D168: Refrigerio compuesto por un (1) pastel de pollo o un pastel gloria, jugo o avena en caja, que cumpla con las normas de bioseguridad - empacado, todos los alimentos relacionados en esta descripción técnica deberán estar en empaques desechables biodegradables aptos para el almacenamiento y transporte de alimentos, para ser entregados conforme a la programación establecida por la Alcaldía Local de Bosa. | E168: El servicio de refrigerio debe incluir transporte y personal en el lugar y horario establecido por la Alcaldía Local de Bosa | F168: UN | G168: 1 | H168: =CosteoIndividual!P168 -> 16993 | I168: =IFERROR(H168*G168,"") -> 16993 | J168: =CosteoIndividual!R168 -> Proceso SECOP II FDLB-ES-C-076-2025 | K168: =CosteoIndividual!S168 -> 89.82028 | L168: =CosteoIndividual!T168 -> 0.0052857863 | M168: =IF(L168="","",IF(L168<0.15,"Promedio","Mediana")) -> Promedio
B169: 164 | C169: Refrigerio Tipo 3 | D169: Refrigerio compuesto por una (1) galleta con chips de chocolate o un (1) ponqué o una (1) mantecada, jugo o avena de 200 ml y fruta de temporada, todos los alimentos relacionados en esta descripción técnica deberán estar en empaques desechables biodegradables aptos para el almacenamiento y transporte de alimentos, para ser entregados conforme a la programación establecida por la Alcaldía Local de Bosa. | E169: El servicio de refrigerio debe incluir transporte y personal en el lugar y horario establecido por la Alcaldía Local de Bosa | F169: UN | G169: 1 | H169: =CosteoIndividual!P169 -> 17785 | I169: =IFERROR(H169*G169,"") -> 17785 | J169: =CosteoIndividual!R169 -> Proceso SECOP II FDLB-ES-C-076-2025 | K169: =CosteoIndividual!S169 -> 93.994046 | L169: =CosteoIndividual!T169 -> 0.0052849797 | M169: =IF(L169="","",IF(L169<0.15,"Promedio","Mediana")) -> Promedio
B170: 165 | C170: Servicio de transporte de carga | D170: Transporte en vehículo tipo furgón para 30 metros cúbicos y 5 toneladas. - Costo por día | E170: Transporte Camión Incluye conductor y ayudantes (min 3 ayudantes) | F170: UN | G170: 1 | H170: =CosteoIndividual!P170 -> 549620 | I170: =IFERROR(H170*G170,"") -> 549620 | J170: =CosteoIndividual!R170 -> Proceso SECOP II FDLB-ES-C-076-2025 | K170: =CosteoIndividual!S170 -> 2905.8849 | L170: =CosteoIndividual!T170 -> 0.005287084 | M170: =IF(L170="","",IF(L170<0.15,"Promedio","Mediana")) -> Promedio
B171: 166 | C171: Servicio de transporte tipo bus | D171: Servicio Transporte Bus con capacidad para cuarenta (40) personas. Modelo año 2020 en adelante. Incluye costos directos e indirectos. Dentro del perimetro urbano - Bogotá | E171: Servicio de transporte bus | F171: UN | G171: 1 | H171: =CosteoIndividual!P171 -> 682056 | I171: =IFERROR(H171*G171,"") -> 682056 | J171: =CosteoIndividual!R171 -> Proceso SECOP II FDLB-ES-C-076-2025 | K171: =CosteoIndividual!S171 -> 3606.0274 | L171: =CosteoIndividual!T171 -> 0.0052869983 | M171: =IF(L171="","",IF(L171<0.15,"Promedio","Mediana")) -> Promedio
B172: 167 | C172: Socorristas | D172: Equipo de Socorristas (Minimo 3 personas): personal capacitado y certificado en primeros auxilios con implementos y experiencia de 6 meses - Tiempo de Alquiler 1 Día. | E172: Personal por día y/o evento | F172: UN | G172: 1 | H172: =CosteoIndividual!P172 -> 673644 | I172: =IFERROR(H172*G172,"") -> 673644 | J172: =CosteoIndividual!R172 -> Proceso SECOP II FDLB-ES-C-076-2025 | K172: =CosteoIndividual!S172 -> 3561.3688 | L172: =CosteoIndividual!T172 -> 0.0052867214 | M172: =IF(L172="","",IF(L172<0.15,"Promedio","Mediana")) -> Promedio
B173: 167 | C173: Porcentaje de comisión por transferencia monetaria | D173: Porcentaje de comisión por transferencia monetaria | E173: Ver anexo técnico | F173: UN | G173: 1 | H173: 1O% | I173: 1O% | J173: =CosteoIndividual!R173 -> 0 | K173: =CosteoIndividual!S173 -> 0 | L173: =CosteoIndividual!T173 -> 0 | M173: =IF(L173="","",IF(L173<0.15,"Promedio","Mediana")) -> Promedio
H174: =SUM(H6:H172) -> 198847662 | I174: =SUM(I6:I172) -> 198847662
I178: Elaborado por: | J178: Gina Paola Rojas Ayala
J179: Profesional Planeación
J180: paola.ayala@gobiernobogota.gov.co

Sheet CosteoIndividual
B2: RESUMEN COTIZACIONES DE PRECIOS - Matriz de Calculo -FDLB-ES-C-076-2025
I3: Proceso FDLB-ES-C-076-2025 | L3: Proceso FDLB-ES-C-091-2025
I4: 01-GESPROSOL | J4: 02-tres diamantes producciones s.a.s | K4: 03-Open in New Tab Fundacion Andres Fierro | L4: 01-COMUNICACIONES VISUALIZA S.A.S. | M4: 02-GRUPO VECTOR | N4: 03-A UN CLICK NS | O4: 04-SOCIEDAD D3 S.A.S
B5: ITEM | C5: PRODUCTO O SERVICIO | D5: ESPECIFICACIÓN TECNICA | E5: DESCRIPCIÓN TECNICA | F5: Tiempo | G5: UNIDAD DE MEDIDA A COTIZAR | H5: CANTIDAD A COTIZAR | I5: Cotización 1 VALOR UNITARIO (INCLUIDO IVA SI APLICA) | J5: Cotización 2 VALOR UNITARIO (INCLUIDO IVA SI APLICA) | K5: Cotización 3 VALOR UNITARIO (INCLUIDO IVA SI APLICA) | L5: Cotización 1 VALOR UNITARIO (INCLUIDO IVA SI APLICA) | M5: Cotización 2 VALOR UNITARIO (INCLUIDO IVA SI APLICA) | N5: Cotización 3 VALOR UNITARIO (INCLUIDO IVA SI APLICA) | O5: Cotización 3 VALOR UNITARIO (INCLUIDO IVA SI APLICA) | P5: VALOR UNITARIO PROMEDIO O MEDIANA (INCLUIDO IVA SI APLICA) | Q5: VALOR PROMEDIO O MEDIANA TOTAL (INCLUIDO IVA SI APLICA) | R5: FUENTE DE CONSULTA | S5: DESVIACIÓN ESTÁNDAR | T5: SI DESVEST ES >15% SE PROMEDIA CON MEDIANA | V5: Cotizaciones Elemento
B6: 1 | C6: Alquiler de mesón plástico tipo 1 | D6: Servicio de alquiler por un (1) día de mesón plegable plástico de alta resistencia con faldón y/o mantel de ochenta centímetros (0.80) x un metro con veinte centímetros (1.20) que incluya transporte y personal conforme a la programación establecida por la Alcaldía Local de Bosa. | E6: El servicio de Alquiler se debe disponer dos (2) horas antes del evento, incluye transporte y personal para la instalación y desmontaje en el lugar y horario establecido por la Alcaldía Local de Bosa. | F6: UN | G6: 1 | H6: 1 | I6: 17568 | J6: 17728.23 | K6: 17565.821 | P6: =IFERROR(IF(T6>(0.15),ROUND(MEDIAN(I6:O6),0),ROUND(AVERAGE(I6:O6),0)),"") -> 17621 | Q6: =IFERROR(P6*H6,"") -> 17621 | R6: Proceso SECOP II FDLB-ES-C-076-2025 | S6: =IFERROR(STDEV(I6:O6),"") -> 93.144464 | T6: =IFERROR(S6/AVERAGE(I6:O6),"") -> 0.0052860868 | V6: =COUNTIF(I6:O6,">0") -> 3
B7: 2 | C7: Alquiler de mesón plástico tipo 2 | D7: Servicio de alquiler por un (1) día de mesón plegable plástico de alta resistencia con faldón y/o mantel de ochenta centímetros (0.80) x un metro con ochenta centímetros (1.80) que incluya transporte y personal conforme a la programación establecida por la Alcaldía Local de Bosa. | E7: El servicio de Alquiler se debe disponer dos (2) horas antes del evento, incluye transporte y personal para la instalación y desmontaje en el lugar y horario establecido por la Alcaldía Local de Bosa. | F7: UN | G7: 1 | H7: 1 | I7: 24497 | J7: 24720.933 | K7: 24494.463 | P7: =IFERROR(IF(T7>(0.15),ROUND(MEDIAN(I7:O7),0),ROUND(AVERAGE(I7:O7),0)),"") -> 24571 | Q7: =IFERROR(P7*H7,"") -> 24571 | R7: Proceso SECOP II FDLB-ES-C-076-2025 | S7: =IFERROR(STDEV(I7:O7),"") -> 130.02628 | T7: =IFERROR(S7/AVERAGE(I7:O7),"") -> 0.0052919028 | V7: =COUNTIF(I7:O7,">0") -> 3
B8: 3 | C8: Alquiler de silla plástica sin brazos | D8: Alquiler de silla plástica sin brazos durante un (1) día que incluya instalación, transporte y desinstalación conforme a la programación establecida por la Alcaldía Local de Bosa. | E8: El servicio de Alquiler se debe disponer dos (2) horas antes del evento, incluye transporte y personal para la instalación y desmontaje en el lugar y horario establecido por la Alcaldía Local de Bosa. | F8: UN | G8: 1 | H8: 1 | I8: 3641 | J8: 3674.709 | K8: 3641.0448 | P8: =IFERROR(IF(T8>(0.15),ROUND(MEDIAN(I8:O8),0),ROUND(AVERAGE(I8:O8),0)),"") -> 3652 | Q8: =IFERROR(P8*H8,"") -> 3652 | R8: Proceso SECOP II FDLB-ES-C-076-2025 | S8: =IFERROR(STDEV(I8:O8),"") -> 19.449 | T8: =IFERROR(S8/AVERAGE(I8:O8),"") -> 0.0053252086 | V8: =COUNTIF(I8:O8,">0") -> 3
B9: 4 | C9: Alquiler Vallas de separación con publicidad | D9: Alquiler de valla metálica de separación de mínimo dos (2) metros de ancho x un metro con veinte centímetros (1,20) de altura que incluya una (1) impresión a full color sobre banner de trece (13) onz instalado en la valla, debe incluir transporte de carga, personal para su instalación, desmontaje y el diseño según la programación establecida por la Alcaldía Local de Bosa.el servicio de alquiler por diez (10) horas | E9: El servicio de la Valla de Separación se debe disponer un (1) día antes del inicio del evento para realizar la ubicación y así garantizar el correcto desarrollo del evento, incluye transporte y personal para la instalación y desmontaje en el lugar y horario establecido por la Alcaldía Local de Bosa. | F9: UN | G9: 1 | H9: 1 | I9: 58829 | J9: 59365.372 | K9: 58821.522 | P9: =IFERROR(IF(T9>(0.15),ROUND(MEDIAN(I9:O9),0),ROUND(AVERAGE(I9:O9),0)),"") -> 59005 | Q9: =IFERROR(P9*H9,"") -> 59005 | R9: Proceso SECOP II FDLB-ES-C-076-2025 | S9: =IFERROR(STDEV(I9:O9),"") -> 311.85575 | T9: =IFERROR(S9/AVERAGE(I9:O9),"") -> 0.0052852161 | V9: =COUNTIF(I9:O9,">0") -> 3
B10: 5 | C10: Alquiler Vallas de separación sin publicidad | D10: Alquiler de valla metálica de separación de mínimo dos (2) metros de ancho x un metro con veinte centímetros (1,20) de altura, debe incluir transporte de carga, personal para su instalación y desmontaje según la programación establecida por la Alcaldía Local de Bosa.el servicio de alquiler por diez (10) horas | E10: El servicio de Alquiler de la Valla de Separación se debe disponer un (1) día antes del inicio del evento para realizar la ubicación y así garantizar el correcto desarrollo del evento, incluye transporte y personal para la instalación y desmontaje en el lugar y horario establecido por la Alcaldía Local de Bosa. | F10: UN | G10: 1 | H10: 1 | I10: 27356 | J10: 27605.131 | K10: 27352.239 | P10: =IFERROR(IF(T10>(0.15),ROUND(MEDIAN(I10:O10),0),ROUND(AVERAGE(I10:O10),0)),"") -> 27438 | Q10: =IFERROR(P10*H10,"") -> 27438 | R10: Proceso SECOP II FDLB-ES-C-076-2025 | S10: =IFERROR(STDEV(I10:O10),"") -> 144.93392 | T10: =IFERROR(S10/AVERAGE(I10:O10),"") -> 0.005282274 | V10: =COUNTIF(I10:O10,">0") -> 3
B11: 6 | C11: Ambulancia TAB 1 | D11: Servicio por una (1) hora de Ambulancia para Traslado Asistencial Básico (TAB) que cuente con la dotación requerida en equipos e insumos, tripulada por auxiliar de enfermería con experiencia en traslado asistencial básico y conductores entrenados y capacitados en el manejo de vehículos de emergencia, conforme a la programación establecida por la Alcaldia Local de Bosa.el servicio de alquiler por diez (10) horas | E11: El servicio de ambulancia debe garantizar la presencia permanente en el lugar del evento y estar disponible para. realizar el traslado de pacientes en caso de ser necesario, el servicio se prestara en el lugar y horario establecido por la Alcaldía Local de Bosa. | F11: UN | G11: 1 | H11: 1 | I11: 117943 | J11: 119018.7 | K11: 117928.36 | P11: =IFERROR(IF(T11>(0.15),ROUND(MEDIAN(I11:O11),0),ROUND(AVERAGE(I11:O11),0)),"") -> 118297 | Q11: =IFERROR(P11*H11,"") -> 118297 | R11: Proceso SECOP II FDLB-ES-C-076-2025 | S11: =IFERROR(STDEV(I11:O11),"") -> 625.32303 | T11: =IFERROR(S11/AVERAGE(I11:O11),"") -> 0.0052860571 | V11: =COUNTIF(I11:O11,">0") -> 3
B12: 7 | C12: Ambulancia TAB 2 | D12: Servicio por diez (10) horas de Ambulancia para Traslado Asistencial Básico (TAB) que cuente con la dotación requerida en equipos e insumos, tripulada por auxiliar de enfermería con experiencia en traslado asistencial básico y conductores entrenados y capacitados en el manejo de vehículos de emergencia, conforme a la programación establecida por la Alcaldia Local de Bosa.el servicio de alquiler por diez (10) horas | E12: El servicio de ambulancia debe garantizar la presencia permanente en el lugar del evento y estar disponible para. realizar el traslado de pacientes en caso de ser necesario, el servicio se prestara en el lugar y horario establecido por la Alcaldía Local de Bosa. | F12: UN | G12: 1 | H12: 1 | I12: 1208917 | J12: 1219946.2 | K12: 1208770.1 | P12: =IFERROR(IF(T12>(0.15),ROUND(MEDIAN(I12:O12),0),ROUND(AVERAGE(I12:O12),0)),"") -> 1212544 | Q12: =IFERROR(P12*H12,"") -> 1212544 | R12: Proceso SECOP II FDLB-ES-C-076-2025 | S12: =IFERROR(STDEV(I12:O12),"") -> 6410.498 | T12: =IFERROR(S12/AVERAGE(I12:O12),"") -> 0.0052868149 | V12: =COUNTIF(I12:O12,">0") -> 3
B13: 8 | C13: Ambulancia TAM 1 | D13: Servicio por una (1) hora de Ambulancia para Traslado Asistencial Medicalizado (TAM) que cuente con la dotación requerida en equipos e insumos, unidad de intervención con equipo avanzado, tripulada por médico entrenado, enfermera, auxiliar o tecnólogo en atención prehospitalaria, conforme a la programación establecida por la Alcaldia Local de Bosa.el servicio de alquiler por diez (10) horas | E13: El servicio de ambulancia debe garantizar la presencia permanente en el lugar del evento y estar disponible para. realizar el traslado de pacientes en caso de ser necesario, el servicio se prestara en el lugar y horario establecido por la Alcaldía Local de Bosa. | F13: UN | G13: 1 | H13: 1 | I13: 135227 | J13: 136460.57 | K13: 135210.45 | P13: =IFERROR(IF(T13>(0.15),ROUND(MEDIAN(I13:O13),0),ROUND(AVERAGE(I13:O13),0)),"") -> 135633 | Q13: =IFERROR(P13*H13,"") -> 135633 | R13: Proceso SECOP II FDLB-ES-C-076-2025 | S13: =IFERROR(STDEV(I13:O13),"") -> 717.02902 | T13: =IFERROR(S13/AVERAGE(I13:O13),"") -> 0.0052865508 | V13: =COUNTIF(I13:O13,">0") -> 3
B14: 9 | C14: Ambulancia TAM 2 | D14: Servicio por diez (10) horas de Ambulancia para Traslado Asistencial Medicalizado (TAM) que cuente con la dotación requerida en equipos e insumos, unidad de intervención con equipo avanzado, tripulada por médico entrenado, enfermera, auxiliar o tecnólogo en atención prehospitalaria, conforme a la programación establecida por la Alcaldia Local de Bosa.el servicio de alquiler por diez (10) horas | E14: El servicio de ambulancia debe garantizar la presencia permanente en el lugar del evento y estar disponible para. realizar el traslado de pacientes en caso de ser necesario, el servicio se prestara en el lugar y horario establecido por la Alcaldía Local de Bosa. | F14: UN | G14: 1 | H14: 1 | I14: 1352268 | J14: 1364605.7 | K14: 1352104.5 | P14: =IFERROR(IF(T14>(0.15),ROUND(MEDIAN(I14:O14),0),ROUND(AVERAGE(I14:O14),0)),"") -> 1356326 | Q14: =IFERROR(P14*H14,"") -> 1356326 | R14: Proceso SECOP II FDLB-ES-C-076-2025 | S14: =IFERROR(STDEV(I14:O14),"") -> 7170.856 | T14: =IFERROR(S14/AVERAGE(I14:O14),"") -> 0.0052869706 | V14: =COUNTIF(I14:O14,">0") -> 3
B15: 10 | C15: Atril | D15: Alquiler de atril para auditorio con escudo de Bogotá. Alcaldía Mayor de Bogotá D.C - Tiempo de Alquiler 1 Día.el servicio de alquiler por diez (10) horas | E15: El servicio de alquiler será por día y/o evento, incluye transporte, instalación, operación (si es requerido) y desinstalación en el lugar y horario establecido por la Alcaldía Local de Bosa. | F15: UN | G15: 1 | H15: 1 | I15: 138575 | J15: 139839.71 | K15: 138558.63 | P15: =IFERROR(IF(T15>(0.15),ROUND(MEDIAN(I15:O15),0),ROUND(AVERAGE(I15:O15),0)),"") -> 138991 | Q15: =IFERROR(P15*H15,"") -> 138991 | R15: Proceso SECOP II FDLB-ES-C-076-2025 | S15: =IFERROR(STDEV(I15:O15),"") -> 734.95128 | T15: =IFERROR(S15/AVERAGE(I15:O15),"") -> 0.0052877574 | V15: =COUNTIF(I15:O15,">0") -> 3
B16: 11 | C16: Cajita Niños y Niñas (Especial Niños) | D16: Servicio de alimentación que incluya una (1) cajita (Especial Niños) con un (1) Sándwich de queso y jamón, o una (1) milhoja o una (1) Mantecada, una (1) fruta entera (manzana, durazno o ciruelas), una (1) bebida de avena o yogurt o leche achocolatada en botella pet o envase Tetrapak y un (1) dulce (Entre las opciones se podrá suministrar galletas o palitroques-salados o dulces como monedas de chocolate o brownies). Todo lo anterior empacado en una (1) caja de picnic fabricada en cartón 100 % reciclable, para ser entregados conforme a la programación establecida por la Alcaldía Local de Bosa.el servicio de alquiler por diez (10) horas | E16: El servicio de alimentación debe incluir transporte y personal para la entrega en el lugar establecido por la Alcaldía Local de Bosa | F16: UN | G16: 1 | H16: 1 | I16: 20350 | J16: 20535.35 | K16: 20347.224 | P16: =IFERROR(IF(T16>(0.15),ROUND(MEDIAN(I16:O16),0),ROUND(AVERAGE(I16:O16),0)),"") -> 20411 | Q16: =IFERROR(P16*H16,"") -> 20411 | R16: Proceso SECOP II FDLB-ES-C-076-2025 | S16: =IFERROR(STDEV(I16:O16),"") -> 107.82194 | T16: =IFERROR(S16/AVERAGE(I16:O16),"") -> 0.0052825775 | V16: =COUNTIF(I16:O16,">0") -> 3
B17: 12 | C17: Escarapelas | D17: Impresión de escarapela en propalcote de trescientos (300) gramos en tamaño cuarto de carta, impresa a full color (4 x 1) plastificada, debe incluir bolsillo plástico y cordón para ser distribuida de manera individual e incluir el diseño suministrado por la Alcaldía Local de Bosa.el servicio de alquiler por diez (10) horas | E17: La escarapela debe estar fabricada en materiales de alta calidad y disponer de transporte y personal para entregarse en el lugar dispuesto por la Alcaldía Local de Bosa | F17: UN | G17: 1 | H17: 1 | I17: 5782 | J17: 5834.7209 | K17: 5781.2687 | P17: =IFERROR(IF(T17>(0.15),ROUND(MEDIAN(I17:O17),0),ROUND(AVERAGE(I17:O17),0)),"") -> 5799 | Q17: =IFERROR(P17*H17,"") -> 5799 | R17: Proceso SECOP II FDLB-ES-C-076-2025 | S17: =IFERROR(STDEV(I17:O17),"") -> 30.651734 | T17: =IFERROR(S17/AVERAGE(I17:O17),"") -> 0.0052853924 | V17: =COUNTIF(I17:O17,">0") -> 3
B18: 13 | C18: Estación Café Tipo 1 | D18: Espacio habilitado para que los asistentes se sirvan por sí mismos algo de beber, deberá contar con cien (100) bebidas de dos (2) tipos de jugos naturales en vasos de siete (7) onz, trescientas (300) bebidas calientes en vasos de cuatro (4) onz entre café y aromática, un (1) botellón de agua mineral para ser distribuida en vasos de siete (7) onz y trescientas (300) galletas, todo lo anterior ubicado sobre una (1) mesa de un metro con veinte centímetros (1,20) de ancho x sesenta centímetros (0,60) de profundidad con mantel y sobre mantel, servilletas y bandejas, todos los vasos deben ser desechables y biodegradables, una (1) persona de apoyo para garantizar el orden y aseo de la estación en los lugares dispuestos por la Alcaldía Local de Bosa-El servicio de alquiler por ocho (8) horas | E18: El servicio de la Estación de Café debe incluir transporte y personal en el lugar y horario establecido por la Alcaldía Local de Bosa. | F18: UN | G18: 1 | H18: 1 | I18: 809218 | J18: 816601.01 | K18: 809120.07 | P18: =IFERROR(IF(T18>(0.15),ROUND(MEDIAN(I18:O18),0),ROUND(AVERAGE(I18:O18),0)),"") -> 811646 | Q18: =IFERROR(P18*H18,"") -> 811646 | R18: Proceso SECOP II FDLB-ES-C-076-2025 | S18: =IFERROR(STDEV(I18:O18),"") -> 4291.1302 | T18: =IFERROR(S18/AVERAGE(I18:O18),"") -> 0.0052869457 | V18: =COUNTIF(I18:O18,">0") -> 3
B19: 14 | C19: Estación Café Tipo 2 | D19: Estación de café y aromática e insumos y elementos menaje desechable (vasos, mezcladores, azúcar, entre otros): 300 bebidas vaso 5 onz de cartón. (Incluye transporte a lugares definidos por la alcaldía) El servicio de alquiler por ocho (8) horas | F19: UN | G19: 1 | H19: 1 | I19: 532701 | J19: 537561.53 | K19: 532636.9 | P19: =IFERROR(IF(T19>(0.15),ROUND(MEDIAN(I19:O19),0),ROUND(AVERAGE(I19:O19),0)),"") -> 534300 | Q19: =IFERROR(P19*H19,"") -> 534300 | R19: Proceso SECOP II FDLB-ES-C-076-2025 | S19: =IFERROR(STDEV(I19:O19),"") -> 2824.9163 | T19: =IFERROR(S19/AVERAGE(I19:O19),"") -> 0.005287137 | V19: =COUNTIF(I19:O19,">0") -> 3
B20: 15 | C20: Intérprete De Lenguaje De Señas | D20: Bachiller, Técnico (en cualquier area) y acreditado en intérprete de lengua de señas. Mínimo 2 años de experiencia como intérprete.el servicio de alquiler por diez (10) horas | E20: Persona por hora | F20: Hora | G20: 1 | H20: 1 | I20: 144057 | J20: 145371.49 | K20: 144039.73 | P20: =IFERROR(IF(T20>(0.15),ROUND(MEDIAN(I20:O20),0),ROUND(AVERAGE(I20:O20),0)),"") -> 144489 | Q20: =IFERROR(P20*H20,"") -> 144489 | R20: Proceso SECOP II FDLB-ES-C-076-2025 | S20: =IFERROR(STDEV(I20:O20),"") -> 763.95435 | T20: =IFERROR(S20/AVERAGE(I20:O20),"") -> 0.0052872689 | V20: =COUNTIF(I20:O20,">0") -> 3
B21: 16 | C21: Módulo De Estabilización Y Clasificación (MEC) | D21: Prestación de servicio por diez (10) horas con Módulo de Estabilización y Clasificación (MEC) que incluya todos los elementos para la prestación del servicio conforme a la normatividad (Carpa acondicionada y dotada para atención, un (1) medico y una enfermera, camilla, botiquin y desfibrilador Incluye transporte, instalación y desinstalación conforme a la programación establecida por la Alcaldia Local de Bosa.el servicio de alquiler por diez (10) horas | E21: El servicio de ambulancia debe garantizar la presencia permanente en el lugar del evento y estar disponible para. realizar el traslado de pacientes en caso de ser necesario, el servicio se prestara en el lugar y horario establecido por la Alcaldía Local de Bosa. | F21: UN | G21: 1 | H21: 1 | I21: 1179247 | J21: 1190006.2 | K21: 1179104.5 | P21: =IFERROR(IF(T21>(0.15),ROUND(MEDIAN(I21:O21),0),ROUND(AVERAGE(I21:O21),0)),"") -> 1182786 | Q21: =IFERROR(P21*H21,"") -> 1182786 | R21: Proceso SECOP II FDLB-ES-C-076-2025 | S21: =IFERROR(STDEV(I21:O21),"") -> 6253.3763 | T21: =IFERROR(S21/AVERAGE(I21:O21),"") -> 0.0052869893 | V21: =COUNTIF(I21:O21,">0") -> 3
B22: 17 | C22: Paca De Agua 1 | D22: Paca de agua con veinticuatro (24) botellas de trescientos (300) mililitrosel servicio de alquiler por diez (10) horas | E22: La entrega debe incluir transporte y/o gastos de entrega en el lugar y horario establecido por la Alcaldía Local de Bosa. | F22: UN | G22: 1 | H22: 1 | I22: 21316 | J22: 21510.492 | K22: 21313.433 | P22: =IFERROR(IF(T22>(0.15),ROUND(MEDIAN(I22:O22),0),ROUND(AVERAGE(I22:O22),0)),"") -> 21380 | Q22: =IFERROR(P22*H22,"") -> 21380 | R22: Proceso SECOP II FDLB-ES-C-076-2025 | S22: =IFERROR(STDEV(I22:O22),"") -> 113.03828 | T22: =IFERROR(S22/AVERAGE(I22:O22),"") -> 0.00528711 | V22: =COUNTIF(I22:O22,">0") -> 3
B23: 18 | C23: Paca De Agua 2 | D23: Paca de agua con veinticuatro (24) botellas de seiscientos (600) mililitrosel servicio de alquiler por diez (10) horas | E23: La entrega debe incluir transporte y/o gastos de entrega en el lugar y horario establecido por la Alcaldía Local de Bosa. | F23: UN | G23: 1 | H23: 1 | I23: 42632 | J23: 43020.984 | K23: 42626.866 | P23: =IFERROR(IF(T23>(0.15),ROUND(MEDIAN(I23:O23),0),ROUND(AVERAGE(I23:O23),0)),"") -> 42760 | Q23: =IFERROR(P23*H23,"") -> 42760 | R23: Proceso SECOP II FDLB-ES-C-076-2025 | S23: =IFERROR(STDEV(I23:O23),"") -> 226.07656 | T23: =IFERROR(S23/AVERAGE(I23:O23),"") -> 0.00528711 | V23: =COUNTIF(I23:O23,">0") -> 3
B24: 19 | C24: Pintura Tipo Aerosol Grafiti | D24: Pinturas en aerosol de tipo profesional grafiti para uso en grafitis con filtro UV garantía para exteriores - Presentación x 400 ml Diferentes Coloresel servicio de alquiler por diez (10) horas | E24: Aerosol Presentación 400 ml | F24: UN | G24: 1 | H24: 1 | I24: 44632 | J24: 45039.475 | K24: 44626.866 | P24: =IFERROR(IF(T24>(0.15),ROUND(MEDIAN(I24:O24),0),ROUND(AVERAGE(I24:O24),0)),"") -> 44766 | Q24: =IFERROR(P24*H24,"") -> 44766 | R24: Proceso SECOP II FDLB-ES-C-076-2025 | S24: =IFERROR(STDEV(I24:O24),"") -> 236.75199 | T24: =IFERROR(S24/AVERAGE(I24:O24),"") -> 0.0052886429 | V24: =COUNTIF(I24:O24,">0") -> 3
B25: 20 | C25: Radio De Comunicación | D25: Alquiler radio de comunicación que incluya una (1) antena, selector de canal, botón para encendido, botón o potenciómetro para control de volumen, PPT (Push to talk), micrófono, conector de accesorios, botones programables que garantice su correcta instalación y funcionamiento conforme a la programación establecida por la Alcaldía Local de Bosa.el servicio de alquiler por diez (10) horas | E25: El servicio de alquiler por día (Garantizando funcionamiento por diez (10) horas) Incluye transporte, personal para instalación, operación (si es requerido) y desmontaje en el lugar y horario establecido por la Alcaldía Local de Bosa. | F25: Día | G25: 1 | H25: 1 | I25: 34342 | J25: 34655.195 | K25: 34337.716 | P25: =IFERROR(IF(T25>(0.15),ROUND(MEDIAN(I25:O25),0),ROUND(AVERAGE(I25:O25),0)),"") -> 34445 | Q25: =IFERROR(P25*H25,"") -> 34445 | R25: Proceso SECOP II FDLB-ES-C-076-2025 | S25: =IFERROR(STDEV(I25:O25),"") -> 182.07231 | T25: =IFERROR(S25/AVERAGE(I25:O25),"") -> 0.0052858897 | V25: =COUNTIF(I25:O25,">0") -> 3
B26: 21 | C26: Refrigerio Tipo 1 | D26: Refrigerio compuesto por un (1) pastel de pollo o un (1) pastel de carne o un (1) pastel gloria o un (1) sándwich con dos (2) rebanadas de pan, una (1) tajada de jamón y una (1) tajada de queso, una (1) fruta entera y un (1) jugo en envase pet o Tetrapak doscientos (200) ml, una (1) fruta (manzana, pera, durazno, banano, mandarina, o ciruela), todos los alimentos relacionados en esta descripción técnica deberán estar en empaques desechables biodegradables aptos para el almacenamiento y transporte de alimentos, para ser entregados conforme a la programación establecida por la Alcaldía Local de Bosa. el servicio de alquiler por diez (10) horas | E26: El servicio de refrigerio debe incluir transporte y personal en el lugar y horario establecido por la Alcaldía Local de Bosa | F26: UN | G26: 1 | H26: 1 | I26: 14508 | J26: 14639.968 | K26: 14505.851 | P26: =IFERROR(IF(T26>(0.15),ROUND(MEDIAN(I26:O26),0),ROUND(AVERAGE(I26:O26),0)),"") -> 14551 | Q26: =IFERROR(P26*H26,"") -> 14551 | R26: Proceso SECOP II FDLB-ES-C-076-2025 | S26: =IFERROR(STDEV(I26:O26),"") -> 76.819967 | T26: =IFERROR(S26/AVERAGE(I26:O26),"") -> 0.0052792609 | V26: =COUNTIF(I26:O26,">0") -> 3
B27: 22 | C27: Almuerzo | D27: Servicio de almuerzo compuesto por una (1) porción de proteína, una (1) porción de ensalada fresca, una (1) porción de arroz blanco, una (1) porción de verdura, una (1) porción de papa en cascos y una bebida de jugo natural, todos los alimentos relacionados en esta descripción técnica deberán estar en empaques desechables biodegradables aptos para el almacenamiento y transporte de alimentos preparados que incluya cuchara, tenedor, cuchillo, servilleta, para ser entregados conforme a la programación establecida por la Alcaldía Local de Bosa el servicio de alquiler por diez (10) horas | F27: Unidad | G27: 1 | H27: 1 | I27: 25435 | J27: 25666.717 | K27: 25431.582 | P27: =IFERROR(IF(T27>(0.15),ROUND(MEDIAN(I27:O27),0),ROUND(AVERAGE(I27:O27),0)),"") -> 25511 | Q27: =IFERROR(P27*H27,"") -> 25511 | R27: Proceso SECOP II FDLB-ES-C-076-2025 | S27: =IFERROR(STDEV(I27:O27),"") -> 134.7791 | T27: =IFERROR(S27/AVERAGE(I27:O27),"") -> 0.0052831554 | V27: =COUNTIF(I27:O27,">0") -> 3
B28: 23 | C28: Alquiler de Amplificador para Bajo 200W | D28: 200W de salida reales y 2 canales para bajo con altavoz de aluminio 12 "; Canal limpio con control de ganancia dedicado. EQ gráfico de 5 bandas EQ; Salida de auriculares independiente; Componentes de alta calidad. Conexión 110Vel servicio de alquiler por diez (10) horas | E28: Ver anexo técnico | F28: UNIDAD | G28: 1 | H28: 1 | I28: 355265 | J28: 358506.4 | K28: 355222.1 | P28: =IFERROR(IF(T28>(0.15),ROUND(MEDIAN(I28:O28),0),ROUND(AVERAGE(I28:O28),0)),"") -> 356331 | Q28: =IFERROR(P28*H28,"") -> 356331 | R28: Proceso SECOP II FDLB-ES-C-076-2025 | S28: =IFERROR(STDEV(I28:O28),"") -> 1883.9308 | T28: =IFERROR(S28/AVERAGE(I28:O28),"") -> 0.0052870223 | V28: =COUNTIF(I28:O28,">0") -> 3
B29: 24 | C29: Alquiler de Amplificador para Bajo 70W | D29: 70W de salida reales y 2 canales para bajo con altavoz de aluminio 12 "; Canal limpio con control de ganancia dedicado. EQ gráfico de 5 bandas EQ; Salida de auriculares independiente; Componentes de alta calidad. Conexión 110Vel servicio de alquiler por diez (10) horas | E29: Ver anexo técnico | F29: UNIDAD | G29: 1 | H29: 1 | I29: 272371 | J29: 274855.69 | K29: 272337.72 | P29: =IFERROR(IF(T29>(0.15),ROUND(MEDIAN(I29:O29),0),ROUND(AVERAGE(I29:O29),0)),"") -> 273188 | Q29: =IFERROR(P29*H29,"") -> 273188 | R29: Proceso SECOP II FDLB-ES-C-076-2025 | S29: =IFERROR(STDEV(I29:O29),"") -> 1444.2388 | T29: =IFERROR(S29/AVERAGE(I29:O29),"") -> 0.0052866087 | V29: =COUNTIF(I29:O29,">0") -> 3
B30: 25 | C30: Alquiler de Amplificador para Guitarra 100W | D30: Amplificador cabina/cabezote de guitarra Minimo 100W de salida para guitarra con amplificador de 2 canales independientes, FX dual y altavoz de 12 "; Procesador de efectos digital con chorus, flanger, delay además de reverberación por separado; EQ Independiente de graves y agudos controles de tono en cada canal; Control de contorno para el rango medio. Adicional para auriculares y salida de línea con simulación de altavoz integrada. Entrada para pedales de efectos. Conexión 110Vel servicio de alquiler por diez (10) horas | E30: Ver anexo técnico | F30: UNIDAD | G30: 1 | H30: 1 | I30: 375004 | J30: 378425.12 | K30: 374958.34 | P30: =IFERROR(IF(T30>(0.15),ROUND(MEDIAN(I30:O30),0),ROUND(AVERAGE(I30:O30),0)),"") -> 376129 | Q30: =IFERROR(P30*H30,"") -> 376129 | R30: Proceso SECOP II FDLB-ES-C-076-2025 | S30: =IFERROR(STDEV(I30:O30),"") -> 1988.4956 | T30: =IFERROR(S30/AVERAGE(I30:O30),"") -> 0.0052867363 | V30: =COUNTIF(I30:O30,">0") -> 3
B31: 26 | C31: Alquiler de Amplificador para Guitarra 30W | D31: Amplificador combo de guitarra Minimo 30W de salida para guitarra con amplificador de 2 canales independientes, FX dual y altavoz de 12 "; Procesador de efectos digital con chorus, flanger, delay además de reverberación por separado; EQ Independiente de graves y agudos controles de tono en cada canal; Control de contorno para el rango medio. Adicional para auriculares y salida de línea con simulación de altavoz integrada. Entrada para pedales de efectos. Conexión 110Vel servicio de alquiler por diez (10) horas | E31: Ver anexo técnico | F31: UNIDAD | G31: 1 | H31: 1 | I31: 281668 | J31: 284237.85 | K31: 281633.93 | P31: =IFERROR(IF(T31>(0.15),ROUND(MEDIAN(I31:O31),0),ROUND(AVERAGE(I31:O31),0)),"") -> 282513 | Q31: =IFERROR(P31*H31,"") -> 282513 | R31: Proceso SECOP II FDLB-ES-C-076-2025 | S31: =IFERROR(STDEV(I31:O31),"") -> 1493.6353 | T31: =IFERROR(S31/AVERAGE(I31:O31),"") -> 0.0052869564 | V31: =COUNTIF(I31:O31,">0") -> 3
B32: 27 | C32: Alquiler de andamio certificado | D32: Alquiler de andamio certificado de 4 metros x 2 metrosel servicio de alquiler por diez (10) horas | E32: Ver anexo técnico | F32: SET | G32: 1 | H32: 1 | I32: 532899 | J32: 537760.5 | K32: 532834.04 | P32: =IFERROR(IF(T32>(0.15),ROUND(MEDIAN(I32:O32),0),ROUND(AVERAGE(I32:O32),0)),"") -> 534498 | Q32: =IFERROR(P32*H32,"") -> 534498 | R32: Proceso SECOP II FDLB-ES-C-076-2025 | S32: =IFERROR(STDEV(I32:O32),"") -> 2825.7279 | T32: =IFERROR(S32/AVERAGE(I32:O32),"") -> 0.0052866964 | V32: =COUNTIF(I32:O32,">0") -> 3
B33: 28 | C33: Alquiler de Back Line Tipo 1 | D33: Alquiler de BackLine que incluya una (1) bateria acustica de minimo ocho (8) piezas de marca mundialmente reconocida, un (1) amplificador de guitarra y una (1) cabina para amplificador de guitarra de marca mundialmente reconocida, un (1) amplificador de bajo con una (1) cabina para amplificador de bajo minimo cuatro (4) x diez (10) de marca mundialmente reconocida que incluya un (1) auxiliar para instalación, operación y desinstalación, transporte de carga y todos los accesorios para garantizar su correcto funcionamiento en el lugar establecido por la Alcaldia Local de Bosael servicio de alquiler por diez (10) horas | E33: El servicio de alquiler del Alquiler de Back Line Tipo 1 se debe disponer mínimo dos (2) horas antes del inicio del evento para realizar la ubicación y así garantizar el correcto desarrollo del evento, incluye transporte de carga y personal para la instalación y desmontaje en el lugar y horario establecido por la Alcaldía Local de Bosa. | F33: UN | G33: 1 | H33: 1 | I33: 1975897 | J33: 1993924 | K33: 1975657.5 | P33: =IFERROR(IF(T33>(0.15),ROUND(MEDIAN(I33:O33),0),ROUND(AVERAGE(I33:O33),0)),"") -> 1981826 | Q33: =IFERROR(P33*H33,"") -> 1981826 | R33: Proceso SECOP II FDLB-ES-C-076-2025 | S33: =IFERROR(STDEV(I33:O33),"") -> 10477.706 | T33: =IFERROR(S33/AVERAGE(I33:O33),"") -> 0.0052868947 | V33: =COUNTIF(I33:O33,">0") -> 3
B34: 29 | C34: Alquiler de Back Line Tipo 2 | D34: Alquiler de BackLine que incluya una (1) bateria acustica de minimo ocho (8) piezas de marca mundialmente reconocida, dos (2) amplificadores de guitarra y dos (2) cabinas para amplificador de guitarra de marca mundialmente reconocida, un (1) amplificador de bajo con una (1) cabina para amplificador de bajo minimo ocho (8) x diez (10) de marca mundialmente reconocida que incluya un (1) auxiliar para instalación, operación y desinstalación, transporte de carga y todos los accesorios para garantizar su correcto funcionamiento en el lugar establecido por la Alcaldia Local de Bosael servicio de alquiler por diez (10) horas | E34: El servicio de alquiler del Alquiler de Back Line Tipo 2 se debe disponer mínimo dos (2) horas antes del inicio del evento para realizar la ubicación y así garantizar el correcto desarrollo del evento, incluye transporte de carga y personal para la instalación y desmontaje en el lugar y horario establecido por la Alcaldía Local de Bosa. | F34: UN | G34: 1 | H34: 1 | I34: 2664500 | J34: 2688809.7 | K34: 2664177.3 | P34: =IFERROR(IF(T34>(0.15),ROUND(MEDIAN(I34:O34),0),ROUND(AVERAGE(I34:O34),0)),"") -> 2672496 | Q34: =IFERROR(P34*H34,"") -> 2672496 | R34: Proceso SECOP II FDLB-ES-C-076-2025 | S34: =IFERROR(STDEV(I34:O34),"") -> 14129.273 | T34: =IFERROR(S34/AVERAGE(I34:O34),"") -> 0.0052869207 | V34: =COUNTIF(I34:O34,">0") -> 3
B35: 30 | C35: Alquiler de Back Line Tipo 3 | D35: Alquiler de BackLine que incluya dos (2) baterias acusticas de minimo ocho (8) piezas de marca mundialmente reconocida, dos (2) amplificadores de guitarra y dos (2) cabinas para amplificador de guitarra de marca mundialmente reconocida, dos (2) amplificador de bajo con dos (2) cabina para amplificador de bajo minimo ocho (8) x diez (10) de marca mundialmente reconocida que incluya un (1) auxiliar para instalación, operación y desinstalación, transporte de carga y todos los accesorios para garantizar su correcto funcionamiento en el lugar establecido por la Alcaldia Local de Bosael servicio de alquiler por diez (10) horas | E35: El servicio de alquiler del Alquiler de Back Line Tipo 3 se debe disponer mínimo tres (3) horas antes del inicio del evento para realizar la ubicación y así garantizar el correcto desarrollo del evento, incluye transporte de carga y personal para la instalación y desmontaje en el lugar y horario establecido por la Alcaldía Local de Bosa. | F35: UN | G35: 1 | H35: 1 | I35: 2842134 | J35: 2868063.8 | K35: 2841789.3 | P35: =IFERROR(IF(T35>(0.15),ROUND(MEDIAN(I35:O35),0),ROUND(AVERAGE(I35:O35),0)),"") -> 2850662 | Q35: =IFERROR(P35*H35,"") -> 2850662 | R35: Proceso SECOP II FDLB-ES-C-076-2025 | S35: =IFERROR(STDEV(I35:O35),"") -> 15071.07 | T35: =IFERROR(S35/AVERAGE(I35:O35),"") -> 0.005286866 | V35: =COUNTIF(I35:O35,">0") -> 3
B36: 31 | C36: Alquiler de Back Line Tipo 4 | D36: Alquiler de BackLine que incluya un (1) set de percusión compuestos por un (1) timbal latino, un (1) set de congas con base de marca mundialmente reconocida, un (1) amplificador de guitarra y una (1) cabina para amplificador de guitarra de marca mundialmente reconocida, un (1) amplificador de bajo con una (1) cabina para amplificador de bajo minimo ocho (8) x diez (10) de marca mundialmente reconocida que incluya un (1) auxiliar para instalación, operación y desinstalación, transporte de carga y todos los accesorios para garantizar su correcto funcionamiento en el lugar establecido por la Alcaldia Local de Bosael servicio de alquiler por diez (10) horas | E36: El servicio de alquiler del Alquiler de Back Line Tipo 4 se debe disponer mínimo dos (2) horas antes del inicio del evento para realizar la ubicación y así garantizar el correcto desarrollo del evento, incluye transporte de carga y personal para la instalación y desmontaje en el lugar y horario establecido por la Alcaldía Local de Bosa. | F36: UN | G36: 1 | H36: 1 | I36: 1995634 | J36: 2013840.9 | K36: 1995392 | P36: =IFERROR(IF(T36>(0.15),ROUND(MEDIAN(I36:O36),0),ROUND(AVERAGE(I36:O36),0)),"") -> 2001622 | Q36: =IFERROR(P36*H36,"") -> 2001622 | R36: Proceso SECOP II FDLB-ES-C-076-2025 | S36: =IFERROR(STDEV(I36:O36),"") -> 10582.325 | T36: =IFERROR(S36/AVERAGE(I36:O36),"") -> 0.005286874 | V36: =COUNTIF(I36:O36,">0") -> 3
B37: 32 | C37: Alquiler de Back Line Tipo 5 | D37: Alquiler de BackLine que incluya una (1) bateria acustica de minimo ocho (8) piezas de marca mundialmente reconocida, un (1) set de percusión compuestos por un (1) timbal latino de marca mundialmente reconocida, un (1) set de congas con base de marca mundialmente reconocida, un (1) amplificador de guitarra y una (1) cabina para amplificador de guitarra de marca mundialmente reconocida, un (1) amplificador de bajo con una (1) cabina para amplificador de bajo minimo ocho (8) x diez (10) de marca mundialmente reconocida que incluya un (1) auxiliar para instalación, operación y desinstalación, transporte de carga y todos los accesorios para garantizar su correcto funcionamiento en el lugar establecido por la Alcaldia Local de Bosael servicio de alquiler por diez (10) horas | E37: El servicio de alquiler del Alquiler de Back Line Tipo 5 se debe disponer mínimo tres (3) horas antes del inicio del evento para realizar la ubicación y así garantizar el correcto desarrollo del evento, incluye transporte de carga y personal para la instalación y desmontaje en el lugar y horario establecido por la Alcaldía Local de Bosa. | F37: UN | G37: 1 | H37: 1 | I37: 3197203 | J37: 3226373 | K37: 3196816 | P37: =IFERROR(IF(T37>(0.15),ROUND(MEDIAN(I37:O37),0),ROUND(AVERAGE(I37:O37),0)),"") -> 3206797 | Q37: =IFERROR(P37*H37,"") -> 3206797 | R37: Proceso SECOP II FDLB-ES-C-076-2025 | S37: =IFERROR(STDEV(I37:O37),"") -> 16954.135 | T37: =IFERROR(S37/AVERAGE(I37:O37),"") -> 0.0052869369 | V37: =COUNTIF(I37:O37,">0") -> 3
B38: 33 | C38: Alquiler de Back Line Tipo 6 | D38: Alquiler de BackLine que incluya un (1) rack para Dee Jay con dos (2) tornamesas, un (1) mixer de cuatro (4) canales una (1) base alta para compudaror portatil, todo lo anterior de marca mundialmente reconocida, un (1) auxiliar para instalación, operación y desinstalación, transporte de carga y todos los accesorios para garantizar su correcto funcionamiento en el lugar establecido por la Alcaldia Local de Bosael servicio de alquiler por diez (10) horas | E38: El servicio de alquiler del Alquiler de Back Line Tipo 6 se debe disponer mínimo dos (2) horas antes del inicio del evento para realizar la ubicación y así garantizar el correcto desarrollo del evento, incluye transporte de carga y personal para la instalación y desmontaje en el lugar y horario establecido por la Alcaldía Local de Bosa. | F38: UN | G38: 1 | H38: 1 | I38: 1424484 | J38: 1437479.8 | K38: 1424311 | P38: =IFERROR(IF(T38>(0.15),ROUND(MEDIAN(I38:O38),0),ROUND(AVERAGE(I38:O38),0)),"") -> 1428758 | Q38: =IFERROR(P38*H38,"") -> 1428758 | R38: Proceso SECOP II FDLB-ES-C-076-2025 | S38: =IFERROR(STDEV(I38:O38),"") -> 7553.5909 | T38: =IFERROR(S38/AVERAGE(I38:O38),"") -> 0.0052868221 | V38: =COUNTIF(I38:O38,">0") -> 3
B39: 34 | C39: Alquiler de Back Line Tipo 7 | D39: Alquiler de BackLine que incluya un (1) rack para Dee Jay con dos (2) tornamesas, un (1) mixer de cuatro (4) canales una (1) base alta para compudaror portatil, una (1) bateria acustica de minimo ocho (8) piezas de marca mundialmente reconocida, un (1) amplificador de guitarra y una (1) cabina para amplificador de guitarra de marca mundialmente reconocida, un (1) amplificador de bajo con una (1) cabina para amplificador de bajo minimo cuatro (4) x diez (10) de marca mundialmente reconocida, un (1) auxiliar para instalación, operación y desinstalación, transporte de carga y todos los accesorios para garantizar su correcto funcionamiento en el lugar establecido por la Alcaldia Local de Bosael servicio de alquiler por diez (10) horas | E39: El servicio de alquiler del Alquiler de Back Line Tipo 7 se debe disponer mínimo dos (2) horas antes del inicio del evento para realizar la ubicación y así garantizar el correcto desarrollo del evento, incluye transporte de carga y personal para la instalación y desmontaje en el lugar y horario establecido por la Alcaldía Local de Bosa. | F39: UN | G39: 1 | H39: 1 | I39: 3359971 | J39: 3390625.3 | K39: 3359563.6 | P39: =IFERROR(IF(T39>(0.15),ROUND(MEDIAN(I39:O39),0),ROUND(AVERAGE(I39:O39),0)),"") -> 3370053 | Q39: =IFERROR(P39*H39,"") -> 3370053 | R39: Proceso SECOP II FDLB-ES-C-076-2025 | S39: =IFERROR(STDEV(I39:O39),"") -> 17817.06 | T39: =IFERROR(S39/AVERAGE(I39:O39),"") -> 0.0052868776 | V39: =COUNTIF(I39:O39,">0") -> 3
... B63: 58 | C63: Alquiler de muro de contención tipo 2 | D63: Alquiler de muro de contención portátil tipo barricada de dos metros con cuarenta centímetros (2,40) de ancho x un metro con veinte centímetros (1,20) de altura fabricado en aluminio o metal diseñado para contener el publico en eventos masivos, debe incluir accesorios, transporte de carga y personal para la instalación y desinstalación en el lugar dispuesto por la Alcaldía de Bosael servicio de alquiler por diez (10) horas | E63: El servicio de alquiler del Muro de Contención se debe disponer mínimo cuatro (4) horas antes del inicio del evento para realizar la ubicación y así garantizar el correcto desarrollo, incluye transporte de carga y personal para la instalación y desmontaje en el lugar y horario establecido por la Alcaldía Local de Bosa. | F63: UN | G63: 1 | H63: 1 | I63: 71053 | J63: 71701.639 | K63: 71044.776 | P63: =IFERROR(IF(T63>(0.15),ROUND(MEDIAN(I63:O63),0),ROUND(AVERAGE(I63:O63),0)),"") -> 71266 | Q63: =IFERROR(P63*H63,"") -> 71266 | R63: Proceso SECOP II FDLB-ES-C-076-2025 | S63: =IFERROR(STDEV(I63:O63),"") -> 376.88862 | T63: =IFERROR(S63/AVERAGE(I63:O63),"") -> 0.0052884423 | V63: =COUNTIF(I63:O63,">0") -> 3
B64: 59 | C64: Alquiler de pantalla inflable | D64: Alquiler de Pantalla de pelicula inflable de 20 pies pantalla D, Tiempo de Alquiler 1 Díael servicio de alquiler por diez (10) horas | F64: UN | G64: 1 | H64: 1 | I64: 532900 | J64: 537762.3 | K64: 532835.82 | P64: =IFERROR(IF(T64>(0.15),ROUND(MEDIAN(I64:O64),0),ROUND(AVERAGE(I64:O64),0)),"") -> 534499 | Q64: =IFERROR(P64*H64,"") -> 534499 | R64: Proceso SECOP II FDLB-ES-C-076-2025 | S64: =IFERROR(STDEV(I64:O64),"") -> 2825.957 | T64: =IFERROR(S64/AVERAGE(I64:O64),"") -> 0.00528711 | V64: =COUNTIF(I64:O64,">0") -> 3
B65: 60 | C65: Alquiler de pantalla LED tipo 1 | D65: Alquiler de pantalla LED diseñada para exteriores en formato de tres (3) metros de ancho x dos (2) metros de altura en resolución pitch 3mm, con procesador y computador para la proyección de material audiovisual, estructura para la instalación a nivel del piso, cables de señal, sistema de electricidad, accesorios, transporte de carga, personal técnico y auxiliar para su instalación, operación y desmontaje conforme a la programación establecida por la Alcaldía Local de Bosa.el servicio de alquiler por diez (10) horas | E65: El servicio de Alquiler de Pantalla Led se debe disponer cuatro (4) horas antes del inicio del evento para realizar pruebas y así garantizar el correcto funcionamiento, incluye transporte y personal para la instalación, operación y desmontaje en el lugar y horario establecido por la Alcaldía Local de Bosa. | F65: UN | G65: 1 | H65: 1 | I65: 1776335 | J65: 1792541 | K65: 1776119.4 | P65: =IFERROR(IF(T65>(0.15),ROUND(MEDIAN(I65:O65),0),ROUND(AVERAGE(I65:O65),0)),"") -> 1781665 | Q65: =IFERROR(P65*H65,"") -> 1781665 | R65: Proceso SECOP II FDLB-ES-C-076-2025 | S65: =IFERROR(STDEV(I65:O65),"") -> 9419.3849 | T65: =IFERROR(S65/AVERAGE(I65:O65),"") -> 0.0052868436 | V65: =COUNTIF(I65:O65,">0") -> 3
B66: 61 | C66: Alquiler de pantalla LED tipo 2 | D66: Alquiler de pantalla LED diseñada para exteriores en formato de cuatro (4) metros de ancho x tres (3) metros de altura en resolución pitch 3mm, con procesador y computador para la proyección de material audiovisual, estructura para la instalación a nivel del piso, cables de señal, sistema de electricidad, accesorios, transporte de carga, personal técnico y auxiliar para su instalación, operación y desmontaje conforme a la programación establecida por la Alcaldía Local de Bosa.el servicio de alquiler por diez (10) horas | E66: El servicio de Alquiler de Pantalla Led se debe disponer cuatro (4) horas antes del inicio del evento para realizar pruebas y así garantizar el correcto funcionamiento, incluye transporte y personal para la instalación, operación y desmontaje en el lugar y horario establecido por la Alcaldía Local de Bosa. | F66: UN | G66: 1 | H66: 1 | I66: 3552669 | J66: 3585082 | K66: 3552238.8 | P66: =IFERROR(IF(T66>(0.15),ROUND(MEDIAN(I66:O66),0),ROUND(AVERAGE(I66:O66),0)),"") -> 3563330 | Q66: =IFERROR(P66*H66,"") -> 3563330 | R66: Proceso SECOP II FDLB-ES-C-076-2025 | S66: =IFERROR(STDEV(I66:O66),"") -> 18839.053 | T66: =IFERROR(S66/AVERAGE(I66:O66),"") -> 0.0052869235 | V66: =COUNTIF(I66:O66,">0") -> 3
B67: 62 | C67: Alquiler de pantalla LED tipo 3 | D67: Alquiler de pantalla LED diseñada para exteriores en formato de seis (6) metros de ancho x tres (3) metros de altura en resolución pitch 3mm, con procesador y computador para la proyección de material audiovisual, estructura para la instalación a nivel del piso, cables de señal, sistema de electricidad, accesorios, transporte de carga, personal técnico y auxiliar para su instalación, operación y desmontaje conforme a la programación establecida por la Alcaldía Local de Bosa.el servicio de alquiler por diez (10) horas | E67: El servicio de Alquiler de Pantalla Led se debe disponer cuatro (4) horas antes del inicio del evento para realizar pruebas y así garantizar el correcto funcionamiento, incluye transporte y personal para la instalación, operación y desmontaje en el lugar y horario establecido por la Alcaldía Local de Bosa. | F67: UN | G67: 1 | H67: 1 | I67: 3552669 | J67: 3585082 | K67: 3552238.8 | P67: =IFERROR(IF(T67>(0.15),ROUND(MEDIAN(I67:O67),0),ROUND(AVERAGE(I67:O67),0)),"") -> 3563330 | Q67: =IFERROR(P67*H67,"") -> 3563330 | R67: Proceso SECOP II FDLB-ES-C-076-2025 | S67: =IFERROR(STDEV(I67:O67),"") -> 18839.053 | T67: =IFERROR(S67/AVERAGE(I67:O67),"") -> 0.0052869235 | V67: =COUNTIF(I67:O67,">0") -> 3
B68: 63 | C68: Alquiler de pasa cable tipo 1 | D68: Alquiler de pasa cables de dos (2) canales de un (1) metro de longitud que incluya transporte de carga y personal para la instalación y desinstalación en el lugar dispuesto por la Alcaldia Local de Bosa.el servicio de alquiler por diez (10) horas | E68: El servicio de alquiler del pasa cable se debe disponer mínimo cuatro (4) horas antes del inicio del evento para realizar la ubicación y así garantizar el correcto desarrollo, incluye transporte de carga y personal para la instalación y desmontaje en el lugar y horario establecido por la Alcaldía Local de Bosa. | F68: UN | G68: 1 | H68: 1 | I68: 26645 | J68: 26888.115 | K68: 26641.791 | P68: =IFERROR(IF(T68>(0.15),ROUND(MEDIAN(I68:O68),0),ROUND(AVERAGE(I68:O68),0)),"") -> 26725 | Q68: =IFERROR(P68*H68,"") -> 26725 | R68: Proceso SECOP II FDLB-ES-C-076-2025 | S68: =IFERROR(STDEV(I68:O68),"") -> 141.29785 | T68: =IFERROR(S68/AVERAGE(I68:O68),"") -> 0.00528711 | V68: =COUNTIF(I68:O68,">0") -> 3
B69: 64 | C69: Alquiler de pasa cable tipo 2 | D69: Alquiler de pasa cables de cuatro (4) canales de un (1) metro de longitud que incluya transporte de carga y personal para la instalación y desinstalación en el lugar dispuesto por la Alcaldia Local de Bosa.el servicio de alquiler por diez (10) horas | E69: El servicio de alquiler del pasa cable se debe disponer mínimo cuatro (4) horas antes del inicio del evento para realizar la ubicación y así garantizar el correcto desarrollo, incluye transporte de carga y personal para la instalación y desmontaje en el lugar y horario establecido por la Alcaldía Local de Bosa. | F69: UN | G69: 1 | H69: 1 | I69: 35527 | J69: 35850.82 | K69: 35522.388 | P69: =IFERROR(IF(T69>(0.15),ROUND(MEDIAN(I69:O69),0),ROUND(AVERAGE(I69:O69),0)),"") -> 35633 | Q69: =IFERROR(P69*H69,"") -> 35633 | R69: Proceso SECOP II FDLB-ES-C-076-2025 | S69: =IFERROR(STDEV(I69:O69),"") -> 188.30288 | T69: =IFERROR(S69/AVERAGE(I69:O69),"") -> 0.0052844484 | V69: =COUNTIF(I69:O69,">0") -> 3
B70: 65 | C70: Alquiler de planta eléctrica tipo 1 | D70: Planta eléctrica insonorizada de seis (6) Kva a dos (2) fases, un (1) neutro y un (1) polo a tierra con todos sus elementos de seguridad, bajantes eléctricas, distribuidores eléctricos, tapa cables y combustible para prestar servicio por ocho (8) horas debe incluir accesorios, transporte de carga, personal técnico para su instalación, operación y desmontaje conforme a la programación establecida por la Alcaldía Local de Bosa.el servicio de alquiler por diez (10) horas | E70: El servicio de alquiler de planta eléctrica se debe disponer cuatro (4) horas antes del inicio del evento para realizar pruebas y así garantizar el correcto funcionamiento, incluye transporte y personal para la instalación, operación y desmontaje en el lugar y horario establecido por la Alcaldía Local de Bosa. | F70: UN | G70: 1 | H70: 1 | I70: 444084 | J70: 448135.25 | K70: 444029.85 | P70: =IFERROR(IF(T70>(0.15),ROUND(MEDIAN(I70:O70),0),ROUND(AVERAGE(I70:O70),0)),"") -> 445416 | Q70: =IFERROR(P70*H70,"") -> 445416 | R70: Proceso SECOP II FDLB-ES-C-076-2025 | S70: =IFERROR(STDEV(I70:O70),"") -> 2354.7755 | T70: =IFERROR(S70/AVERAGE(I70:O70),"") -> 0.0052866838 | V70: =COUNTIF(I70:O70,">0") -> 3
B71: 66 | C71: Alquiler de planta eléctrica tipo 2 | D71: Planta eléctrica insonorizada de cuarenta (40) Kva a tres (3) fases, un (1) neutro y un (1) polo a tierra con todos sus elementos de seguridad, bajantes eléctricas, distribuidores eléctricos, tapa cables y combustible para prestar servicio por diez (10) horas debe incluir accesorios, transporte de carga, personal técnico para su instalación, operación y desmontaje conforme a la programación establecida por la Alcaldía Local de Bosa.el servicio de alquiler por diez (10) horas | E71: El servicio de alquiler de planta eléctrica se debe disponer cuatro (4) horas antes del inicio del evento para realizar pruebas y así garantizar el correcto funcionamiento, incluye transporte y personal para la instalación, operación y desmontaje en el lugar y horario establecido por la Alcaldía Local de Bosa. | F71: UN | G71: 1 | H71: 1 | I71: 1421068 | J71: 1434032.8 | K71: 1420895.5 | P71: =IFERROR(IF(T71>(0.15),ROUND(MEDIAN(I71:O71),0),ROUND(AVERAGE(I71:O71),0)),"") -> 1425332 | Q71: =IFERROR(P71*H71,"") -> 1425332 | R71: Proceso SECOP II FDLB-ES-C-076-2025 | S71: =IFERROR(STDEV(I71:O71),"") -> 7535.5079 | T71: =IFERROR(S71/AVERAGE(I71:O71),"") -> 0.0052868436 | V71: =COUNTIF(I71:O71,">0") -> 3
B72: 67 | C72: Alquiler de planta eléctrica tipo 3 | D72: Planta eléctrica insonorizada de setenta y cinco (75) Kva a tres (3) fases, un (1) neutro y un (1) polo a tierra con todos sus elementos de seguridad, bajantes eléctricas, distribuidores eléctricos, tapa cables y combustible para prestar servicio por diez (10) horas debe incluir accesorios, transporte de carga, personal técnico para su instalación, operación y desmontaje conforme a la programación establecida por la Alcaldía Local de Bosa.el servicio de alquiler por diez (10) horas | E72: El servicio de alquiler de planta eléctrica se debe disponer cuatro (4) horas antes del inicio del evento para realizar pruebas y así garantizar el correcto funcionamiento, incluye transporte y personal para la instalación, operación y desmontaje en el lugar y horario establecido por la Alcaldía Local de Bosa. | F72: UN | G72: 1 | H72: 1 | I72: 1953968 | J72: 1971795.1 | K72: 1953731.3 | P72: =IFERROR(IF(T72>(0.15),ROUND(MEDIAN(I72:O72),0),ROUND(AVERAGE(I72:O72),0)),"") -> 1959831 | Q72: =IFERROR(P72*H72,"") -> 1959831 | R72: Proceso SECOP II FDLB-ES-C-076-2025 | S72: =IFERROR(STDEV(I72:O72),"") -> 10361.465 | T72: =IFERROR(S72/AVERAGE(I72:O72),"") -> 0.0052869162 | V72: =COUNTIF(I72:O72,">0") -> 3
B73: 68 | C73: Alquiler de planta eléctrica tipo 4 | D73: Planta eléctrica insonorizada de ciento veinticinco (125) Kva a tres (3) fases, un (1) neutro y un (1) polo a tierra con todos sus elementos de seguridad, bajantes eléctricas, distribuidores eléctricos, tapa cables y combustible para prestar servicio por diez (10) horas debe incluir accesorios, transporte de carga, personal técnico para su instalación, operación y desmontaje conforme a la programación establecida por la Alcaldía Local de Bosa.el servicio de alquiler por diez (10) horas | E73: El servicio de alquiler de planta eléctrica se debe disponer cuatro (4) horas antes del inicio del evento para realizar pruebas y así garantizar el correcto funcionamiento, incluye transporte y personal para la instalación, operación y desmontaje en el lugar y horario establecido por la Alcaldía Local de Bosa. | F73: UN | G73: 1 | H73: 1 | I73: 2486869 | J73: 2509557.4 | K73: 2486567.2 | P73: =IFERROR(IF(T73>(0.15),ROUND(MEDIAN(I73:O73),0),ROUND(AVERAGE(I73:O73),0)),"") -> 2494331 | Q73: =IFERROR(P73*H73,"") -> 2494331 | R73: Proceso SECOP II FDLB-ES-C-076-2025 | S73: =IFERROR(STDEV(I73:O73),"") -> 13187.139 | T73: =IFERROR(S73/AVERAGE(I73:O73),"") -> 0.0052868436 | V73: =COUNTIF(I73:O73,">0") -> 3
B74: 69 | C74: Alquiler de Puente estructural (Truss) tipo 1 | D74: Alquiler de un (1) puente estructural de cuatro (4) metros de ancho x cinco (5) metros de altura desde el piso ensamblado en estructura tipo truss, el puente estructural deberá estar elevado desde el piso con dos (2) columnas las cuales pueden ser elevadores y estar en la capacidad de soportar la carga del sistema de sonido, pantallas de video y sistema de iluminación dispuestos para el desarrollo del evento que incluya transporte de carga, personal técnico para la instalación y desinstalación, todos lo contrapesos y elementos de seguridad que garantice su correcta instalación y seguridad de los asistentes al evento conforme a la programación establecida por la Alcaldia Local de Bosael servicio de alquiler por diez (10) horas | E74: El servicio de alquiler del Puente Estructural se debe disponer mínimo un (1) día antes del inicio del evento para realizar la ubicación y así garantizar el correcto desarrollo del evento, incluye transporte de carga y personal para la instalación y desmontaje en el lugar y horario establecido por la Alcaldía Local de Bosa. | F74: UN | G74: 1 | H74: 1 | I74: 888167 | J74: 896270.49 | K74: 888059.7 | P74: =IFERROR(IF(T74>(0.15),ROUND(MEDIAN(I74:O74),0),ROUND(AVERAGE(I74:O74),0)),"") -> 890832 | Q74: =IFERROR(P74*H74,"") -> 890832 | R74: Proceso SECOP II FDLB-ES-C-076-2025 | S74: =IFERROR(STDEV(I74:O74),"") -> 4709.8339 | T74: =IFERROR(S74/AVERAGE(I74:O74),"") -> 0.0052870034 | V74: =COUNTIF(I74:O74,">0") -> 3
B75: 70 | C75: Alquiler de Puente estructural (Truss) tipo 2 | D75: Alquiler de un (1) puente estructural de seis (6) metros de ancho x cinco (5) metros de altura desde el piso ensamblado en estructura tipo truss, el puente estructural deberá estar elevado desde el piso con dos (2) columnas las cuales pueden ser elevadores y estar en la capacidad de soportar la carga del sistema de sonido, pantallas de video y sistema de iluminación dispuestos para el desarrollo del evento que incluya transporte de carga, personal técnico para el instalación y desinstalación, todos lo contrapesos y elementos de seguridad que garantice su correcta instalación y seguridad de los asistentes al evento conforme a la programación establecida por la Alcaldia Local de Bosael servicio de alquiler por diez (10) horas | E75: El servicio de alquiler del Puente Estructural se debe disponer mínimo un (1) día antes del inicio del evento para realizar la ubicación y así garantizar el correcto desarrollo del evento, incluye transporte de carga y personal para la instalación y desmontaje en el lugar y horario establecido por la Alcaldía Local de Bosa. | F75: UN | G75: 1 | H75: 1 | I75: 1065801 | J75: 1075524.6 | K75: 1065671.6 | P75: =IFERROR(IF(T75>(0.15),ROUND(MEDIAN(I75:O75),0),ROUND(AVERAGE(I75:O75),0)),"") -> 1068999 | Q75: =IFERROR(P75*H75,"") -> 1068999 | R75: Proceso SECOP II FDLB-ES-C-076-2025 | S75: =IFERROR(STDEV(I75:O75),"") -> 5651.6309 | T75: =IFERROR(S75/AVERAGE(I75:O75),"") -> 0.0052868436 | V75: =COUNTIF(I75:O75,">0") -> 3
B76: 71 | C76: Alquiler de Puente estructural (Truss) tipo 3 | D76: Alquiler de un (1) puente estructural de diez (10) metros de ancho x cinco (5) metros de altura desde el piso ensamblado en estructura tipo truss, el puente estructural deberá estar elevado desde el piso con dos (2) columnas las cuales pueden ser elevadores y estar en la capacidad de soportar la carga del sistema de sonido, pantallas de video y sistema de iluminación dispuestos para el desarrollo del evento que incluya transporte de carga, personal técnico para la instalación y desinstalación, todos lo contrapesos y elementos de seguridad que garantice su correcta instalación y seguridad de los asistentes al evento conforme a la programación establecida por la Alcaldia Local de Bosael servicio de alquiler por diez (10) horas | E76: El servicio de alquiler del Puente Estructural se debe disponer mínimo un (1) día antes del inicio del evento para realizar la ubicación y así garantizar el correcto desarrollo del evento, incluye transporte de carga y personal para la instalación y desmontaje en el lugar y horario establecido por la Alcaldía Local de Bosa. | F76: UN | G76: 1 | H76: 1 | I76: 1243434 | J76: 1254778.7 | K76: 1243283.6 | P76: =IFERROR(IF(T76>(0.15),ROUND(MEDIAN(I76:O76),0),ROUND(AVERAGE(I76:O76),0)),"") -> 1247165 | Q76: =IFERROR(P76*H76,"") -> 1247165 | R76: Proceso SECOP II FDLB-ES-C-076-2025 | S76: =IFERROR(STDEV(I76:O76),"") -> 6593.7109 | T76: =IFERROR(S76/AVERAGE(I76:O76),"") -> 0.0052869578 | V76: =COUNTIF(I76:O76,">0") -> 3
... B79: 74 | C79: Alquiler de Puente estructural (Truss) tipo 6 | D79: Alquiler de un (1) puente estructural de doce (12) metros de ancho x seis (6) metros de altura desde el piso ensamblado en estructura tipo truss, el puente estructural deberá estar elevado desde el piso con dos (2) columnas las cuales deben estar ensambladas en estructura tipo truss e incluir dos (2) vigas externas de cuatro (4) metros de ancho con dos (2) columnas a la misma altura del puente principal y estar en la capacidad de soportar la carga del sistema de sonido, pantallas de video y sistema de iluminación dispuestos para el desarrollo del evento que incluya transporte de carga, personal técnico para la instalación y desinstalación, todos lo contrapesos y elementos de seguridad que garantice su correcta instalación y seguridad de los asistentes al evento conforme a la programación establecida por la Alcaldia Local de Bosael servicio de alquiler por diez (10) horas | E79: El servicio de alquiler del Puente Estructural se debe disponer mínimo un (1) día antes del inicio del evento para realizar la ubicación y así garantizar el correcto desarrollo del evento, incluye transporte de carga y personal para la instalación y desmontaje en el lugar y horario establecido por la Alcaldía Local de Bosa. | F79: UN | G79: 1 | H79: 1 | I79: 2486869 | J79: 2509557.4 | K79: 2486567.2 | P79: =IFERROR(IF(T79>(0.15),ROUND(MEDIAN(I79:O79),0),ROUND(AVERAGE(I79:O79),0)),"") -> 2494331 | Q79: =IFERROR(P79*H79,"") -> 2494331 | R79: Proceso SECOP II FDLB-ES-C-076-2025 | S79: =IFERROR(STDEV(I79:O79),"") -> 13187.139 | T79: =IFERROR(S79/AVERAGE(I79:O79),"") -> 0.0052868436 | V79: =COUNTIF(I79:O79,">0") -> 3
B80: 75 | C80: Alquiler de salón de eventos | D80: Alquiler de un salón de eventos cubierto, con una capacidad mínima para 300 personas sentadas, dotado con las condiciones físicas y logísticas necesarias tales como sonido, iluminación, baños, etc.El servicio de alquiler por ocho (8) horas | F80: UN | G80: 1 | H80: 1 | I80: 882838 | J80: 890892.87 | K80: 882731.34 | P80: =IFERROR(IF(T80>(0.15),ROUND(MEDIAN(I80:O80),0),ROUND(AVERAGE(I80:O80),0)),"") -> 885487 | Q80: =IFERROR(P80*H80,"") -> 885487 | R80: Proceso SECOP II FDLB-ES-C-076-2025 | S80: =IFERROR(STDEV(I80:O80),"") -> 4681.5744 | T80: =IFERROR(S80/AVERAGE(I80:O80),"") -> 0.0052870028 | V80: =COUNTIF(I80:O80,">0") -> 3
B81: 76 | C81: Alquiler de saltarín | D81: Alquiler de Saltarín inflable recreativo para uso infantil, Mínimo 4m x 4m x 3m (largo x ancho x alto),con capacidad para 6 a 10 niños de forma simultánea colores Vivos, sistema de inflado Motor soplador de 1 HP mínimo (incluido), con accesorios como: Motor, lona base de protección, estacas de seguridad, extensión eléctrica, con instalacion y desinstalacion, transporte- Tiempo de Alquiler 1 Díael servicio de alquiler por diez (10) horas | F81: UN | G81: 1 | H81: 1 | I81: 652089 | J81: 658038.21 | K81: 652009.88 | P81: =IFERROR(IF(T81>(0.15),ROUND(MEDIAN(I81:O81),0),ROUND(AVERAGE(I81:O81),0)),"") -> 654046 | Q81: =IFERROR(P81*H81,"") -> 654046 | R81: Proceso SECOP II FDLB-ES-C-076-2025 | S81: =IFERROR(STDEV(I81:O81),"") -> 3457.8447 | T81: =IFERROR(S81/AVERAGE(I81:O81),"") -> 0.0052868549 | V81: =COUNTIF(I81:O81,">0") -> 3
B82: 77 | C82: Alquiler de sistema inalámbrio In-ear | D82: Sistema inalámbrico In-ear de antena de 1/4 de onda, montaje en rack y bolsa en cremallera, transmisor inalámbrico de 1 canal de 24 bitsel servicio de alquiler por diez (10) horas | E82: Ver anexo técnico | F82: UN | G82: 1 | H82: 1 | I82: 652089 | J82: 658038.21 | K82: 652009.88 | P82: =IFERROR(IF(T82>(0.15),ROUND(MEDIAN(I82:O82),0),ROUND(AVERAGE(I82:O82),0)),"") -> 654046 | Q82: =IFERROR(P82*H82,"") -> 654046 | R82: Proceso SECOP II FDLB-ES-C-076-2025 | S82: =IFERROR(STDEV(I82:O82),"") -> 3457.8447 | T82: =IFERROR(S82/AVERAGE(I82:O82),"") -> 0.0052868549 | V82: =COUNTIF(I82:O82,">0") -> 3
B83: 78 | C83: Alquiler de sobre tarima tipo 1 | D83: Alquiler de sobre tarima estructural de dos metros con cuarenta centímetros (2,40) de ancho x dos metros con cuarenta centímetros (2,40) de profundidad una altura regulable desde el piso entre treinta (0,30) centímetros y ochenta (0,80) centímetros con una (1) escalera de acceso y recubierta en su totalidad por faldón de color negro, accesorios, transporte de carga y personal para ser instalada y desinstalada en el lugar dispuesto por la Alcaldía Local de Bosa, los elementos que componen la tarima estructural deben estar en perfecto estado estético y de funcionamiento para garantizar la seguridad de los participantes y asistentes al evento.el servicio de alquiler por diez (10) horas | E83: El servicio de alquiler de la Sobre tarima se debe disponer mínimo cinco (5) horas antes del inicio del evento para realizar la ubicación y así garantizar el correcto desarrollo del evento, incluye transporte de carga y personal para la instalación y desmontaje en el lugar y horario establecido por la Alcaldía Local de Bosa. | F83: UN | G83: 1 | H83: 1 | I83: 625247 | J83: 630951.12 | K83: 625170.94 | P83: =IFERROR(IF(T83>(0.15),ROUND(MEDIAN(I83:O83),0),ROUND(AVERAGE(I83:O83),0)),"") -> 627123 | Q83: =IFERROR(P83*H83,"") -> 627123 | R83: Proceso SECOP II FDLB-ES-C-076-2025 | S83: =IFERROR(STDEV(I83:O83),"") -> 3315.4523 | T83: =IFERROR(S83/AVERAGE(I83:O83),"") -> 0.0052867654 | V83: =COUNTIF(I83:O83,">0") -> 3
B84: 79 | C84: Alquiler de sobre tarima tipo 2 | D84: Alquiler de sobre tarima estructural de tres metros con sesenta centimetros (3,60) de ancho x dos metros con cuarenta centímetros (2,40) de profundidad una altura regulable desde el piso entre treinta (0,30) centímetros y ochenta (0,80) centímetros con una (1) escalera de acceso y recubierta en su totalidad por faldón de color negro, accesorios, transporte de carga y personal para ser instalada y desinstalada en el lugar dispuesto por la Alcaldía Local de Bosa, los elementos que componen la tarima estructural deben estar en perfecto estado estético y de funcionamiento para garantizar la seguridad de los participantes y asistentes al evento.el servicio de alquiler por diez (10) horas | E84: El servicio de alquiler de la Sobre tarima se debe disponer mínimo cinco (5) horas antes del inicio del evento para realizar la ubicación y así garantizar el correcto desarrollo del evento, incluye transporte de carga y personal para la instalación y desmontaje en el lugar y horario establecido por la Alcaldía Local de Bosa. | F84: UN | G84: 1 | H84: 1 | I84: 625247 | J84: 630951.12 | K84: 625170.94 | P84: =IFERROR(IF(T84>(0.15),ROUND(MEDIAN(I84:O84),0),ROUND(AVERAGE(I84:O84),0)),"") -> 627123 | Q84: =IFERROR(P84*H84,"") -> 627123 | R84: Proceso SECOP II FDLB-ES-C-076-2025 | S84: =IFERROR(STDEV(I84:O84),"") -> 3315.4523 | T84: =IFERROR(S84/AVERAGE(I84:O84),"") -> 0.0052867654 | V84: =COUNTIF(I84:O84,">0") -> 3
B85: 80 | C85: Alquiler de sobre tarima tipo 3 | D85: Alquiler de sobre tarima estructural de cuatro metros con ochenta centímetros (4,80) de ancho x dos metros con cuarenta centímetros (2,40) de profundidad una altura regulable desde el piso entre treinta (0,30) centímetros y ochenta (0,80) centímetros con una (1) escalera de acceso y recubierta en su totalidad por faldón de color negro, accesorios, transporte de carga y personal para ser instalada y desinstalada en el lugar dispuesto por la Alcaldía Local de Bosa, los elementos que componen la tarima estructural deben estar en perfecto estado estético y de funcionamiento para garantizar la seguridad de los participantes y asistentes al evento.el servicio de alquiler por diez (10) horas | E85: El servicio de alquiler de la Sobre tarima se debe disponer mínimo cinco (5) horas antes del inicio del evento para realizar la ubicación y así garantizar el correcto desarrollo del evento, incluye transporte de carga y personal para la instalación y desmontaje en el lugar y horario establecido por la Alcaldía Local de Bosa. | F85: UN | G85: 1 | H85: 1 | I85: 849253 | J85: 857001.3 | K85: 849150.25 | P85: =IFERROR(IF(T85>(0.15),ROUND(MEDIAN(I85:O85),0),ROUND(AVERAGE(I85:O85),0)),"") -> 851802 | Q85: =IFERROR(P85*H85,"") -> 851802 | R85: Proceso SECOP II FDLB-ES-C-076-2025 | S85: =IFERROR(STDEV(I85:O85),"") -> 4503.4351 | T85: =IFERROR(S85/AVERAGE(I85:O85),"") -> 0.0052869536 | V85: =COUNTIF(I85:O85,">0") -> 3
B86: 81 | C86: Alquiler de sobre tarima tipo 4 | D86: Alquiler de sobre tarima estructural de seis metros (6) de ancho x dos metros con cuarenta centímetros (2,40) de profundidad una altura regulable desde el piso entre treinta (0,30) centímetros y ochenta (0,80) centímetros con una (1) escalera de acceso y recubierta en su totalidad por faldón de color negro, accesorios, transporte de carga y personal para ser instalada y desinstalada en el lugar dispuesto por la Alcaldía Local de Bosa, los elementos que componen la tarima estructural deben estar en perfecto estado estético y de funcionamiento para garantizar la seguridad de los participantes y asistentes al evento.el servicio de alquiler por diez (10) horas | E86: El servicio de alquiler de la Sobre tarima se debe disponer mínimo cinco (5) horas antes del inicio del evento para realizar la ubicación y así garantizar el correcto desarrollo del evento, incluye transporte de carga y personal para la instalación y desmontaje en el lugar y horario establecido por la Alcaldía Local de Bosa. | F86: UN | G86: 1 | H86: 1 | I86: 1008935 | J86: 1018140 | K86: 1008812.7 | P86: =IFERROR(IF(T86>(0.15),ROUND(MEDIAN(I86:O86),0),ROUND(AVERAGE(I86:O86),0)),"") -> 1011963 | Q86: =IFERROR(P86*H86,"") -> 1011963 | R86: Proceso SECOP II FDLB-ES-C-076-2025 | S86: =IFERROR(STDEV(I86:O86),"") -> 5350.1413 | T86: =IFERROR(S86/AVERAGE(I86:O86),"") -> 0.0052868964 | V86: =COUNTIF(I86:O86,">0") -> 3
B87: 82 | C87: Alquiler de sonido convencional tipo 1 | D87: Alquiler de sistema de sonido convencional compuesto por dos (2) cabinas activas o pasivas de mil (1.000) watts instaladas sobre trípode, una (1) consola digita de dieciséis (16) canales de entrada, dos (2) microfonos vocales inalámbricos, extensiones para electricidad, cables canon, que incluya transporte de carga, un (1) auxiliar de montaje, un (1) operador de sonido, todos los accesorios que garanticen su correcta instalación, funcionamiento y desinstalación conforme a la programación establecida por la Alcaldia Local de Bosa.el servicio de alquiler por diez (10) horas | E87: El servicio de alquiler del Alquiler de sonido se debe disponer mínimo dos (2) horas antes del inicio del evento para realizar la ubicación y así garantizar el correcto desarrollo del evento, incluye transporte de carga y personal para la instalación y desmontaje en el lugar y horario establecido por la Alcaldía Local de Bosa. | F87: UN | G87: 1 | H87: 1 | I87: 1184813 | J87: 1195623 | K87: 1184669.9 | P87: =IFERROR(IF(T87>(0.15),ROUND(MEDIAN(I87:O87),0),ROUND(AVERAGE(I87:O87),0)),"") -> 1188369 | Q87: =IFERROR(P87*H87,"") -> 1188369 | R87: Proceso SECOP II FDLB-ES-C-076-2025 | S87: =IFERROR(STDEV(I87:O87),"") -> 6282.9095 | T87: =IFERROR(S87/AVERAGE(I87:O87),"") -> 0.0052870038 | V87: =COUNTIF(I87:O87,">0") -> 3
B88: 83 | C88: Alquiler de sonido convencional tipo 2 | D88: Sistema de sonido convencional compuesto por dos (2) cabinas convencionales activas o pasivas que cuenten con dos (2) parlantes de 15" y un (1) driver de 3" con capacidad de salida de 500 Watts RMS Respuesta de frecuencia (-3db):46Hz-17kHz.SPL máximo a 1 m: 120dB/126dB (Pico), dos (2) subwoofer activos o pasivos 1x18" de alta potencia para bajas frecuencias con bobina móvil de 100mm capacidad de salida cuatrocientos (400) Watts RMS (SPL 104 dB) respuesta de frecuencia 30Hz -300Hz; un (1) procesador de señal de tres (3) entradas x seis (6) salidas, una (1) consola digital de dieciséis (16) canales de entrada y seis (6) salidas auxiliares, dos (2) monitores de piso compuesto por 2 parlantes de 12" y un driver de 3" con capacidad de salida de quinientos (500) Watts RMS (max SPL 134dB) a 16 Ohms, cobertura 80°x60°, respuesta de frecuencia (-3 dB) 56Hz -5.7kHz, angulación del monitor 50°; tres (3) microfonos vocales inalámbricos con combinador de antena y antena; un (1) kit de microfoneria alámbrica para instrumentos (mínimo 6 micrófonos); un (1) kit de microfoneria alámbrica vocal (mínimo 4 micrófonos); cables canon, extensiones eléctricas y todos los accesorios para garantizar su correcta instalación y funcionamiento durante el desarrollo del evento; un (1) ingeniero de sonido, un (1) técnico de escenario, un (1) auxiliar para montaje y desmontaje, debe incluir transporte de carga y todos los accesorios que garanticen su correcta instalación, funcionamiento y desmontaje conforme a la programación establecida por la Alcaldia Local de Bosa.el servicio de alquiler por diez (10) horas | E88: El servicio de alquiler del Alquiler de sonido se debe disponer mínimo tres (3) horas antes del inicio del evento para realizar la ubicación y así garantizar el correcto desarrollo del evento, incluye transporte de carga y personal para la instalación y desmontaje en el lugar y horario establecido por la Alcaldía Local de Bosa. | F88: UN | G88: 1 | H88: 1 | I88: 2152697 | J88: 2172337.4 | K88: 2152436.5 | P88: =IFERROR(IF(T88>(0.15),ROUND(MEDIAN(I88:O88),0),ROUND(AVERAGE(I88:O88),0)),"") -> 2159157 | Q88: =IFERROR(P88*H88,"") -> 2159157 | R88: Proceso SECOP II FDLB-ES-C-076-2025 | S88: =IFERROR(STDEV(I88:O88),"") -> 11415.34 | T88: =IFERROR(S88/AVERAGE(I88:O88),"") -> 0.0052869431 | V88: =COUNTIF(I88:O88,">0") -> 3
B89: 84 | C89: Alquiler de sonido tipo line array tipo 1 | D89: Sistema de sonido line array pasivo para intemperie compuesto por ocho (8) cajas (cuatro (4) por arreglo L y cuatro (4) por arreglo R) que sea capaz de reproducir cuatro mil (4.000) watts RMS (max SPL 132dB Low - 136db Hi), las cabinas line array deberán tener las siguientes características: respuesta de frecuencia (-3 dB) HF: 900Hz - 16kHz, LF: 50Hz - 4KHz, doble parlante de 12" y doble Driver 3"; un (1) procesador de señal de ocho (8) entradas x ocho (8) salidas con conectividad Ethernet para trabajo inalámbrico a través de Wi Fi; un (1) amplificador de poder que sea capaz de reproducir quinientos (500) Watts (RMS) a 2 ohm por canal para frecuencias altas; Un (1) amplificador de poder que sea capaz de reproducir dos mil (2.000) Watts (RMS) a 2 ohm por canal para frecuencias medias; ocho (8) subwoofer pasivos 1x18" de alta potencia para bajas frecuencias con bobina móvil de 100mm capacidad de salida cuatrocientos (400) Watts RMS (SPL 103 dB) respuesta de frecuencia +/- 3 dB 43 Hz – 320 Hz -10 dB 34 Hz; un (1) amplificador de cuatro (4) canales capaz de reproducir dos mil quinientos (2.500) Watts (RMS) a 2 Ohms por canal para frecuencias bajas; una (1) consola digital con capacidad de treinta y dos (32) canales de entrada y dieciséis (16) salidas auxiliares con sistema de mezcla inalámbrico a través de Ipad; dos (2) snakes digitales (stage box) de dieciséis (16) canales de entrada y ocho (8) salidas auxiliares con cables UTP categoría seis (6) para exteriores de mínimo cincuenta (50) metros de longitud; cuatro (4) monitores de piso compuesto por dos (2) parlantes de 12" y un driver de 3", capacidad de salida de quinientos (500) Watts RMS (max SPL 134dB) a 16 Ohms, cobertura 80°x60°, respuesta de frecuencia (-3 dB) 56Hz -5.7kHz, angulación del monitor 50°; un (1) amplificador de cuatro (4) canales capaz de reproducir dos mil quinientos (2.500) Watts (RMS) a 2 Ohms por canal para monitores de tarima; dos (2) sistemas de side fill compuesto por una (1) cabina convencional, la cabina deberá contar con dos (2) parlantes de 15" y un (1) driver de 3" con capacidad de salida de 500 Watts RMS respuesta de frecuencia (-3db):46Hz-17kHz.SPL máximo a 1 m: 120dB/126dB (Pico) y un (1) subwoofer pasivo 1x18" de alta potencia para bajas frecuencias con bobina móvil de capacidad de salida cuatrocientos (400) Watts RMS (SPL 103 dB) respuesta de frecuencia +/- 3 dB 43 Hz – 320 Hz -10 dB 34 Hz; tres (3) microfonos vocales inalámbricos con combinador de antena y antena; Seis (6) micrófonos inalámbricos vocales de diadema con receptor inalámbrico individual, conectores de salida XLR, un (1) kit de microfoneria para batería (mínimo 8 micrófonos); un (1) kit de microfoneria para instrumentos (mínimo 12 micrófonos); un (1) kit de microfoneria vocal (mínimo 4 micrófonos), un (1) ingeniero de sonido, un (1) técnico para escenario y dos (2) auxiliares para instalación, operación y desinstalación, debe incluir transporte de carga y todos los accesorios que garanticen su correcta instalación y funcionamiento conforme a la programación establecida por la Alcaldia Local de Bosa.el servicio de alquiler por diez (10) horas | E89: El servicio de alquiler del Alquiler de sonido se debe disponer mínimo cuatro (4) horas antes del inicio del evento para realizar la ubicación y así garantizar el correcto desarrollo del evento, incluye transporte de carga y personal para la instalación y desmontaje en el lugar y horario establecido por la Alcaldía Local de Bosa. | F89: UN | G89: 1 | H89: 1 | I89: 3374027 | J89: 3404809.7 | K89: 3373618 | P89: =IFERROR(IF(T89>(0.15),ROUND(MEDIAN(I89:O89),0),ROUND(AVERAGE(I89:O89),0)),"") -> 3384152 | Q89: =IFERROR(P89*H89,"") -> 3384152 | R89: Proceso SECOP II FDLB-ES-C-076-2025 | S89: =IFERROR(STDEV(I89:O89),"") -> 17891.634 | T89: =IFERROR(S89/AVERAGE(I89:O89),"") -> 0.0052868892 | V89: =COUNTIF(I89:O89,">0") -> 3
B90: 85 | C90: Alquiler de sonido tipo line array tipo 2 | D90: Sistema de sonido line array pasivo para intemperie compuesto por doce (12) cajas (seis (6) por arreglo L y seis (6) por arreglo R) que sea capaz de reproducir seis mil (6.000) watts RMS (max SPL 132dB Low - 136db Hi), las cabinas line array deberán tener las siguientes características: respuesta de frecuencia (-3 dB) HF: 900Hz - 16kHz, LF: 50Hz - 4KHz, doble parlante de 12" y doble Driver 3"; un (1) procesador de señal de ocho (8) entradas x ocho (8) salidas con conectividad Ethernet para trabajo inalámbrico a través de Wi Fi; dos (2) amplificadores de poder que sean capaz de reproducir quinientos (500) Watts (RMS) a 2 ohm por canal para frecuencias altas; dos (2) amplificadores de poder que sean capaz de reproducir dos mil (2.000) Watts (RMS) a 2 ohm por canal para frecuencias medias; doce (12) subwoofer pasivos 1x18" de alta potencia para bajas frecuencias con bobina móvil de 100mm capacidad de salida cuatrocientos (400) Watts RMS (SPL 103 dB) respuesta de frecuencia +/- 3 dB 43 Hz – 320 Hz -10 dB 34 Hz; un (1) amplificador de cuatro (4) canales capaz de reproducir dos mil quinientos (2.500) Watts (RMS) a 2 Ohms por canal para frecuencias bajas; dos (2) consolas digitales con capacidad de treinta y dos (32) canales de entrada y dieciséis (16) salidas auxiliares con sistema de mezcla inalámbrico a través de Ipad; dos (2) snakes digitales (stage box) de dieciséis (16) canales de entrada y ocho (8) salidas auxiliares con cables UTP categoría seis (6) para exteriores de mínimo cien (100) metros de longitud; seis (6) monitores de piso compuesto por dos (2) parlantes de 12" y un driver de 3", capacidad de salida de quinientos (500) Watts RMS (max SPL 134dB) a 16 Ohms, cobertura 80°x60°, respuesta de frecuencia (-3 dB) 56Hz -5.7kHz, angulación del monitor 50°; un (1) amplificador de cuatro (4) canales capaz de reproducir dos mil quinientos (2.500) Watts (RMS) a 2 Ohms por canal para monitores de tarima; dos (2) sistemas de side fill compuesto por una (1) cabina convencional, la cabina deberá contar con dos (2) parlantes de 15" y un (1) driver de 3" con capacidad de salida de 500 Watts RMS respuesta de frecuencia (-3db):46Hz-17kHz.SPL máximo a 1 m: 120dB/126dB (Pico) y un (1) subwoofer pasivo 1x18" de alta potencia para bajas frecuencias con bobina móvil de capacidad de salida cuatrocientos (400) Watts RMS (SPL 103 dB) respuesta de frecuencia +/- 3 dB 43 Hz – 320 Hz -10 dB 34 Hz; tres (3) microfonos vocales inalámbricos con combinador de antena y antena; Seis (6) micrófonos inalámbricos vocales de diadema con receptor inalámbrico individual, conectores de salida XLR, un (1) kit de microfoneria para batería (mínimo 8 micrófonos); un (1) kit de microfoneria para instrumentos (mínimo 12 micrófonos); un (1) kit de microfoneria vocal (mínimo 4 micrófonos), dos (2) ingenieros de sonido, dos (2) técnicos para escenario y dos (2) auxiliares para inatalación, operación y desinstalación, debe incluir transporte de carga y todos los accesorios que garanticen su correcta instalación y funcionamiento conforme a la programación establecida por la Alcaldia Local de Bosael servicio de alquiler por diez (10) horas | E90: El servicio de alquiler del Alquiler de sonido se debe disponer mínimo seis (6) horas antes del inicio del evento para realizar la ubicación y así garantizar el correcto desarrollo del evento, incluye transporte de carga y personal para la instalación y desmontaje en el lugar y horario establecido por la Alcaldía Local de Bosa. | F90: UN | G90: 1 | H90: 1 | I90: 4225076 | J90: 4263623.3 | K90: 4224563.9 | P90: =IFERROR(IF(T90>(0.15),ROUND(MEDIAN(I90:O90),0),ROUND(AVERAGE(I90:O90),0)),"") -> 4237754 | Q90: =IFERROR(P90*H90,"") -> 4237754 | R90: Proceso SECOP II FDLB-ES-C-076-2025 | S90: =IFERROR(STDEV(I90:O90),"") -> 22404.557 | T90: =IFERROR(S90/AVERAGE(I90:O90),"") -> 0.0052868937 | V90: =COUNTIF(I90:O90,">0") -> 3
B91: 86 | C91: Alquiler de sonido tipo line array tipo 3 | D91: Sistema de sonido line array pasivo para intemperie compuesto por dieciseis (16) cajas (ocho (8) por arreglo L y ocho (8) por arreglo R) que sea capaz de reproducir seis mil (6.000) watts RMS (max SPL 132dB Low - 136db Hi), las cabinas line array deberán tener las siguientes características: respuesta de frecuencia (-3 dB) HF: 900Hz - 16kHz, LF: 50Hz - 4KHz, doble parlante de 12" y doble Driver 3"; un (1) procesador de señal de ocho (8) entradas x ocho (8) salidas con conectividad Ethernet para trabajo inalámbrico a través de Wi Fi; dos (2) amplificadores de poder que sean capaz de reproducir quinientos (500) Watts (RMS) a 2 ohm por canal para frecuencias altas; dos (2) amplificadores de poder que sean capaz de reproducir dos mil (2.000) Watts (RMS) a 2 ohm por canal para frecuencias medias; doce (12) subwoofer pasivos 1x18" de alta potencia para bajas frecuencias con bobina móvil de 100mm capacidad de salida cuatrocientos (400) Watts RMS (SPL 103 dB) respuesta de frecuencia +/- 3 dB 43 Hz – 320 Hz -10 dB 34 Hz; un (1) amplificador de cuatro (4) canales capaz de reproducir dos mil quinientos (2.500) Watts (RMS) a 2 Ohms por canal para frecuencias bajas; dos (2) consolas digitales con capacidad de treinta y dos (32) canales de entrada y dieciséis (16) salidas auxiliares con sistema de mezcla inalámbrico a través de Ipad; dos (2) snakes digitales (stage box) de dieciséis (16) canales de entrada y ocho (8) salidas auxiliares con cables UTP categoría seis (6) para exteriores de mínimo cien (100) metros de longitud; seis (6) monitores de piso compuesto por dos (2) parlantes de 12" y un driver de 3", capacidad de salida de quinientos (500) Watts RMS (max SPL 134dB) a 16 Ohms, cobertura 80°x60°, respuesta de frecuencia (-3 dB) 56Hz -5.7kHz, angulación del monitor 50°; un (1) amplificador de cuatro (4) canales capaz de reproducir dos mil quinientos (2.500) Watts (RMS) a 2 Ohms por canal para monitores de tarima; dos (2) sistemas de side fill compuesto por una (1) cabina convencional, la cabina deberá contar con dos (2) parlantes de 15" y un (1) driver de 3" con capacidad de salida de 500 Watts RMS respuesta de frecuencia (-3db):46Hz-17kHz.SPL máximo a 1 m: 120dB/126dB (Pico) y un (1) subwoofer pasivo 1x18" de alta potencia para bajas frecuencias con bobina móvil de capacidad de salida cuatrocientos (400) Watts RMS (SPL 103 dB) respuesta de frecuencia +/- 3 dB 43 Hz – 320 Hz -10 dB 34 Hz; dos (2) sistemas de Brass fill compuesto por una (1) cabina convencional con un (1) parlante de 15" y un (1) driver de 3"; tres (3) microfonos vocales inalámbricos con combinador de antena y antena; Seis (6) micrófonos inalámbricos vocales de diadema con receptor inalámbrico individual, conectores de salida XLR, un (1) kit de microfoneria para batería (mínimo 8 micrófonos); un (1) kit de microfoneria para instrumentos (mínimo 12 micrófonos); un (1) kit de microfoneria vocal (mínimo 4 micrófonos), dos (2) ingenieros de sonido, dos (2) técnicos para escenario y dos (2) auxiliares para instalación, operación y desinstalación, debe incluir transporte de carga y todos los accesorios que garanticen su correcta instalación y funcionamiento conforme a la programación establecida por la Alcaldia Local de Bosael servicio de alquiler por diez (10) horas | E91: El servicio de alquiler del Alquiler de sonido se debe disponer mínimo seis (6) horas antes del inicio del evento para realizar la ubicación y así garantizar el correcto desarrollo del evento, incluye transporte de carga y personal para la instalación y desmontaje en el lugar y horario establecido por la Alcaldía Local de Bosa. | F91: UN | G91: 1 | H91: 1 | I91: 7379571 | J91: 7446898.2 | K91: 7378676.7 | P91: =IFERROR(IF(T91>(0.15),ROUND(MEDIAN(I91:O91),0),ROUND(AVERAGE(I91:O91),0)),"") -> 7401715 | Q91: =IFERROR(P91*H91,"") -> 7401715 | R91: Proceso SECOP II FDLB-ES-C-076-2025 | S91: =IFERROR(STDEV(I91:O91),"") -> 39132.102 | T91: =IFERROR(S91/AVERAGE(I91:O91),"") -> 0.0052868965 | V91: =COUNTIF(I91:O91,">0") -> 3
B92: 87 | C92: Alquiler de tarima estructural tipo 1 | D92: Alquiler de Tarima estructural de doce (12) metros de ancho x doce (12) metros profundidad y una altura regulable desde el piso entre ochenta (0,80) centímetros y un metro con noventa centímetros (1,90), recubierta en su totalidad por faldón de color negro con dos (2) escaleras de acceso, accesorios, transporte de carga y personal para ser instalada y desinstalada en el lugar dispuesto por la Alcaldía Local de Bosa, los elementos que componen la tarima estructural deben estar en perfecto estado estético y de funcionamiento para garantizar la seguridad de los participantes y asistentes al evento.el servicio de alquiler por diez (10) horas | E92: El servicio de alquiler de la Tarima Estructural se debe disponer mínimo cinco (5) horas antes del inicio del evento para realizar la ubicación y así garantizar el correcto desarrollo del evento, incluye transporte de carga y personal para la instalación y desmontaje en el lugar y horario establecido por la Alcaldía Local de Bosa. | F92: UN | G92: 1 | H92: 1 | I92: 3370671 | J92: 3401423.6 | K92: 3370262.9 | P92: =IFERROR(IF(T92>(0.15),ROUND(MEDIAN(I92:O92),0),ROUND(AVERAGE(I92:O92),0)),"") -> 3380786 | Q92: =IFERROR(P92*H92,"") -> 3380786 | R92: Proceso SECOP II FDLB-ES-C-076-2025 | S92: =IFERROR(STDEV(I92:O92),"") -> 17873.984 | T92: =IFERROR(S92/AVERAGE(I92:O92),"") -> 0.0052869316 | V92: =COUNTIF(I92:O92,">0") -> 3
B93: 88 | C93: Alquiler de tarima estructural tipo 2 | D93: Alquiler de Tarima estructural de doce (12) metros de ancho x seis (6) metros profundidad y una altura regulable desde el piso entre ochenta (0,80) centímetros y un metro con noventa centímetros (1,90), recubierta en su totalidad por faldón de color negro con dos (2) escaleras de acceso, accesorios, transporte de carga y personal para ser instalada y desinstalada en el lugar dispuesto por la Alcaldía Local de Bosa, los elementos que componen la tarima estructural deben estar en perfecto estado estético y de funcionamiento para garantizar la seguridad de los participantes y asistentes al evento.el servicio de alquiler por diez (10) horas | E93: El servicio de alquiler de la Tarima Estructural se debe disponer mínimo cinco (5) horas antes del inicio del evento para realizar la ubicación y así garantizar el correcto desarrollo del evento, incluye transporte de carga y personal para la instalación y desmontaje en el lugar y horario establecido por la Alcaldía Local de Bosa. | F93: UN | G93: 1 | H93: 1 | I93: 1733283 | J93: 1749097 | K93: 1733073.4 | P93: =IFERROR(IF(T93>(0.15),ROUND(MEDIAN(I93:O93),0),ROUND(AVERAGE(I93:O93),0)),"") -> 1738484 | Q93: =IFERROR(P93*H93,"") -> 1738484 | R93: Proceso SECOP II FDLB-ES-C-076-2025 | S93: =IFERROR(STDEV(I93:O93),"") -> 9191.3075 | T93: =IFERROR(S93/AVERAGE(I93:O93),"") -> 0.0052869656 | V93: =COUNTIF(I93:O93,">0") -> 3
... B96: 91 | C96: Alquiler de tarima estructural tipo 5 | D96: Alquiler de Tarima estructural de cuatro metros con ochenta centímetros (4,80) de ancho x tres metros con sesenta centímetros (3,60) profundidad y una altura regulable desde el piso entre ochenta (0,80) centímetros y un metro con noventa centímetros (1,90), recubierta en su totalidad por faldón de color negro con dos (2) escaleras de acceso, accesorios, transporte de carga y personal para ser instalada y desinstalada en el lugar dispuesto por la Alcaldía Local de Bosa, los elementos que componen la tarima estructural deben estar en perfecto estado estético y de funcionamiento para garantizar la seguridad de los participantes y asistentes al evento.el servicio de alquiler por diez (10) horas | E96: El servicio de alquiler de la Tarima Estructural se debe disponer mínimo cinco (5) horas antes del inicio del evento para realizar la ubicación y así garantizar el correcto desarrollo del evento, incluye transporte de carga y personal para la instalación y desmontaje en el lugar y horario establecido por la Alcaldía Local de Bosa. | F96: UN | G96: 1 | H96: 1 | I96: 886851 | J96: 894942.22 | K96: 886743.6 | P96: =IFERROR(IF(T96>(0.15),ROUND(MEDIAN(I96:O96),0),ROUND(AVERAGE(I96:O96),0)),"") -> 889512 | Q96: =IFERROR(P96*H96,"") -> 889512 | R96: Proceso SECOP II FDLB-ES-C-076-2025 | S96: =IFERROR(STDEV(I96:O96),"") -> 4702.7794 | T96: =IFERROR(S96/AVERAGE(I96:O96),"") -> 0.0052869191 | V96: =COUNTIF(I96:O96,">0") -> 3
B97: 92 | C97: Alquiler de teatro | D97: Alquiler de un teatro o auditorio escénico con una capacidad mínima para 300 personas sentadas, adecuado para la realización de eventos culturales, artísticos o institucionales. El espacio debe contar con condiciones técnicas, acústicas y logísticas que garanticen una experiencia segura y de calidad tanto para el público como para los participantes.El servicio de alquiler por ocho (8) horas | F97: UN | G97: 1 | H97: 1 | I97: 8859743 | J97: 8940574.2 | K97: 8858669 | P97: =IFERROR(IF(T97>(0.15),ROUND(MEDIAN(I97:O97),0),ROUND(AVERAGE(I97:O97),0)),"") -> 8886329 | Q97: =IFERROR(P97*H97,"") -> 8886329 | R97: Proceso SECOP II FDLB-ES-C-076-2025 | S97: =IFERROR(STDEV(I97:O97),"") -> 46981.02 | T97: =IFERROR(S97/AVERAGE(I97:O97),"") -> 0.0052868874 | V97: =COUNTIF(I97:O97,">0") -> 3
B98: 93 | C98: Alquiler de televisor LED tipo 1 | D98: Alquiler de Televisor led de cuarenta (40) pulgadas (") con base alta soportada desde el piso o con base a nivel del piso que permita la angulación de entre 30 y 45 grados (°) que incluya cables de señal, sistema de electricidad, accesorios, transporte de carga, personal técnico para su instalación, operación y desmontaje conforme a la programación establecida por la Alcaldía Local de Bosa.el servicio de alquiler por diez (10) horas | E98: El servicio de alquiler del televisor se debe disponer una (1) hora ante del inicio del evento para realizar pruebas y así garantizar el correcto funcionamiento, incluye transporte y personal para la instalación, operación y desmontaje en el lugar y horario establecido por la Alcaldía Local de Bosa. | F98: UN | G98: 1 | H98: 1 | I98: 635905 | J98: 641706.37 | K98: 635827.66 | P98: =IFERROR(IF(T98>(0.15),ROUND(MEDIAN(I98:O98),0),ROUND(AVERAGE(I98:O98),0)),"") -> 637813 | Q98: =IFERROR(P98*H98,"") -> 637813 | R98: Proceso SECOP II FDLB-ES-C-076-2025 | S98: =IFERROR(STDEV(I98:O98),"") -> 3371.9714 | T98: =IFERROR(S98/AVERAGE(I98:O98),"") -> 0.0052867711 | V98: =COUNTIF(I98:O98,">0") -> 3
B99: 94 | C99: Alquiler de televisor LED tipo 2 | D99: Alquiler de Televisor led de cincuenta (50) pulgadas (") con base alta soportada desde el piso o con base a nivel del piso que permita la angulación de entre 30 y 45 grados (°) que incluya cables de señal, sistema de electricidad, accesorios, transporte de carga, personal técnico para su instalación, operación y desmontaje conforme a la programación establecida por la Alcaldía Local de Bosa.el servicio de alquiler por diez (10) horas | E99: El servicio de alquiler del televisor se debe disponer una (1) hora ante del inicio del evento para realizar pruebas y así garantizar el correcto funcionamiento, incluye transporte y personal para la instalación, operación y desmontaje en el lugar y horario establecido por la Alcaldía Local de Bosa. | F99: UN | G99: 1 | H99: 1 | I99: 740708 | J99: 747466.29 | K99: 740618.7 | P99: =IFERROR(IF(T99>(0.15),ROUND(MEDIAN(I99:O99),0),ROUND(AVERAGE(I99:O99),0)),"") -> 742931 | Q99: =IFERROR(P99*H99,"") -> 742931 | R99: Proceso SECOP II FDLB-ES-C-076-2025 | S99: =IFERROR(STDEV(I99:O99),"") -> 3927.9316 | T99: =IFERROR(S99/AVERAGE(I99:O99),"") -> 0.0052870746 | V99: =COUNTIF(I99:O99,">0") -> 3
B100: 95 | C100: Alquiler de televisor LED tipo 3 | D100: Alquiler de Televisor led de sesenta y cinco (65) pulgadas (") con base alta soportada desde el piso o con base a nivel del piso que permita la angulación de entre 30 y 45 grados (°) que incluya cables de señal, sistema de electricidad, accesorios, transporte de carga, personal técnico para su instalación, operación y desmontaje conforme a la programación establecida por la Alcaldía Local de Bosa.el servicio de alquiler por diez (10) horas | E100: El servicio de alquiler del televisor se debe disponer una (1) hora ante del inicio del evento para realizar pruebas y así garantizar el correcto funcionamiento, incluye transporte y personal para la instalación, operación y desmontaje en el lugar y horario establecido por la Alcaldía Local de Bosa. | F100: UN | G100: 1 | H100: 1 | I100: 882815 | J100: 890869.57 | K100: 882708.25 | P100: =IFERROR(IF(T100>(0.15),ROUND(MEDIAN(I100:O100),0),ROUND(AVERAGE(I100:O100),0)),"") -> 885464 | Q100: =IFERROR(P100*H100,"") -> 885464 | R100: Proceso SECOP II FDLB-ES-C-076-2025 | S100: =IFERROR(STDEV(I100:O100),"") -> 4681.4258 | T100: =IFERROR(S100/AVERAGE(I100:O100),"") -> 0.0052869731 | V100: =COUNTIF(I100:O100,">0") -> 3
B101: 96 | C101: Alquiler de televisor LED tipo 4 | D101: Alquiler de Televisor led de setenta y cinco (75) pulgadas (") con base alta soportada desde el piso o con base a nivel del piso que permita la angulación de entre 30 y 45 grados (°) que incluya cables de señal, sistema de electricidad, accesorios, transporte de carga, personal técnico para su instalación, operación y desmontaje conforme a la programación establecida por la Alcaldía Local de Bosa.el servicio de alquiler por diez (10) horas | E101: El servicio de alquiler del televisor se debe disponer una (1) hora antes del inicio del evento para realizar pruebas y así garantizar el correcto funcionamiento, incluye transporte y personal para la instalación, operación y desmontaje en el lugar y horario establecido por la Alcaldía Local de Bosa. | F101: UN | G101: 1 | H101: 1 | I101: 969856 | J101: 978704.08 | K101: 969738.1 | P101: =IFERROR(IF(T101>(0.15),ROUND(MEDIAN(I101:O101),0),ROUND(AVERAGE(I101:O101),0)),"") -> 972766 | Q101: =IFERROR(P101*H101,"") -> 972766 | R101: Proceso SECOP II FDLB-ES-C-076-2025 | S101: =IFERROR(STDEV(I101:O101),"") -> 5142.8101 | T101: =IFERROR(S101/AVERAGE(I101:O101),"") -> 0.0052867902 | V101: =COUNTIF(I101:O101,">0") -> 3
B102: 97 | C102: Alquiler de videobeam | D102: VIDEO BEAM 8000 LUMENS. Tipo 3LCD Brillo.8.000 Contraste 10.000:1. Resolución XGA 1024x768, Duración de la lámpara [h.] 4.000. Warranty: Projector 3 years / Lamp 500 hours. Funciones: Edge Blending, warping, DICOM, HDBaseT Output, Display Port input, zoom y enfoque motorizado, lens shift horizontal y vertical, lente intercambiable. WIFI, bluetooth, entrada USB.el servicio de alquiler por diez (10) horas | E102: Ver anexo técnico | F102: UN | G102: 1 | H102: 1 | I102: 1397558 | J102: 1410308.5 | K102: 1397388.6 | P102: =IFERROR(IF(T102>(0.15),ROUND(MEDIAN(I102:O102),0),ROUND(AVERAGE(I102:O102),0)),"") -> 1401752 | Q102: =IFERROR(P102*H102,"") -> 1401752 | R102: Proceso SECOP II FDLB-ES-C-076-2025 | S102: =IFERROR(STDEV(I102:O102),"") -> 7410.9007 | T102: =IFERROR(S102/AVERAGE(I102:O102),"") -> 0.0052868855 | V102: =COUNTIF(I102:O102,">0") -> 3
B103: 98 | C103: Alquiler kit de iluminación para espectáculos tipo 1 | D103: Alquiler kit de iluminación para espectáculos compuesto por seis (6) par Led RGBW, cuatro (4) cabezas móviles hibridas, una (1) consola o controlador que cuente con la capacidad con controlar y dirigir toda la iluminación, una (1) maquina de humo, un (1) técnico operador de iluminación para instalación, operación y desmontaje del kit de iluminación por un lapso de diez (10) horas conforme a la programación establecida por la Alcaldía Local de Bosa.el servicio de alquiler por diez (10) horas | E103: El servicio de Alquiler Kit de iluminación se debe disponer cuatro (4) horas antes del inicio del evento para realizar pruebas y así garantizar el correcto funcionamiento, incluye transporte y personal para la instalación, operación y desmontaje en el lugar y horario establecido por la Alcaldía Local de Bosa. | F103: UN | G103: 1 | H103: 1 | I103: 1576771 | J103: 1591156.2 | K103: 1576579.5 | P103: =IFERROR(IF(T103>(0.15),ROUND(MEDIAN(I103:O103),0),ROUND(AVERAGE(I103:O103),0)),"") -> 1581502 | Q103: =IFERROR(P103*H103,"") -> 1581502 | R103: Proceso SECOP II FDLB-ES-C-076-2025 | S103: =IFERROR(STDEV(I103:O103),"") -> 8361.1174 | T103: =IFERROR(S103/AVERAGE(I103:O103),"") -> 0.0052868199 | V103: =COUNTIF(I103:O103,">0") -> 3
B104: 99 | C104: Alquiler kit de iluminación para espectáculos tipo 2 | D104: Alquiler kit de iluminación para espectáculos compuesto por doce (12) par Led RGBW, seis (6) cabezas móviles hibridas, una (1) consola o controlador que cuente con la capacidad con controlar y dirigir toda la iluminación, una (1) maquina de humo, un (1) técnico operador de iluminación para instalación, operación y desmontaje del kit de iluminación por un lapso de diez (10) horas conforme a la programación establecida por la Alcaldía Local de Bosa.el servicio de alquiler por diez (10) horas | E104: El servicio de Alquiler Kit de iluminación se debe disponer cuatro (4) horas antes del inicio del evento para realizar pruebas y así garantizar el correcto funcionamiento, incluye transporte y personal para la instalación, operación y desmontaje en el lugar y horario establecido por la Alcaldía Local de Bosa. | F104: UN | G104: 1 | H104: 1 | I104: 2287304 | J104: 2308172.6 | K104: 2287027.3 | P104: =IFERROR(IF(T104>(0.15),ROUND(MEDIAN(I104:O104),0),ROUND(AVERAGE(I104:O104),0)),"") -> 2294168 | Q104: =IFERROR(P104*H104,"") -> 2294168 | R104: Proceso SECOP II FDLB-ES-C-076-2025 | S104: =IFERROR(STDEV(I104:O104),"") -> 12129.154 | T104: =IFERROR(S104/AVERAGE(I104:O104),"") -> 0.0052869513 | V104: =COUNTIF(I104:O104,">0") -> 3
B105: 100 | C105: Alquiler kit de iluminación para espectáculos tipo 3 | D105: Alquiler kit de iluminación para espectáculos compuesto por veinticuatro (24) par Led RGBW, doce (12) cabezas móviles hibridas, cuatro (4) blinder Led bicolor de cuatro (4) bombillas, dos (2) mega estrober Led, una (1) consola o controlador que cuente con la capacidad con controlar y dirigir toda la iluminación, una (1) maquina de humo, un (1) técnico operador y un (1) auxiliar de iluminación para instalación, operación y desmontaje del kit de iluminación por un lapso de diez (10) horas conforme a la programación establecida por la Alcaldía Local de Bosa.el servicio de alquiler por diez (10) horas | E105: El servicio de Alquiler Kit de iluminación se debe disponer cuatro (4) horas antes del inicio del evento para realizar pruebas y así garantizar el correcto funcionamiento, incluye transporte y personal para la instalación, operación y desmontaje en el lugar y horario establecido por la Alcaldía Local de Bosa. | F105: UN | G105: 1 | H105: 1 | I105: 3727363 | J105: 3761369.4 | K105: 3726911.3 | P105: =IFERROR(IF(T105>(0.15),ROUND(MEDIAN(I105:O105),0),ROUND(AVERAGE(I105:O105),0)),"") -> 3738548 | Q105: =IFERROR(P105*H105,"") -> 3738548 | R105: Proceso SECOP II FDLB-ES-C-076-2025 | S105: =IFERROR(STDEV(I105:O105),"") -> 19765.308 | T105: =IFERROR(S105/AVERAGE(I105:O105),"") -> 0.0052868943 | V105: =COUNTIF(I105:O105,">0") -> 3
